Workbook

Sheet NOTES
A1: NOTES TO THE TENDERER FOR COMPLETION OF THIS ELECTRONIC DOCUMENT
A3: Item | B3: Note
A4: 1 | B4: The worksheets correlate with the trades in the Price List (Bills of Quantities)
A5: 2 | B5: Cells A1 to G(last row of bill) of each worksheet are locked, except for the yellow cells and outside the designated area.
A6: 3 | B6: Rates must be inserted in the yellow cells
A7: 4 | B7: This document must be read in conjunction with the Price List as the Price List contains photos, which could not be loaded into this document under the relevant items.
A8: 5 | B8: Number of items to be priced: | C8: =+E494-E10-D149 -> 9778
B9: Bill / Trade | C9: Summary of work | D9: Quantity
B10: Preliminaries - DO NOT PRICE | D10: 26 | E10: =+D10 -> 26
B11: Demolitions and Alterations | E11: =SUM(D12:D101) -> 1228
C12: Temporary barriers, fencing and screens | D12: 11
C13: Remove existing asbestos and asbestos containing material | D13: 20
C14: Remove existing concrete work | D14: 8
C15: Remove existing brick walls | D15: 9
C16: Remove existing expansion / contruction joints | D16: 2
C17: Remove existing roofs, fascias, barge boards, eaves soffit closures, etc. | D17: 48
C18: Remove existing rain water goods | D18: 8
C19: Remove existing partitions | D19: 7
C20: Remove existing windows and related work, i.e. cills, ironmongery, burglar proofing, blinds, pelmets, etc, | D20: 30
C21: Remove existing doors and related work, i.e. ironmongery, cladding, frames, etc. | D21: 56
C22: Remove existing glazing to windows, doors, fanlights, etc. | D22: 20
C23: Remove existing roller shutter doors | D23: 6
... C101: Decanting | D101: 1
B102: Earthworks | E102: =SUM(D103:D105) -> 29
C103: Excavations | D103: 18
C104: Filling | D104: 9
C105: Weed killers, insecticides, etc. | D105: 2
B106: Concrete, formwork and reinforcement | E106: =SUM(D107:D109) -> 221
C107: Concrete and related works | D107: 95
C108: Formwork and related works | D108: 114
C109: Reinforcement and related works | D109: 12
B110: Precast concrete | E110: =+D111 -> 1
C111: Window cills | D111: 1
B112: Masonry | E112: =SUM(D113:D115) -> 105
C113: Brickwork and brickwork sundries | D113: 68
C114: Face brickwork and sundries | D114: 29
C115: Stonework (granite tops, etc.) | D115: 8
B116: Waterproofing | E116: =SUM(D117:D132) -> 269
C117: Damp-proofing and waterproofing of walls, floors and roofs: Membranes and sheeting | D117: 2
C118: Damp-proofing and waterproofing of walls, floors and roofs: Priming coats | D118: 23
C119: Damp-proofing and waterproofing of walls, floors and roofs: Silane/siloxane, acrylic, rubber and bitumen liquid waterproofing | D119: 29
C120: Damp-proofing and waterproofing of walls, floors and roofs: Polyester, glass fibre membrane/matts embedded in liquid waterproofing | D120: 56
C121: Damp-proofing and waterproofing of walls, floors and roofs: Cementitious waterproofing | D121: 6
C122: Damp-proofing and waterproofing of walls, floors and roofs: Glass fibre membranes / matts embedded cementitious slurry | D122: 10
C123: Damp-proofing and waterproofing of walls, floors and roofs: Self-adhesive waterproofing | D123: 36
C124: Torched-on bitumen waterproofing | D124: 44
C125: Sealing tapes, strips, etc. | D125: 4
C126: Protective stone dressing | D126: 1
C127: Protective membranes | D127: 1
C128: Protective coatings | D128: 6
... C132: Joint sealants: Torch-on sealants | D132: 1
B133: Roof coverings, claddings, etc. | E133: =SUM(D134:D147) -> 1234
C134: Slate, tiles and shingles | D134: 15
C135: Clay roof tiles | D135: 3
C136: Fibre cement roof slates | D136: 4
C137: Stone roof slates | D137: 4
C138: Profiled metal sheeting and accessories: Corrugated roof sheeting (Pierce fixed) | D138: 186
C139: Profiled metal sheeting and accessories: Troughed (IBR) roof sheeting (Pierce fixed) | D139: 192
C140: Profiled metal sheeting and accessories: Ribbed (klip-lok type profile) roof sheeting (Concealed fixed) | D140: 420
C141: Profiled metal sheeting and accessories: Ribbed (brown-built type profile) roof sheeting (Concealed fixed) | D141: 210
C142: Profiled metal sheeting and accessories | D142: 28
C143: Profiled polycarbonate sheeting and accessories | D143: 72
C144: Sheet metal flashings, linings, copings, etc. | D144: 20
C145: Underlays, membranes, insulation, etc. | D145: 34
... C147: Static roof ventilators | D147: 33
B148: Carpentry and joinery | E148: =SUM(D149:D159) -> 480
C149: Roofs, floors, pergolas, etc.: Timber roof construction - DO NOT PRICE | D149: 9
C150: Roofs, floors, pergolas, etc.: Non-structural timbers | D150: 10
C151: Roofs, floors, pergolas, etc.: Structural timbers | D151: 46
C152: Roofs, floors, pergolas, etc.: Fasteners | D152: 9
C153: Eaves and verges soffit closures | D153: 50
C154: Fascias and barge boards | D154: 16
C155: Floor boarding | D155: 8
C156: Doors (other than fire doors) | D156: 26
C157: Door frames | D157: 18
C158: Skirtings, beads, architraves, etc. | D158: 71
C159: Fire doors and frames | D159: 217
B160: Joinery fittings | E160: =SUM(D161:D163) -> 51
C161: General boards | D161: 14
C162: Post-formed tops | D162: 6
C163: Built-in cupboards | D163: 31
B164: Ceilings, partitions and access flooring | E164: =SUM(D165:D179) -> 479
C165: Timber brandering, joists, etc. | D165: 25
C166: Nailed-up ceilnigs to existing brandering: Non-skimmed | D166: 60
C167: Nailed-up ceilnigs to existing brandering: Skimmed | D167: 60
C168: Nailed-up ceilings, including brandering: Non-skimmed | D168: 57
C169: Nailed-up ceilings, including brandering: Skimmed | D169: 57
C170: Nailed-up ceilings: Trap doors | D170: 9
C171: Nailed-up ceilnigs: Gypsum plaster finishes | D171: 6
C172: Suspended ceilings in existing suspension system | D172: 18
C173: Suspended ceilings, including new suspension system | D173: 24
C174: Nailed-up and suspended ceilings: Cornices, wall angles, etc. | D174: 54
C175: Nailed-up and suspended ceilings: Insulation | D175: 14
C176: Demountable partitions: Timber framed partitioning | D176: 23
... C179: Demountable partitions: Aluminium framed glazed partitioning | D179: 22
B180: Floor coverings, wall linings, etc. | E180: =SUM(D181:D188) -> 161
C181: Floor coverings: Carpet tiles | D181: 3
C182: Floor coverings: Vinyl tiles | D182: 9
C183: Floor coverings: Vinyl sheeting - standard | D183: 50
C184: Floor coverings: Vinyl sheeting - safety | D184: 20
...

Sheet Preliminaries
A1: PAGE NO | B1: ITEM NO | C1: DESCRIPTION | D1: UNIT | E1: QUANTITY | F1: RATE | G1: AMOUNT
C2: SECTION NO. 1
C3: BILL NO. 1
C4: PRELIMINARIES
C5: RELEVANCE IN THIS TENDER
C6: 1. Preliminaries are project specific and will therefore be itemised, quantified and priced per project in the work package quotation. 2. Preliminaries in this bill are for reference purposes only and NOT for pricing. 3. The items in this section may vary in work package quotation, depending on the scope of the project.
C7: STRUCTURE OF THE SECTION
C8: Section A : Establishment cost Section B : De-establishment cost Section C : Ongoing operational costs
C9: PRICING IN work package quotation
C10: Typical clauses that may be included in the work package quotation:The rates and/or prices for items in this Section shall be deemed to include everything to cover all the contractor's costs, including overheads and profit for all risks, liabilities and obligations in terms of this contract.2. Any item not priced in this bill shall be deemed to be priced at a rate of R0-00 (nil rand). In the event of an item priced at R0-00 (nil rand) the contractor remains liable for the execution of such an item. 3. Amounts for all items priced under the following sections are fixed for the contract, and are not subject to adjustment in compensation event assessments.Section A : Establishment costSection B : De-establishment cost4. Any item of which the unit is "N/A" refers to not applicable, meaning that the item is not applicable to this project and therefore not to be priced.
C11: _______________________________________
C12: SECTION A : ESTABLISHMENT COST
C13: (Claimable for payment upon completion of all related activities associated with each item)
A14: 5 | B14: 1 | C14: Compliance with all clauses of the Contract | D14: Item | F14: Do not price
A15: 5 | B15: 2 | C15: Compliance with the law, regulations and by laws | D15: Item | F15: Do not price
A16: 5 | B16: 3 | C16: Compliance with the Occupational Health and Safety Act, Construction Regulations and Health and Safety Specification | D16: Item | F16: Do not price
A17: 5 | B17: 4 | C17: Compliance with the stipulations of the Environmental Specification | D17: N/A
A18: 5 | B18: 5 | C18: Insurance and liabilities Refer to "Contract Data" for details | D18: Item | F18: Do not price
A19: 5 | B19: 6 | C19: Performance bond | D19: N/A
A20: 5 | B20: 7 | C20: Office accommodation and stores | D20: Item | F20: Do not price
A21: 5 | B21: 8 | C21: Contract name board | D21: Item | F21: Do not price
A22: 6 | B22: 9 | C22: Workshops | D22: N/A
A23: 6 | B23: 10 | C23: Laboratories | D23: N/A
A24: 6 | B24: 11 | C24: Ablution facilities | D24: Item | F24: Do not price
A25: 6 | B25: 12 | C25: Tools and equipment | D25: Item | F25: Do not price
A26: 6 | B26: 13 | C26: Water supply | D26: Item | F26: Do not price
A27: 6 | B27: 14 | C27: Electricity supply | D27: Item | F27: Do not price
A28: 6 | B28: 15 | C28: Communication (Cell phone, telephone, fax, e-mail, data, postage, etc.) | D28: Item | F28: Do not price
C29: SECTION B : DE-ESTABLISHMENT COST
A30: 6 | B30: 16 | C30: Costs for complete removal of site establishment and restoration of the site to the Project Manager's satisfaction at the completion of the contract. | D30: Item | F30: Do not price
C31: SECTION C : ONGOING OPERATIONAL AND OVERHEAD COST
C32: Claimable for payment as a time-related cost during execution of the contract
C33: The term "days" refer to calender days, weeks to a week comprising of seven (7) days and "months" to calendar months
A34: 6 | B34: 17 | C34: Workshops | D34: N/A
A35: 6 | B35: 18 | C35: Laboratories | D35: N/A
A36: 6 | B36: 19 | C36: Management of the project (inclusive of project manager, construction manager, site agent, all employees required for management of the project) | D36: Month | F36: Do not price
A37: 6 | B37: 20 | C37: Ablution facilities | D37: Month | F37: Do not price
A38: 6 | B38: 21 | C38: Tools and equipment | D38: Month | F38: Do not price
A39: 6 | B39: 22 | C39: Provide, erect, maintain, move/reposition/relocate, dismantle and take away scaffolding | D39: Month | F39: Do not price
A40: 6 | B40: 23 | C40: Water supply | D40: Month | F40: Do not price
A41: 6 | B41: 24 | C41: Electrical supply | D41: Month | F41: Do not price
A42: 6 | B42: 25 | C42: Communication (Cell phone, telephone, fax, e-mail, data, postage, etc.) | D42: Month | F42: Do not price
A43: 7 | B43: 26 | C43: Other operating costs. This item will only considered for payment if a detailed breakdown is submitted with the tender. Specify : 1. ______________________ R____________ 2. ______________________ R____________ 3. ______________________ R____________ 4. ______________________ R____________ 5. ______________________ R____________ 6. ______________________ R____________ 7. ______________________ R____________ | D43: Month | F43: Do not price
C44: TOTAL CARRIED TO FINAL SUMMARY | G44: =SUM(G14:G43) -> 0

Sheet Demolitions and alterations
A1: PAGE NO | B1: ITEM NO | C1: DESCRIPTION | D1: UNIT | E1: QUANTITY | F1: RATE | G1: AMOUNT | H1: AMOUNT CARRIED TO COLLECTION
C2: SECTION NO. 2 | H2: =SUM(G7:G13) -> 0
C3: BILL NO. 1
C4: DEMOLITIONS AND ALTERATIONS
C5: TEMPORARY FENCING, BARRIERS, SCREENS, ETC.
C6: DESIGN, SUPPLY, INSTALL, MAINTAIN AND REMOVE ON COMPLETION OF WORK TEMPORARY FENCING, BARRIERS, SCREENS, COVERS, ETC.
A7: 9 | B7: 1 | C7: Temporary covering of the area where the existing roof covering has been removed to protect the building and the facility's equipment, furniture, etc. against the weather (sun, rain, etc.), dust intrusion, trees, shrubs, leaves, branches, birds, bats, etc.; the financial implication of any damage to the building and the facility's equipment, furniture, etc. due to no or improper temporary covering shall be claimed from the contractor | D7: m2 | E7: 12 | G7: =+E7*F7 -> 0
A8: 9 | B8: 2 | C8: Temporary covering of existing floor covering (carpets, porcelain tiles, ceramic tiles, vinyl tiles, vinyl sheeting, polyurethane floor coating, epoxy floor coating, etc.) as protection against contractor's tools and equipment used in the execution of works; the financial implication of any damage to the building and the facility's equipment, furniture, etc. due to no or improper temporary covering shall be claimed from the contractor | D8: m2 | E8: 12 | G8: =+E8*F8 -> 0
A9: 9 | B9: 3 | C9: Temporary fence, 1.80 metre high, comprising of and including galvanised 2mm thick x 50mm diamond mesh, suitable steel or timber posts, straining wires, straining eye bolts, footings, etc. | D9: m | E9: 10 | G9: =+E9*F9 -> 0
A10: 9 | B10: 4 | C10: Extra over temporary fencing for SINGLE gate, 1 metre wide x 1.8 metre high, including posts, footings, locking mechanism, lock, etc. | D10: No | E10: 1 | G10: =+E10*F10 -> 0
A11: 9 | B11: 5 | C11: Extra over temporary fencing for DOUBLE gate, 3.60 metre wide x 1.8 metre high, including posts, footings, locking mechanism, lock, etc. | D11: No | E11: 1 | G11: =+E11*F11 -> 0
A12: 9 | B12: 6 | C12: Temporary barrier, 2.10 metre high, comprising of and including galvanised corrugated sheet iron (minimum 0.27mm thick), secured to and including suitable steel or timber framing, posts, concrete footings, etc. | D12: m | E12: 10 | G12: =+E12*F12 -> 0
A13: 9 | B13: 7 | C13: Extra over temporary barrier for SINGLE gate, 1 metre wide x 2.1 metre high, including posts, footings, locking mechanism, lock, etc. | D13: No | E13: 1 | G13: =+E13*F13 -> 0
A14: 10 | B14: 8 | C14: Extra over temporary barrier for DOUBLE gate, 3.50 metre wide x 2.1 metre high, including posts, footings, locking mechanism, lock, etc. | D14: No | E14: 1 | G14: =+E14*F14 -> 0 | H14: =SUM(G14:G17) -> 0
A15: 10 | B15: 9 | C15: Temporary dust screen, approximately 3 metre high, comprising of and including minimum 16mm thick timber board, secured to and including suitable timber or steel framing, posts, etc.; entire timber board covered with and including plastic sheeting; seal all joints between timber boards, plastic sheeting, etc. in dust screen and existing adjacent surfaces solid with and including appropriate material (i.e. duct tape) to prevent any dust intrusion | D15: m | E15: 3 | G15: =+E15*F15 -> 0
A16: 10 | B16: 10 | C16: Extra over temporary dust screen for SINGLE timber hollow core door 813mm wide x 2032mm high, complete with and including timber frame, 2-lever lock set and hinges | D16: No | E16: 1 | G16: =+E16*F16 -> 0
A17: 10 | B17: 11 | C17: Extra over temporary dust screen for DOUBLE timber hollow core door, 1511mm wide x 2032mm high, with rebated meeting styles; door complete with and including timber frame, hinges, 2-lever lock set and two barrel bolts; rebated meeting style to each door leaf formed of and including one continuous 10mm x 20mm timber bead secured along full length of door edge | D17: No | E17: 1 | G17: =+E17*F17 -> 0
C18: REMOVE EXISTING ASBESTOS AND ASBESTOS CONTAINING MATERIAL | H18: =SUM(G23:G31) -> 0
C19: ASBESTOS REGULATIONS
C20: All work is categorised as "type 3 asbestos work"; meaning the removal, repair or encapsulation of any asbestos and asbestos-containing material and requiring registration as a type 3 registered asbestos contractor with the chief inspector.
C21: It shall be deemed that the Contractor allows in his pricing and rates for adhering to the Asbestos Abatement Regulations, 2020, and Health and Safety Plan for all items listed under "Remove existing asbestos and asbestos-contained material". - - - - - - - - - - - - - -
C22: REMOVE EXISTING ASBESTOS AND ASBESTOS CONTAINING MATERIAL: ASBESTOS INSPECTION REPORT AND CLEARANCE CERTIFICATE
A23: 11 | B23: 12 | C23: Allow for the following by a registered asbestos removal company: - Report for submission to the Employer prior removal of asbestos, on at least the following: - Inspection and assessment of asbestos containing material on site - Plan/Method/Procedure of removal, loading, transport and off-loading of asbestos containing material - Monitoring plan of execution of plan/method/procedure - Obtain for submission to the Employer an Asbestos Clearance Certificate stating that: - the asbestos containing materials were inspected, assessed, removed, loaded, transported and off-loaded in accordance with relevant regulations and that the site was cleaned and - the site was cleaned and is free of any asbestos containing material | D23: Item | E23: 1 | G23: =+E23*F23 -> 0
C24: REMOVE EXISTING ASBESTOS AND ASBESTOS CONTAINING MATERIAL: ROOFS, FASCIAS, BARGE BOARDS, RAIN WATER GOODS, ETC.
A25: 11 | B25: 13 | C25: Profiled or flat roof sheeting or roof tiles from existing timber purlins (purlins elsewhere removed) | D25: m2 | E25: 50 | G25: =+E25*F25 -> 0
A26: 11 | B26: 14 | C26: Profiled or flat roof sheeting or roof tiles including timber purlins | D26: m2 | E26: 50 | G26: =+E26*F26 -> 0
A27: 11 | B27: 15 | C27: Eaves and verge soffit covering from existing timber brandering, framework, etc. (brandering, framework, etc. elsewhere removed) | D27: m2 | E27: 5 | G27: =+E27*F27 -> 0
A28: 11 | B28: 16 | C28: Eaves and verge soffit covering, complete with and including timber framework, cover strips, chicken wire mesh, etc. | D28: m2 | E28: 5 | G28: =+E28*F28 -> 0
A29: 11 | B29: 17 | C29: Fascias and barge boards from existing timber or steel purlins, truss ends, etc. | D29: m | E29: 10 | G29: =+E29*F29 -> 0
A30: 11 | B30: 18 | C30: Timber purlins or eaves purlins | D30: m | E30: 10 | G30: =+E30*F30 -> 0
A31: 11 | B31: 19 | C31: Eaves gutters fixed to timber or asbestos fascias, complete with and including angles, outlets, stop ends and brackets | D31: m | E31: 10 | G31: =+E31*F31 -> 0
A32: 12 | B32: 20 | C32: Down pipes, complete with and including eaves offsets, shoes, spreaders and brackets | D32: m | E32: 4 | G32: =+E32*F32 -> 0 | H32: =SUM(G32:G46) -> 0
C33: REMOVE EXISTING ASBESTOS AND ASBESTOS CONTAINING MATERIAL: PARTITIONING
A34: 12 | B34: 21 | C34: Partitioning, approximately 3 metre high complete with and including timber or steel framework, insulation, waterproofing material, etc. | D34: m | E34: 5 | G34: =+E34*F34 -> 0
A35: 12 | B35: 22 | C35: Timber single door and frame not exceeding 2.5 square metre, including side and/or top lights | D35: No | E35: 1 | G35: =+E35*F35 -> 0
A36: 12 | B36: 23 | C36: Timber single door and frame exceeding 2.5 square metre and not exceeding 5 square metre, including side and or top lights | D36: No | E36: 1 | G36: =+E36*F36 -> 0
A37: 12 | B37: 24 | C37: Timber double door and frame exceeding 2.5 square metre and not exceeding 5 square metre, including side and or top lights | D37: No | E37: 1 | G37: =+E37*F37 -> 0
A38: 12 | B38: 25 | C38: Timber double door and frame exceeding 5 square metre and not exceeding 7.5 square metre, including side and/or top lights | D38: No | E38: 1 | G38: =+E38*F38 -> 0
C39: REMOVE EXISTING ASBESTOS AND ASBESTOS CONTAINING MATERIAL: FLOOR FINISHES
A40: 12 | B40: 26 | C40: Vinyl tiles (containing asbestos cement) (skirtings elsewhere removed) | D40: m2 | E40: 16 | G40: =+E40*F40 -> 0
A41: 12 | B41: 27 | C41: Vinyl tiles (containing asbestos cement), including timber and/or vinyl skirtings | D41: m2 | E41: 16 | G41: =+E41*F41 -> 0
C42: REMOVE EXISTING ASBESTOS AND ASBESTOS CONTAINING MATERIAL: WALL FINISHES
A43: 12 | B43: 28 | C43: Wall cladding, complete with and including timber or steel brandering, framework and insulation material | D43: m2 | E43: 10 | G43: =+E43*F43 -> 0
C44: REMOVE EXISTING ASBESTOS AND ASBESTOS CONTAINING MATERIAL: CEILINGS
A45: 12 | B45: 29 | C45: Nailed-up ceilings, complete with and including cornices, cover strips, etc. from existing timber brandering (brandering elsewhere removed) | D45: m2 | E45: 16 | G45: =+E45*F45 -> 0
A46: 12 | B46: 30 | C46: Nailed-up ceilings, complete with and including timber brandering, cornices, cover strips, etc. | D46: m2 | E46: 16 | G46: =+E46*F46 -> 0
C47: REMOVE EXISTING ASBESTOS AND ASBESTOS CONTAINING MATERIAL: SUNDRIES | H47: =SUM(G48:G68) -> 0
A48: 13 | B48: 31 | C48: Cills, jamb linings, soffit linings, etc. not exceeding 300mm wide | D48: m | E48: 10 | G48: =+E48*F48 -> 0
C49: END OF ASBESTOS AND ASBESTOS CONTAINING MATERIAL - - - - - - - - - - - - - - - - - -
C50: REMOVE EXISTING WORK
C51: REMOVE EXISTING WORK: CONCRETE WORK
C52: Break down and remove unreinforced concrete
A53: 13 | B53: 32 | C53: Surface beds, steps, ramps, etc. | D53: m3 | E53: 1 | G53: =+E53*F53 -> 0
C54: Break up and remove reinforced concrete, including cut off and remove steel reinforcement bars and/or steel mesh reinforcement
A55: 13 | B55: 33 | C55: Surface beds | D55: m3 | E55: 1 | G55: =+E55*F55 -> 0
A56: 13 | B56: 34 | C56: Steps | D56: m3 | E56: 1 | G56: =+E56*F56 -> 0
A57: 13 | B57: 35 | C57: Ramps | D57: m3 | E57: 1 | G57: =+E57*F57 -> 0
A58: 13 | B58: 36 | C58: Slabs | D58: m3 | E58: 1 | G58: =+E58*F58 -> 0
A59: 13 | B59: 37 | C59: Beams | D59: m3 | E59: 1 | G59: =+E59*F59 -> 0
A60: 13 | B60: 38 | C60: Columns | D60: m3 | E60: 1 | G60: =+E60*F60 -> 0
A61: 13 | B61: 39 | C61: Stairs and landings | D61: m3 | E61: 1 | G61: =+E61*F61 -> 0
C62: REMOVE EXISTING WORK: WALLS
C63: Break down and remove brickwork
A64: 13 | B64: 40 | C64: Mass brickwork | D64: m3 | E64: 1 | G64: =+E64*F64 -> 0
A65: 13 | B65: 41 | C65: 75mm brick-on-edge walls | D65: m2 | E65: 1 | G65: =+E65*F65 -> 0
A66: 13 | B66: 42 | C66: Half brick walls | D66: m2 | E66: 9 | G66: =+E66*F66 -> 0
A67: 13 | B67: 43 | C67: One brick walls | D67: m2 | E67: 9 | G67: =+E67*F67 -> 0
A68: 13 | B68: 44 | C68: One and a half brick walls | D68: m2 | E68: 9 | G68: =+E68*F68 -> 0
A69: 14 | B69: 45 | C69: 280mm Hollow walls of two half brick skins | D69: m2 | E69: 9 | G69: =+E69*F69 -> 0 | H69: =SUM(G69:G85) -> 0
A70: 14 | B70: 46 | C70: 110mm Kerb not exceeding 170mm high | D70: m | E70: 1 | G70: =+E70*F70 -> 0
A71: 14 | B71: 47 | C71: 110mm Wide brick-on-end (soldier) course to top of half brick wall | D71: m | E71: 2 | G71: =+E71*F71 -> 0
A72: 14 | B72: 48 | C72: 220mm Wide brick-on-edge (roller) course to top of one brick wall | D72: m | E72: 2 | G72: =+E72*F72 -> 0
C73: REMOVE EXISTING WORK: EXPANSION/CONSTRUCTION JOINTS
C74: Timber, PVC, rubber, metal, etc. expansion/construction joint profiles and/or covers from fibre cement, gypsum board, timber, concrete, brick, plaster, tiled or other cementitious surfaces, including removal of all dirt, adhesives, bolts, plugs, etc. on exposed surfaces
A75: 14 | B75: 49 | C75: Retro-fit, surface mounted expansion/construction joint cover | D75: m | E75: 5 | G75: =+E75*F75 -> 0
A76: 14 | B76: 50 | C76: Cast-in/built-in expansion/construction joint profile | D76: m | E76: 5 | G76: =+E76*F76 -> 0
C77: REMOVE EXISTING WORK: ROOFS, FASCIAS, BARGE BOARDS, EAVES SOFFIT CLOSURES, ETC.
C78: Roof timbers
A79: 14 | B79: 51 | C79: Purlins, battens, eaves purlins, eaves soffit battens, rails, etc. | D79: m | E79: 20 | G79: =+E79*F79 -> 0
A80: 14 | B80: 52 | C80: Rafters, beams, etc. other than laminated beams | D80: m | E80: 10 | G80: =+E80*F80 -> 0
A81: 14 | B81: 53 | C81: Laminated beams | D81: m | E81: 6 | G81: =+E81*F81 -> 0
A82: 14 | B82: 54 | C82: Exposed ends of purlins, battens, etc. not exceeding 1 metre long | D82: No | E82: 10 | G82: =+E82*F82 -> 0
A83: 14 | B83: 55 | C83: Exposed ends of rafters, beam, etc. not exceeding 1 metre long | D83: No | E83: 10 | G83: =+E83*F83 -> 0
C84: METAL/FIBRE CEMENT/POLYCARBONATE roof coverings and/or accessories and/or underlays, membranes, insulation, etc. from TIMBER OR STEEL battens/purlins/rails, trusses, rafters, etc. as directed by Employer (purlins elsewhere removed if required)
A85: 14 | B85: 56 | C85: Pierce-fixed corrugated or troughed-and-fluted (IBR, NU-rib, BR7, etc.) roof covering, including flashings, hip coverings, ridge coverings, valley linings, etc. | D85: m2 | E85: 50 | G85: =+E85*F85 -> 0
A86: 15 | B86: 57 | C86: Concealed-fixed ribbed (Brownbuilt, Klip-Lok, Zip-tek, Klip-tite, etc.) roof covering, including flashings, hip coverings, ridge coverings, valley linings, etc. | D86: m2 | E86: 50 | G86: =+E86*F86 -> 0 | H86: =SUM(G86:G98) -> 0
A87: 15 | B87: 58 | C87: Pierce-fixed corrugated or troughed-and-fluted (IBR, NU-rib, BR7, Canalit, Canadian, Bigsix, Widespan, Grecca, etc.) roof covering in patches | D87: m2 | E87: 50 | G87: =+E87*F87 -> 0
A88: 15 | B88: 59 | C88: Concealed-fixed ribbed (Brownbuilt, Klip-Lok, Zip-tek, Klip-tite, etc.) roof covering in patches | D88: m2 | E88: 50 | G88: =+E88*F88 -> 0
A89: 15 | B89: 60 | C89: Ridge and/or hip cappings to pierce-fixed corrugated or troughed-and-fluted (IBR, NU-rib, BR7, etc.) roof covering | D89: m | E89: 20 | G89: =+E89*F89 -> 0
A90: 15 | B90: 61 | C90: Ridge and/or hip cappings to concealed-fixed ribbed (Brownbuilt, Klip-Lok, Zip-tek, Klip-tite, etc.) roof covering | D90: m | E90: 20 | G90: =+E90*F90 -> 0
A91: 15 | B91: 62 | C91: Head wall, side wall and/or counter flashings to pierce-fixed corrugated or troughed-and-fluted (IBR, NU-rib, BR7, etc.) roof covering | D91: m | E91: 10 | G91: =+E91*F91 -> 0
A92: 15 | B92: 63 | C92: Head wall, side wall and/or counter flashings to concealed-fixed ribbed (Brownbuilt, Klip-Lok, Zip-tek, Klip-tite, etc.) roof covering | D92: m | E92: 10 | G92: =+E92*F92 -> 0
A93: 15 | B93: 64 | C93: Barge and/or apex flashings to pierce-fixed corrugated or troughed-and-fluted (IBR, NU-rib, BR7, etc.) roof covering | D93: m | E93: 10 | G93: =+E93*F93 -> 0
A94: 15 | B94: 65 | C94: Barge and/or apex flashings to concealed-fixed ribbed (Brownbuilt, Klip-Lok, Zip-tek, Klip-tite, etc.) roof covering | D94: m | E94: 10 | G94: =+E94*F94 -> 0
A95: 15 | B95: 66 | C95: Valley lining/gutter to pierce-fixed corrugated and troughed-and-fluted (IBR, NU-rib, BR7, etc.) roof covering | D95: m | E95: 10 | G95: =+E95*F95 -> 0
A96: 15 | B96: 67 | C96: Valley lining/gutter to concealed-fixed ribbed (Brownbuilt, Klip-Lok, Zip-tek, Klip-tite, etc.) roof covering | D96: m | E96: 10 | G96: =+E96*F96 -> 0
A97: 15 | B97: 68 | C97: Ridge and/or hip cappings to pierce-fixed corrugated or troughed-and-fluted (IBR, NU-rib, BR7, etc.) roof covering, in patches not exceeding 1 metre in single length | D97: m | E97: 1 | G97: =+E97*F97 -> 0
A98: 15 | B98: 69 | C98: Ridge and/or hip cappings to concealed-fixed ribbed (Brownbuilt, Klip-Lok, Zip-tek, Klip-tite, etc.) roof covering, in patches not exceeding 1 metre in single length | D98: m | E98: 1 | G98: =+E98*F98 -> 0
A99: 16 | B99: 70 | C99: Head wall, side wall and/or counter flashings to pierce-fixed corrugated or troughed-and-fluted (IBR, NU-rib, BR7, etc.) roof covering, in patches not exceeding 1 metre in single length | D99: m | E99: 1 | G99: =+E99*F99 -> 0 | H99: =SUM(G99:G112) -> 0
A100: 16 | B100: 71 | C100: Head wall, side wall and/or counter flashings to concealed-fixed ribbed (Brownbuilt, Klip-Lok, Zip-tek, Klip-tite, etc.) roof covering, in patches not exceeding 1 metre in single length | D100: m | E100: 1 | G100: =+E100*F100 -> 0
...

Sheet Earthworks
A1: PAGE NO | B1: ITEM NO | C1: DESCRIPTION | D1: UNIT | E1: QUANTITY | F1: RATE | G1: AMOUNT | H1: AMOUNT CARRIED TO COLLECTION
C2: SECTION NO. 2 | H2: =SUM(G2:G22) -> 0
C3: BILL NO. 2
C4: EARTHWORKS
C5: EXCAVATION, FILLING, ETC.
C6: EXCAVATIONS
C7: Open face excavation in earth over sloping site
A8: 120 | B8: 1 | C8: Open face excavation | D8: m3 | E8: 50 | G8: =+E8*F8 -> 0
C9: Excavation in earth not exceeding 2m deep
A10: 120 | B10: 2 | C10: Trenches | D10: m3 | E10: 15 | G10: =+E10*F10 -> 0
A11: 120 | B11: 3 | C11: Holes | D11: m3 | E11: 5 | G11: =+E11*F11 -> 0
A12: 120 | B12: 4 | C12: Reduced levels under floors, slabs, etc. | D12: m3 | E12: 5 | G12: =+E12*F12 -> 0
A13: 120 | B13: 5 | C13: Trenches under existing concrete strip footings, bases, beams, etc. for underpinning | D13: m3 | E13: 5 | G13: =+E13*F13 -> 0
C14: Extra over trench and hole excavations in earth for excavation in
A15: 120 | B15: 6 | C15: Soft rock | D15: m3 | E15: 1 | G15: =+E15*F15 -> 0
A16: 120 | B16: 7 | C16: Hard rock | D16: m3 | E16: 1 | G16: =+E16*F16 -> 0
C17: Extra over trench and hole excavations in earth for breaking up and removing
A18: 120 | B18: 8 | C18: Brickwork | D18: m3 | E18: 1 | G18: =+E18*F18 -> 0
A19: 120 | B19: 9 | C19: Unreinforced concrete | D19: m3 | E19: 1 | G19: =+E19*F19 -> 0
A20: 120 | B20: 10 | C20: Reinforced concrete | D20: m3 | E20: 1 | G20: =+E20*F20 -> 0
C21: Back excavation of vertical sides of excavation in earth or compacted filling for working space including backfilling compacted to 95% Mod AASHTO density in layers not exceeding 150mm thick
A22: 120 | B22: 11 | C22: Not exceeding 500mm for placing and removing formwork to walls, etc. against excavated face | D22: m2 | E22: 10 | G22: =+E22*F22 -> 0
A23: 121 | B23: 12 | C23: Exceeding 500mm and not exceeding 1,5 meter for placing and removing formwork to walls, etc. against excavated face | D23: m2 | E23: 10 | G23: =+E23*F23 -> 0 | H23: =SUM(G23:G42) -> 0
A24: 121 | B24: 13 | C24: Exceeding 1,5 meter and not exceeding 3 meter for placing and removing formwork to walls, etc. against excavated face | D24: m2 | E24: 10 | G24: =+E24*F24 -> 0
C25: Extra over all excavations for carting away
A26: 121 | B26: 14 | C26: Surplus material from excavations and/or stock piles on site to a dumping site to be located by the contractor | D26: m3 | E26: 50 | G26: =+E26*F26 -> 0
C27: Extra over all excavations for spreading and levelling of excavated material
A28: 121 | B28: 15 | C28: Spread and level excavated material over site | D28: m3 | E28: 10 | G28: =+E28*F28 -> 0
C29: Risk of collapse of excavations
A30: 121 | B30: 16 | C30: Sides of trench and hole excavations not exceeding 1,5m deep | D30: m2 | E30: 15 | G30: =+E30*F30 -> 0
A31: 121 | B31: 17 | C31: Sides of trench and hole excavations exceeding 1,5m deep | D31: m2 | E31: 15 | G31: =+E31*F31 -> 0
C32: Keeping excavations free of water
A33: 121 | B33: 18 | C33: Keeping excavations free of all water other than subterranean water | D33: Item | E33: 1 | G33: =+E33*F33 -> 0
C34: FILLING
C35: Earth filling obtained from the excavations and/or prescribed stock piles on site (not compacted)
A36: 121 | B36: 19 | C36: Under floors, steps, pavings, etc. | D36: m3 | E36: 3 | G36: =+E36*F36 -> 0
A37: 121 | B37: 20 | C37: Backfilling to trenches, holes, etc. | D37: m3 | E37: 3 | G37: =+E37*F37 -> 0
C38: Earth filling obtained from the excavations and/or prescribed stock piles on site, compacted to 90% ModAASHTO in layers not exceeding 150mm thick
A39: 121 | B39: 21 | C39: Backfilling to trenches, holes, etc. | D39: m3 | E39: 3 | G39: =+E39*F39 -> 0
C40: Earth filling obtained from the excavations and/or prescribed stock piles on site, compacted to 95% ModAASHTO in layers not exceeding 150mm thick
A41: 121 | B41: 22 | C41: Under floors, steps, pavings, etc. | D41: m3 | E41: 3 | G41: =+E41*F41 -> 0
A42: 121 | B42: 23 | C42: Backfilling to trenches, holes, etc. | D42: m3 | E42: 3 | G42: =+E42*F42 -> 0
C43: Filling of gravel-soil material (G7) supplied by the contractor, compacted to 95% Mod AASHTO density in layers not exceeding 150mm thick | H43: =SUM(G43:G54) -> 0
A44: 122 | B44: 24 | C44: Under floors, steps, pavings, etc. | D44: m3 | E44: 3 | G44: =+E44*F44 -> 0
C45: Filling of natural gravel material (G5) supplied by the contractor, compacted to 98% Mod AASHTO density in layers not exceeding 150mm thick
A46: 122 | B46: 25 | C46: Under floors, steps, pavings, etc. | D46: m3 | E46: 3 | G46: =+E46*F46 -> 0
C47: Compaction of natural or excavated ground surface, including scarifying for a depth of 200mm, breaking down oversize material, adding suitable material where necessary and compacting to 95% Mod AASHTO density
A48: 122 | B48: 26 | C48: Under floors, paving, etc. | D48: m2 | E48: 15 | G48: =+E48*F48 -> 0
C49: Prescribed density tests on filling
A50: 122 | B50: 27 | C50: "Modified AASHTO Density" test | D50: No | E50: 2 | G50: =+E50*F50 -> 0
C51: WEED KILLERS, INSECTICIDES, ETC
C52: Termite proofing treatment of chlordane or aldrin type in accordance with SANS 5859
A53: 122 | B53: 28 | C53: Under floors etc, including forming and poisoning shallow furrows against foundation walls etc, filling in furrows and ramming. | D53: m2 | E53: 15 | G53: =+E53*F53 -> 0
A54: 122 | B54: 29 | C54: Bottoms and sides of trenches, bases, etc. | D54: m2 | E54: 30 | G54: =+E54*F54 -> 0
C55: TOTAL CARRIED TO SUMMARY OF SECTION 2 | G55: =SUM(G2:G54) -> 0 | H55: =SUM(H2:H54) -> 0

Sheet Concrete,formwork,reinforcement
A1: PAGE NO | B1: ITEM NO | C1: DESCRIPTION | D1: UNIT | E1: QUANTITY | F1: RATE | G1: AMOUNT | H1: AMOUNT CARRIED TO COLLECTION
C2: SECTION NO. 2 | H2: =SUM(G2:G25) -> 0
C3: BILL NO. 3
C4: CONCRETE, FORMWORK AND REINFORCEMENT
C5: CONCRETE
C6: UNREINFORCED CONCRETE
C7: 20MPa/19mm concrete
A8: 124 | B8: 1 | C8: Surface beds | D8: m3 | E8: 2 | G8: =+E8*F8 -> 0
A9: 124 | B9: 2 | C9: Surface beds cast in panels | D9: m3 | E9: 2 | G9: =+E9*F9 -> 0
A10: 124 | B10: 3 | C10: Ramps | D10: m3 | E10: 2 | G10: =+E10*F10 -> 0
A11: 124 | B11: 4 | C11: Ramps cast in panels | D11: m3 | E11: 2 | G11: =+E11*F11 -> 0
A12: 124 | B12: 5 | C12: Steps, plinths, platforms, etc. | D12: m3 | E12: 1 | G12: =+E12*F12 -> 0
C13: 25MPa/19mm concrete
A14: 124 | B14: 6 | C14: Surface beds | D14: m3 | E14: 2 | G14: =+E14*F14 -> 0
A15: 124 | B15: 7 | C15: Surface beds cast in panels | D15: m3 | E15: 2 | G15: =+E15*F15 -> 0
A16: 124 | B16: 8 | C16: Ramps | D16: m3 | E16: 1 | G16: =+E16*F16 -> 0
A17: 124 | B17: 9 | C17: Ramps cast in panels | D17: m3 | E17: 1 | G17: =+E17*F17 -> 0
A18: 124 | B18: 10 | C18: Steps, plinths, platforms, etc. | D18: m3 | E18: 1 | G18: =+E18*F18 -> 0
C19: UNREINFORCED CONCRETE CAST AGAINST EXCAVATED SURFACES
C20: 15MPa/19mm concrete
A21: 124 | B21: 11 | C21: Blinding | D21: m3 | E21: 1 | G21: =+E21*F21 -> 0
C22: 20MPa/19mm concrete
A23: 124 | B23: 12 | C23: Strip footings | D23: m3 | E23: 3 | G23: =+E23*F23 -> 0
A24: 124 | B24: 13 | C24: Bases | D24: m3 | E24: 1 | G24: =+E24*F24 -> 0
A25: 124 | B25: 14 | C25: Underpinning | D25: m3 | E25: 1 | G25: =+E25*F25 -> 0
C26: 25MPa/19mm concrete | H26: =SUM(G26:G51) -> 0
A27: 125 | B27: 15 | C27: Strip footings | D27: m3 | E27: 3 | G27: =+E27*F27 -> 0
A28: 125 | B28: 16 | C28: Bases | D28: m3 | E28: 1 | G28: =+E28*F28 -> 0
A29: 125 | B29: 17 | C29: Underpinning | D29: m3 | E29: 1 | G29: =+E29*F29 -> 0
C30: REINFORCED CONCRETE
C31: 25MPa/19mm concrete
A32: 125 | B32: 18 | C32: Surface beds | D32: m3 | E32: 2 | G32: =+E32*F32 -> 0
A33: 125 | B33: 19 | C33: Surface beds cast in panels | D33: m3 | E33: 2 | G33: =+E33*F33 -> 0
A34: 125 | B34: 20 | C34: Ramps | D34: m3 | E34: 1 | G34: =+E34*F34 -> 0
A35: 125 | B35: 21 | C35: Ramps cast in panels | D35: m3 | E35: 1 | G35: =+E35*F35 -> 0
A36: 125 | B36: 22 | C36: Vanity slabs, plinths, etc. | D36: m3 | E36: 1 | G36: =+E36*F36 -> 0
A37: 125 | B37: 23 | C37: Slabs including down stand and inverted beams | D37: m3 | E37: 3 | G37: =+E37*F37 -> 0
A38: 125 | B38: 24 | C38: Beams and isolated beams | D38: m3 | E38: 1 | G38: =+E38*F38 -> 0
A39: 125 | B39: 25 | C39: Stairs including landings, down stand and inverted beams | D39: m3 | E39: 2 | G39: =+E39*F39 -> 0
A40: 125 | B40: 26 | C40: Walls in foundations | D40: m3 | E40: 1 | G40: =+E40*F40 -> 0
A41: 125 | B41: 27 | C41: Walls | D41: m3 | E41: 2 | G41: =+E41*F41 -> 0
A42: 125 | B42: 28 | C42: Columns in foundations | D42: m3 | E42: 1 | G42: =+E42*F42 -> 0
A43: 125 | B43: 29 | C43: Columns | D43: m3 | E43: 1 | G43: =+E43*F43 -> 0
C44: REINFORCED CONCRETE CAST AGAINST EXCAVATED SURFACES
C45: 25MPa/19mm concrete
A46: 125 | B46: 30 | C46: Strip footings | D46: m3 | E46: 3 | G46: =+E46*F46 -> 0
A47: 125 | B47: 31 | C47: Bases | D47: m3 | E47: 1 | G47: =+E47*F47 -> 0
A48: 125 | B48: 32 | C48: Underpinning | D48: m3 | E48: 1 | G48: =+E48*F48 -> 0
A49: 125 | B49: 33 | C49: Foundation beams | D49: m3 | E49: 1 | G49: =+E49*F49 -> 0
A50: 125 | B50: 34 | C50: Bottoms and sides of floor ducts | D50: m3 | E50: 1 | G50: =+E50*F50 -> 0
A51: 125 | B51: 35 | C51: Walls in foundations | D51: m3 | E51: 1 | G51: =+E51*F51 -> 0
A52: 126 | B52: 36 | C52: Walls | D52: m3 | E52: 2 | G52: =+E52*F52 -> 0 | H52: =SUM(G52:G76) -> 0
A53: 126 | B53: 37 | C53: Columns in foundations | D53: m3 | E53: 1 | G53: =+E53*F53 -> 0
A54: 126 | B54: 38 | C54: Columns | D54: m3 | E54: 1 | G54: =+E54*F54 -> 0
C55: 30MPa/19mm concrete
A56: 126 | B56: 39 | C56: Strip footings | D56: m3 | E56: 3 | G56: =+E56*F56 -> 0
A57: 126 | B57: 40 | C57: Bases | D57: m3 | E57: 1 | G57: =+E57*F57 -> 0
A58: 126 | B58: 41 | C58: Underpinning | D58: m3 | E58: 1 | G58: =+E58*F58 -> 0
A59: 126 | B59: 42 | C59: Foundation beams | D59: m3 | E59: 1 | G59: =+E59*F59 -> 0
A60: 126 | B60: 43 | C60: Bottoms and sides of floor ducts | D60: m3 | E60: 1 | G60: =+E60*F60 -> 0
A61: 126 | B61: 44 | C61: Walls in foundations | D61: m3 | E61: 1 | G61: =+E61*F61 -> 0
A62: 126 | B62: 45 | C62: Walls | D62: m3 | E62: 1 | G62: =+E62*F62 -> 0
A63: 126 | B63: 46 | C63: Columns in foundations | D63: m3 | E63: 1 | G63: =+E63*F63 -> 0
A64: 126 | B64: 47 | C64: Columns | D64: m3 | E64: 1 | G64: =+E64*F64 -> 0
C65: QUICK/RAPID-SET REINFORCED CONCRETE
C66: 30MPa/19mm concrete
A67: 126 | B67: 48 | C67: Surface beds | D67: m3 | E67: 1 | G67: =+E67*F67 -> 0
A68: 126 | B68: 49 | C68: Surface beds cast in panels | D68: m3 | E68: 1 | G68: =+E68*F68 -> 0
A69: 126 | B69: 50 | C69: Ramps | D69: m3 | E69: 1 | G69: =+E69*F69 -> 0
A70: 126 | B70: 51 | C70: Ramps cast in panels | D70: m3 | E70: 1 | G70: =+E70*F70 -> 0
A71: 126 | B71: 52 | C71: Vanity slabs, plinths, etc. | D71: m3 | E71: 1 | G71: =+E71*F71 -> 0
A72: 126 | B72: 53 | C72: Slabs including down stand and inverted beams | D72: m3 | E72: 1 | G72: =+E72*F72 -> 0
A73: 126 | B73: 54 | C73: Beams and isolated beams | D73: m3 | E73: 1 | G73: =+E73*F73 -> 0
A74: 126 | B74: 55 | C74: Stairs including landings, down stand and inverted beams | D74: m3 | E74: 1 | G74: =+E74*F74 -> 0
A75: 126 | B75: 56 | C75: Walls | D75: m3 | E75: 1 | G75: =+E75*F75 -> 0
A76: 126 | B76: 57 | C76: Columns | D76: m3 | E76: 1 | G76: =+E76*F76 -> 0
C77: COMPRESSIVE STRENGTH (mPa) TESTS BY AN APPROPRIATE CERTIFIED LABORATORY | H77: =SUM(G77:G96) -> 0
A78: 127 | B78: 58 | C78: Set of three in-situ concrete test cubes, each size 150 x 150 x 150mm, including testing | D78: Sets | E78: 1 | G78: =+E78*F78 -> 0
A79: 127 | B79: 59 | C79: Testing of core-drilled concrete sample (core drilling elsewhere measured) | D79: No | E79: 1 | G79: =+E79*F79 -> 0
C80: CONCRETE SUNDRIES | E80: 0 | G80: =+E80*F80 -> 0
C81: Finishing top surfaces of concrete smooth with a wood / steel float | E81: 0 | G81: =+E81*F81 -> 0
A82: 127 | B82: 60 | C82: Surface beds, slabs, etc. | D82: m2 | E82: 16 | G82: =+E82*F82 -> 0
A83: 127 | B83: 61 | C83: Surface beds, slabs, etc. to falls | D83: m2 | E83: 5 | G83: =+E83*F83 -> 0
A84: 127 | B84: 62 | C84: Surface beds, slabs, etc. to falls and currents | D84: m2 | E84: 5 | G84: =+E84*F84 -> 0
C85: Finishing top surfaces of concrete smooth with a power float (no curing or hardeners added)
A86: 127 | B86: 63 | C86: Surface beds, slabs, etc. | D86: m2 | E86: 16 | G86: =+E86*F86 -> 0
A87: 127 | B87: 64 | C87: Surface beds, slabs, etc. to falls | D87: m2 | E87: 5 | G87: =+E87*F87 -> 0
A88: 127 | B88: 65 | C88: Surface beds, slabs, etc. to falls and currents | D88: m2 | E88: 5 | G88: =+E88*F88 -> 0
C89: Curing surfaces of concrete with and including "abe duracure SBC", "Sika Antisol-15" or similar approved solvent-based liquid membrane-forming curing compound
A90: 127 | B90: 66 | C90: Surface beds, slabs, etc. | D90: m2 | E90: 16 | G90: =+E90*F90 -> 0
A91: 127 | B91: 67 | C91: Surface beds, slabs, etc. to falls | D91: m2 | E91: 5 | G91: =+E91*F91 -> 0
A92: 127 | B92: 68 | C92: Surface beds, slabs, etc. to falls and currents | D92: m2 | E92: 5 | G92: =+E92*F92 -> 0
C93: Harden exposed surface of concrete with and including "SikaCureHard-24" or similar approved sodium silicate clear surface hardener to withstand LIGHT TO MODERATE abrasion resistance
A94: 127 | B94: 69 | C94: Surface beds, slabs, etc. | D94: m2 | E94: 16 | G94: =+E94*F94 -> 0
A95: 127 | B95: 70 | C95: Surface beds, slabs, etc. to falls | D95: m2 | E95: 5 | G95: =+E95*F95 -> 0
A96: 127 | B96: 71 | C96: Surface beds, slabs, etc. to falls and currents | D96: m2 | E96: 5 | G96: =+E96*F96 -> 0
C97: Finishing top of exposed concrete surfaces smooth with a power float, including hardening of exposed concrete surfaces with and including "abe abecron LA" or similar approved non-metallic dry-shake cementitious surface hardener to withstand LIGHT TO MODERATE abrasion resistance | H97: =SUM(G97:G112) -> 0
A98: 128 | B98: 72 | C98: Surface beds, slabs, etc. | D98: m2 | E98: 16 | G98: =+E98*F98 -> 0
A99: 128 | B99: 73 | C99: Surface beds, slabs, etc. to falls | D99: m2 | E99: 5 | G99: =+E99*F99 -> 0
A100: 128 | B100: 74 | C100: Surface beds, slabs, etc. to falls and currents | D100: m2 | E100: 5 | G100: =+E100*F100 -> 0
...

Sheet Precast concrete
A1: PAGE NO | B1: ITEM NO | C1: DESCRIPTION | D1: UNIT | E1: QUANTITY | F1: RATE | G1: AMOUNT | H1: AMOUNT CARRIED TO COLLECTION
C2: SECTION NO. 2 | H2: =SUM(G2:G7) -> 0
C3: BILL NO. 4
C4: PRECAST CONCRETE
C5: WINDOW CILLS
C6: 25mPa window cills finished smooth on exposed surfaces, bedded solid in and including 3:1 cement mortar and joints neatly pointed
A7: 139 | B7: 2 | C7: Sloping window sill, 180mm wide x 40mm thick at back and 25mm thick at front, set flat | D7: m | E7: 1 | G7: =+E7*F7 -> 0
C8: TOTAL CARRIED TO SUMMARY OF SECTION 2 | G8: =SUM(G2:G7) -> 0 | H8: =SUM(H2:H6) -> 0

Sheet Masonry
A1: PAGE NO | B1: ITEM NO | C1: DESCRIPTION | D1: UNIT | E1: QUANTITY | F1: RATE | G1: AMOUNT | H1: AMOUNT CARRIED TO COLLECTION
C2: SECTION NO. 2 | H2: =SUM(G2:G23) -> 0
C3: BILL NO. 5
C4: MASONRY
C5: BRICKWORK
C6: WALLS, ETC.
C7: Brickwork of NFX bricks (14 MPa nominal compressive strength) in class II mortar:
A8: 140 | B8: 1 | C8: Piers | D8: m3 | E8: 1 | G8: =+E8*F8 -> 0
A9: 140 | B9: 2 | C9: Piers in foundations | D9: m3 | E9: 1 | G9: =+E9*F9 -> 0
A10: 140 | B10: 3 | C10: Half brick walls | D10: m2 | E10: 10 | G10: =+E10*F10 -> 0
A11: 140 | B11: 4 | C11: Half brick walls in foundations | D11: m2 | E11: 2 | G11: =+E11*F11 -> 0
A12: 140 | B12: 5 | C12: Half brick walls against existing surfaces | D12: m2 | E12: 2 | G12: =+E12*F12 -> 0
A13: 140 | B13: 6 | C13: Half brick walls against existing surfaces in foundations | D13: m2 | E13: 1 | G13: =+E13*F13 -> 0
A14: 140 | B14: 7 | C14: Half brick linings to concrete | D14: m2 | E14: 1 | G14: =+E14*F14 -> 0
A15: 140 | B15: 8 | C15: Half brick linings to concrete in foundations | D15: m2 | E15: 1 | G15: =+E15*F15 -> 0
A16: 140 | B16: 9 | C16: One brick walls | D16: m2 | E16: 10 | G16: =+E16*F16 -> 0
A17: 140 | B17: 10 | C17: One brick walls in foundations | D17: m2 | E17: 2 | G17: =+E17*F17 -> 0
A18: 140 | B18: 11 | C18: One brick walls against existing surfaces | D18: m2 | E18: 1 | G18: =+E18*F18 -> 0
A19: 140 | B19: 12 | C19: One brick walls against existing surfaces in foundations | D19: m2 | E19: 1 | G19: =+E19*F19 -> 0
... A23: 140 | B23: 16 | C23: 280mm Hollow walls of two half brick skins including wire ties and 60mm cavity filled solid with and including 15mPa/19mm stone unreinforced concrete in foundations | D23: m2 | E23: 2 | G23: =+E23*F23 -> 0
A24: 141 | B24: 17 | C24: 330mm Hollow walls of two half brick skins including wire ties and 110mm cavity filled solid with and including 15mPa/19mm stone unreinforced concrete | D24: m2 | E24: 10 | G24: =+E24*F24 -> 0 | H24: =SUM(G24:G46) -> 0
A25: 141 | B25: 18 | C25: 330mm Hollow walls of two half brick skins including wire ties and 110mm cavity filled solid with and including 15mPa/19mm stone unreinforced concrete in foundations | D25: m2 | E25: 2 | G25: =+E25*F25 -> 0
C26: Brickwork of NFP bricks in class II mortar
A27: 141 | B27: 19 | C27: Piers | D27: m3 | E27: 1 | G27: =+E27*F27 -> 0
A28: 141 | B28: 20 | C28: Half brick walls | D28: m2 | E28: 10 | G28: =+E28*F28 -> 0
A29: 141 | B29: 21 | C29: Half brick walls against existing surfaces | D29: m2 | E29: 1 | G29: =+E29*F29 -> 0
A30: 141 | B30: 22 | C30: Half brick walls in beamfilling | D30: m2 | E30: 1 | G30: =+E30*F30 -> 0
A31: 141 | B31: 23 | C31: Half brick linings to concrete | D31: m2 | E31: 1 | G31: =+E31*F31 -> 0
A32: 141 | B32: 24 | C32: One brick walls | D32: m2 | E32: 10 | G32: =+E32*F32 -> 0
A33: 141 | B33: 25 | C33: One brick walls against existing surfaces | D33: m2 | E33: 1 | G33: =+E33*F33 -> 0
A34: 141 | B34: 26 | C34: 280mm Hollow walls of two half brick skins including wire ties | D34: m2 | E34: 10 | G34: =+E34*F34 -> 0
A35: 141 | B35: 27 | C35: 330mm Hollow walls of two half brick skins including wire ties | D35: m2 | E35: 10 | G35: =+E35*F35 -> 0
A36: 141 | B36: 28 | C36: Half brick kerbs 85mm high | D36: m | E36: 1 | G36: =+E36*F36 -> 0
A37: 141 | B37: 29 | C37: Half brick kerbs 170mm high | D37: m | E37: 1 | G37: =+E37*F37 -> 0
C38: BRICKWORK SUNDRIES
C39: Extra over brickwork for building brickwork to a fair face with recessed horizontal and vertical joints
A40: 141 | B40: 30 | C40: Walls | D40: m2 | E40: 10 | G40: =+E40*F40 -> 0
A41: 141 | B41: 31 | C41: Walls in foundations | D41: m2 | E41: 1 | G41: =+E41*F41 -> 0
A42: 141 | B42: 32 | C42: Piers | D42: m2 | E42: 1 | G42: =+E42*F42 -> 0
A43: 141 | B43: 33 | C43: Piers in foundations | D43: m2 | E43: 1 | G43: =+E43*F43 -> 0
A44: 141 | B44: 34 | C44: Linings | D44: m2 | E44: 1 | G44: =+E44*F44 -> 0
A45: 141 | B45: 35 | C45: Beamfilling | D45: m2 | E45: 1 | G45: =+E45*F45 -> 0
A46: 141 | B46: 36 | C46: Brick-on-edge header course lintels one course high, pointed on one face | D46: m | E46: 1 | G46: =+E46*F46 -> 0
A47: 142 | B47: 37 | C47: Brick-on-edge header course lintels one course high, pointed on soffit and one face | D47: m | E47: 1 | G47: =+E47*F47 -> 0 | H47: =SUM(G47:G68) -> 0
A48: 142 | B48: 38 | C48: Brick-on-edge header course lintels one course high, pointed on soffit and both faces | D48: m | E48: 1 | G48: =+E48*F48 -> 0
C49: Toothing and bonding | G49: =+E49*F49 -> 0
A50: 142 | B50: 39 | C50: Cutting toothings and bonding new brickwork to existing | D50: m2 | E50: 1 | G50: =+E50*F50 -> 0
C51: Mortar fillets in cavities | G51: =+E51*F51 -> 0
A52: 142 | B52: 40 | C52: Splayed mortar fillet one course high in 60mm cavity | D52: m | E52: 5 | G52: =+E52*F52 -> 0
C53: Closing cavities | G53: =+E53*F53 -> 0
A54: 142 | B54: 41 | C54: Closing 60mm cavity of hollow wall vertically with brickwork half brick wide | D54: m | E54: 2 | G54: =+E54*F54 -> 0
A55: 142 | B55: 42 | C55: Closing 60mm cavity of hollow wall horizontally with one course of brickwork | D55: m | E55: 2 | G55: =+E55*F55 -> 0
A56: 142 | B56: 43 | C56: Closing 60mm cavity at raking top of hollow wall with two courses of brickwork | D56: m | E56: 2 | G56: =+E56*F56 -> 0
A57: 142 | C57: Bagging of 1:3 cement and sand mixture | G57: =+E57*F57 -> 0
A58: 142 | B58: 44 | C58: On brick walls, piers, etc. | D58: m2 | E58: 5 | G58: =+E58*F58 -> 0
C59: "Sondor Jointex" or similar approved expansion joints formed of polyethylene joint former
A60: 142 | B60: 45 | C60: 10mm Joint between vertical brick surfaces | D60: m2 | E60: 5 | G60: =+E60*F60 -> 0
A61: 142 | B61: 46 | C61: 10mm Joint built in vertically between brick skins | D61: m2 | E61: 5 | G61: =+E61*F61 -> 0
A62: 142 | B62: 47 | C62: 10mm Joint between vertical brick surfaces not exceeding 300mm | D62: m | E62: 10 | G62: =+E62*F62 -> 0
A63: 142 | B63: 48 | C63: Rake out 10mm joint 10mm deep to receive joint filler and sealant (elsewhere measured) | D63: m | E63: 10 | G63: =+E63*F63 -> 0
C64: Expansion joints formed of bitumen impregnated soft board
A65: 142 | B65: 49 | C65: 10mm Joint between vertical brick surfaces | D65: m2 | E65: 5 | G65: =+E65*F65 -> 0
A66: 142 | B66: 50 | C66: 10mm Joint built in vertically between brick skins | D66: m2 | E66: 5 | G66: =+E66*F66 -> 0
A67: 142 | B67: 51 | C67: 10mm Joint between vertical brick surfaces not exceeding 300mm | D67: m | E67: 10 | G67: =+E67*F67 -> 0
A68: 142 | B68: 52 | C68: Rake out 10mm joint 10mm deep to receive joint filler and sealant (elsewhere measured) | D68: m | E68: 10 | G68: =+E68*F68 -> 0
C69: 2mm Thick galvanised steel brick reinforcement | G69: =+E69*F69 -> 0 | H69: =SUM(G69:G89) -> 0
A70: 143 | B70: 53 | C70: 75mm Wide reinforcement built in horizontally | D70: m | E70: 20 | G70: =+E70*F70 -> 0
A71: 143 | B71: 54 | C71: 150mm Wide reinforcement built in horizontally | D71: m | E71: 20 | G71: =+E71*F71 -> 0
C72: Pre-stressed fabricated lintels | G72: =+E72*F72 -> 0
A73: 143 | B73: 55 | C73: 110 x 75mm Lintels in lengths not exceeding 3m | D73: m | E73: 3 | G73: =+E73*F73 -> 0
A74: 143 | B74: 56 | C74: 110 x 75mm Lintels in lengths exceeding 3m and not exceeding 4.5m | D74: m | E74: 3 | G74: =+E74*F74 -> 0
A75: 143 | B75: 57 | C75: 150 x 70mm Lintels in lengths not exceeding 3m | D75: m | E75: 3 | G75: =+E75*F75 -> 0
A76: 143 | B76: 58 | C76: 150 x 75mm Lintels in lengths exceeding 3m and not exceeding 4.5m | D76: m | E76: 3 | G76: =+E76*F76 -> 0
C77: Turning pieces | G77: =+E77*F77 -> 0
A78: 143 | B78: 59 | C78: 110mm Wide turning piece to lintels, etc. | D78: m | E78: 2 | G78: =+E78*F78 -> 0
A79: 143 | B79: 60 | C79: 220mm Wide turning piece to lintels, etc. | D79: m | E79: 2 | G79: =+E79*F79 -> 0
A80: 143 | B80: 61 | C80: 280mm Wide turning piece to lintels etc. | D80: m | E80: 2 | G80: =+E80*F80 -> 0
A81: 143 | B81: 62 | C81: 330mm Wide turning piece to lintels etc. | D81: m | E81: 2 | G81: =+E81*F81 -> 0
C82: Galvanised hoop iron cramps, ties, etc. | G82: =+E82*F82 -> 0
A83: 143 | B83: 63 | C83: 30mm Wide x 1,6mm thick cramp, 500mm long, with one end fixed to wood and other end built into brickwork | D83: No | E83: 10 | G83: =+E83*F83 -> 0
A84: 143 | B84: 64 | C84: 30mm Wide x 1,6mm thick wall tie, 500mm long, with one end shot pinned to concrete and other end built into brickwork | D84: No | E84: 10 | G84: =+E84*F84 -> 0
A85: 143 | B85: 65 | C85: 30mm Wide x 1,6mm thick roof tie, 1,5m long with one end fixed to timber and other end built into brickwork | D85: No | E85: 10 | G85: =+E85*F85 -> 0
C86: Mesh reinforcement
A87: 143 | B87: 66 | C87: Type 245 mesh reinforcement vertically between brick skins | D87: m2 | E87: 5 | G87: =+E87*F87 -> 0
A88: 143 | B88: 67 | C88: Type 289 fabric reinforcement vertically between brick skins | D88: m2 | E88: 5 | G88: =+E88*F88 -> 0
A89: 143 | B89: 68 | C89: Type 617 mesh reinforcement vertically between brick skins | D89: m2 | E89: 5 | G89: =+E89*F89 -> 0
C90: Air bricks etc. | H90: =SUM(G90:G107) -> 0
A91: 144 | B91: 69 | C91: Concrete vermin proof air brick, 220mm long x 152mm high x 42mm thick, fitted with and including mosquito gauze to inner face | D91: No | E91: 1 | G91: =+E91*F91 -> 0
C92: FACE BRICKWORK
C93: The Tenderer must allow an amount of R10 000/1000 (excluding VAT) for face bricks as cost/purchase price, including delivery to site. The Tenderer's rates shall be for the supply and lay of face bricks; therefore the rates shall be deemed to include for all material, waste, tools and equipment, transport, off-loading and storing on site, labour, profit, etc. The tenderer's rates shall be adjusted during the contract period calculating the difference between the actual cost/purchase price, including transport to site and the allowance of R10 000/1000 face bricks. - - - - - - - - - - - - - - - - - - - - - - - -
C94: WALLS, ETC.
C95: Extra over brickwork for face brickwork, in stretcher bond, pointed with recessed horizontal and vertical joints
A96: 144 | B96: 70 | C96: Walls | D96: m2 | E96: 10 | G96: =+E96*F96 -> 0
A97: 144 | B97: 71 | C97: Walls in foundations | D97: m2 | E97: 2 | G97: =+E97*F97 -> 0
A98: 144 | B98: 72 | C98: Piers | D98: m2 | E98: 2 | G98: =+E98*F98 -> 0
A99: 144 | B99: 73 | C99: Piers in foundations | D99: m2 | E99: 2 | G99: =+E99*F99 -> 0
A100: 144 | B100: 74 | C100: Linings | D100: m2 | E100: 1 | G100: =+E100*F100 -> 0
A101: 144 | B101: 75 | C101: Beamfilling | D101: m2 | E101: 1 | G101: =+E101*F101 -> 0
C102: FACE BRICKWORK SUNDRIES
C103: Fair cutting to face brickwork
...

Sheet Waterproofing
A1: PAGE NO | B1: ITEM NO | C1: DESCRIPTION | D1: UNIT | E1: QUANTITY | F1: RATE | G1: AMOUNT | H1: AMOUNT CARRIED TO COLLECTION
C2: SECTION NO. 2 | H2: =SUM(G2:G17) -> 0
C3: BILL NO. 6
C4: WATERPROOFING
C5: DAMP-PROOFING AND WATERPROOFING OF WALLS, FLOORS AND ROOFS
C6: MEMBRANES AND SHEETING
C7: One layer of 375 micron black polyethylene membrane well lapped at joints and intersections and bedded and joined in cement mortar
A8: 148 | B8: 1 | C8: In walls | D8: m2 | E8: 5 | G8: =+E8*F8 -> 0
C9: One layer of 250 micron green polyethylene waterproof sheeting sealed at laps with pressure sensitive type
A10: 148 | B10: 2 | C10: Under surface beds, slabs, etc. | D10: m2 | E10: 16 | G10: =+E10*F10 -> 0
C11: PRIMING COATS
C12: One coat "Sikalastic-560" or similar approved polyurethane modified acrylic waterborne liquid waterproofing diluted as per manufacturer's instructions
A13: 148 | B13: 3 | C13: On clay brick, cement brick, concrete, stone and cementitious surfaces in walls, piers, columns, linings, claddings, etc. | D13: m2 | E13: 5 | G13: =+E13*F13 -> 0
A14: 148 | B14: 4 | C14: On concrete and cementitious surfaces in roofs and turn-ups/turn-downs exceeding 300mm girth | D14: m2 | E14: 5 | G14: =+E14*F14 -> 0
A15: 148 | B15: 5 | C15: On fibre cement surfaces in walls, piers, columns, linings, claddings, etc. | D15: m2 | E15: 5 | G15: =+E15*F15 -> 0
A16: 148 | B16: 6 | C16: On fibre cement surfaces in roofs | D16: m2 | E16: 5 | G16: =+E16*F16 -> 0
A17: 148 | B17: 7 | C17: On wooden surfaces in roofs, decks, etc. | D17: m2 | E17: 5 | G17: =+E17*F17 -> 0
C18: One coat "abeproof acrylic primer" or "abe hydroproof" or "abe super laycryl" or "Waterproofing Centre Acrylic Primer" or similar approved water-based acrylic primer, diluted as per manufacturer's instructions | H18: =SUM(G18:G33) -> 0
A19: 149 | B19: 8 | C19: On clay brick, cement brick, concrete, stone and cementitious surfaces in walls, piers, columns, linings, claddings, etc. | D19: m2 | E19: 5 | G19: =+E19*F19 -> 0
A20: 149 | B20: 9 | C20: On concrete and cementitious surfaces in roofs and turn-ups/turn-downs exceeding 300mm girth | D20: m2 | E20: 5 | G20: =+E20*F20 -> 0
A21: 149 | B21: 10 | C21: On fibre cement surfaces in walls, piers, columns, linings, claddings, etc. | D21: m2 | E21: 5 | G21: =+E21*F21 -> 0
A22: 149 | B22: 11 | C22: On fibre cement surfaces in roofs | D22: m2 | E22: 5 | G22: =+E22*F22 -> 0
A23: 149 | B23: 12 | C23: On wooden surfaces in roofs, decks, etc. | D23: m2 | E23: 5 | G23: =+E23*F23 -> 0
A24: 149 | B24: 13 | C24: On metal surfaces in walls, piers, columns, linings, claddings, etc. | D24: m2 | E24: 5 | G24: =+E24*F24 -> 0
A25: 149 | B25: 14 | C25: On metal surfaces in roofs, flashings, etc. | D25: m2 | E25: 5 | G25: =+E25*F25 -> 0
C26: One coat "Sikalastic Metal Primer" or "abe 4-metal primer" or similar approved anti-corrosive metal primer
A27: 149 | B27: 15 | C27: On metal surfaces in walls, piers, columns, linings, claddings, etc. | D27: m2 | E27: 5 | G27: =+E27*F27 -> 0
A28: 149 | B28: 16 | C28: On metal surfaces in roofs, flashings, etc. | D28: m2 | E28: 5 | G28: =+E28*F28 -> 0
C29: One coat "Sika BlackSeal Primer" or "abe bitu.prime" or "Waterproofing Centre Bitumen Primer" or "Waterproofing Centre Primer D" or "Waterproofing Centre Neoprene Primer" or similar approved bitumen primer
A30: 149 | B30: 17 | C30: On metal surfaces in walls, piers, columns, linings, claddings, etc. | D30: m2 | E30: 5 | G30: =+E30*F30 -> 0
A31: 149 | B31: 18 | C31: On metal surfaces in roofs, flashings, etc. | D31: m2 | E31: 5 | G31: =+E31*F31 -> 0
C32: One coat "Sika BlackSeal Lastic" or "abe super laykold" or similar approved rubberised bituminous waterproofing, diluted as per manufacturer's instruction
A33: 149 | B33: 19 | C33: On clay brick, cement brick, concrete, stone and cementitious surfaces in walls, piers, columns, linings, claddings, etc. | D33: m2 | E33: 5 | G33: =+E33*F33 -> 0
A34: 150 | B34: 20 | C34: On concrete and cementitious surfaces in roofs and turn-ups/turn-downs exceeding 300mm girth | D34: m2 | E34: 5 | G34: =+E34*F34 -> 0 | H34: =SUM(G34:G51) -> 0
A35: 150 | B35: 21 | C35: On fibre cement surfaces in walls, piers, columns, linings, claddings, etc. | D35: m2 | E35: 5 | G35: =+E35*F35 -> 0
A36: 150 | B36: 22 | C36: On fibre cement surfaces in roofs | D36: m2 | E36: 5 | G36: =+E36*F36 -> 0
A37: 150 | B37: 23 | C37: On wooden surfaces in roofs, decks, etc. | D37: m2 | E37: 5 | G37: =+E37*F37 -> 0
A38: 150 | B38: 24 | C38: On metal surfaces in walls, piers, columns, linings, claddings, etc. | D38: m2 | E38: 5 | G38: =+E38*F38 -> 0
A39: 150 | B39: 25 | C39: On metal surfaces in roofs, flashings, etc. | D39: m2 | E39: 5 | G39: =+E39*F39 -> 0
C40: SILANE/SILOXANE, ACRYLIC, RUBBER AND BITUMEN BASED LIQUID WATERPROOFING
C41: Two coats "Sikagard-703W" or "abe dura.sil SH" or "abe wallseal" or " Alcolin NC120" or "Flowcrete Weather-guard" or "Duram Aquapel" or similar approved silane/siloxane based water repellent
A42: 150 | B42: 26 | C42: On clay brick, cement brick, concrete, cementitious surfaces, etc. surfaces in walls, piers, columns, linings, claddings, etc. | D42: m2 | E42: 5 | G42: =+E42*F42 -> 0
A43: 150 | B43: 27 | C43: On natural stone, lime sandstone, marble, granite, calcium silicate, kiln masonry, terrazzo, etc. surfaces in walls, piers, columns, linings, claddings, etc. | D43: m2 | E43: 5 | G43: =+E43*F43 -> 0
A44: 150 | B44: 28 | C44: On fibre cement surfaces in walls, piers, columns, linings, claddings, etc. | D44: m2 | E44: 5 | G44: =+E44*F44 -> 0
C45: Three coats "Sika Sealoflex Professional" or "Waterproofing Centre Geoflex" or similar approved fibre reinforced acrylic-based waterproofing (Priming coat(s), if applicable, elsewhere measured)
A46: 150 | B46: 29 | C46: On clay brick, cement brick, concrete, stone and cementitious surfaces in walls, piers, columns, linings, claddings, etc. | D46: m2 | E46: 5 | G46: =+E46*F46 -> 0
A47: 150 | B47: 30 | C47: On concrete and cementitious surfaces in roofs and turn-ups/turn-downs | D47: m2 | E47: 5 | G47: =+E47*F47 -> 0
A48: 150 | B48: 31 | C48: On fibre cement surfaces in walls, piers, columns, linings, claddings, etc. | D48: m2 | E48: 5 | G48: =+E48*F48 -> 0
A49: 150 | B49: 32 | C49: On fibre cement surfaces in roofs | D49: m2 | E49: 5 | G49: =+E49*F49 -> 0
A50: 150 | B50: 33 | C50: On metal surfaces in walls, piers, columns, linings, claddings, etc. | D50: m2 | E50: 5 | G50: =+E50*F50 -> 0
A51: 150 | B51: 34 | C51: On metal surfaces in roofs, flashings, etc. | D51: m2 | E51: 5 | G51: =+E51*F51 -> 0
C52: Two coats "Sika BlackSeal Brick" or "abe brixeal" or "Alcolin Bitumen Brick Sealer" or similar approved bitumen emulsion waterproofing | H52: =SUM(G52:G67) -> 0
A53: 151 | B53: 35 | C53: On clay brick, cement brick, concrete, stone and cementitious surfaces in walls, piers, columns, linings, claddings, etc. | D53: m2 | E53: 5 | G53: =+E53*F53 -> 0
A54: 151 | B54: 36 | C54: On concrete and cementitious surfaces in roofs and turn-ups/turn-downs | D54: m2 | E54: 5 | G54: =+E54*F54 -> 0
A55: 151 | B55: 37 | C55: On fibre cement surfaces in walls, piers, columns, linings, claddings, etc. | D55: m2 | E55: 5 | G55: =+E55*F55 -> 0
C56: Three coats "Waterproofing Centre Roofseal" or similar approved bitumen emulsion waterproofing
A57: 151 | B57: 38 | C57: On clay brick, cement brick, concrete, stone and cementitious surfaces in walls, piers, columns, linings, claddings, etc. | D57: m2 | E57: 5 | G57: =+E57*F57 -> 0
A58: 151 | B58: 39 | C58: On concrete and cementitious surfaces in roofs and turn-ups/turn-downs | D58: m2 | E58: 5 | G58: =+E58*F58 -> 0
A59: 151 | B59: 40 | C59: On fibre cement surfaces in walls, piers, columns, linings, claddings, etc. | D59: m2 | E59: 5 | G59: =+E59*F59 -> 0
C60: Three coats "Sika BlackSeal Lastic" or "abe super laykold" or similar approved rubberised bituminous waterproofing (Priming coat(s) where applicable elsewhere measured)
A61: 151 | B61: 41 | C61: On clay brick, cement brick, concrete, stone and cementitious surfaces in walls, piers, columns, linings, claddings, etc. | D61: m2 | E61: 5 | G61: =+E61*F61 -> 0
A62: 151 | B62: 42 | C62: On concrete and cementitious surfaces in roofs and turn-ups/turn-downs exceeding 300mm girth | D62: m2 | E62: 5 | G62: =+E62*F62 -> 0
A63: 151 | B63: 43 | C63: On fibre cement surfaces in walls, piers, columns, linings, claddings, etc. | D63: m2 | E63: 5 | G63: =+E63*F63 -> 0
A64: 151 | B64: 44 | C64: On fibre cement surfaces in roofs | D64: m2 | E64: 5 | G64: =+E64*F64 -> 0
A65: 151 | B65: 45 | C65: On wooden surfaces in roofs, decks, etc. | D65: m2 | E65: 5 | G65: =+E65*F65 -> 0
A66: 151 | B66: 46 | C66: On metal surfaces in walls, piers, columns, linings, claddings, etc. | D66: m2 | E66: 5 | G66: =+E66*F66 -> 0
A67: 151 | B67: 47 | C67: On metal surfaces in roofs, flashings, etc. | D67: m2 | E67: 5 | G67: =+E67*F67 -> 0
C68: Two coats "abe PU liquid rubber" or similar approved polyurethane liquid rubber waterproofing (Priming coat(s), if applicable, elsewhere measured) | H68: =SUM(G68:G84) -> 0
A69: 152 | B69: 48 | C69: On clay brick, cement brick, concrete, stone and cementitious surfaces in walls, piers, columns, linings, claddings, etc. | D69: m2 | E69: 5 | G69: =+E69*F69 -> 0
A70: 152 | B70: 49 | C70: On concrete and cementitious surfaces in roofs and turn-ups/turn-downs | D70: m2 | E70: 5 | G70: =+E70*F70 -> 0
A71: 152 | B71: 50 | C71: On fibre cement surfaces in walls, piers, columns, linings, claddings, etc. | D71: m2 | E71: 5 | G71: =+E71*F71 -> 0
A72: 152 | B72: 51 | C72: On fibre cement surfaces in roofs | D72: m2 | E72: 5 | G72: =+E72*F72 -> 0
A73: 152 | B73: 52 | C73: On wooden surfaces in roofs, decks, etc. | D73: m2 | E73: 5 | G73: =+E73*F73 -> 0
A74: 152 | B74: 53 | C74: On metal surfaces in walls, piers, columns, linings, claddings, etc. | D74: m2 | E74: 5 | G74: =+E74*F74 -> 0
A75: 152 | B75: 54 | C75: On metal surfaces in roofs, flashings, etc. | D75: m2 | E75: 5 | G75: =+E75*F75 -> 0
C76: POLYESTER, GLASS FIBRE MEMBRANES/MATTS EMBEDDED IN LIQUID WATERPROOFING
C77: Non-woven polyester membrane embedded in and including three coats "Sika RainTite" or "abe hydroproof" or "abe super laycryl" or similar approved acrylic emulsion waterproofing (Priming coat(s), if applicable, elsewhere measured)
A78: 152 | B78: 55 | C78: On clay brick, cement brick, concrete, stone and cementitious surfaces in walls, piers, columns, linings, claddings, etc. | D78: m2 | E78: 5 | G78: =+E78*F78 -> 0
A79: 152 | B79: 56 | C79: On clay brick, cement brick, concrete, stone and cementitious surfaces in walls, piers, columns, linings, claddings, etc. not exceeding 300mm girth | D79: m | E79: 5 | G79: =+E79*F79 -> 0
A80: 152 | B80: 57 | C80: On concrete and cementitious surfaces in roofs and turn-ups/turn-downs exceeding 300mm girth | D80: m2 | E80: 5 | G80: =+E80*F80 -> 0
A81: 152 | B81: 58 | C81: On concrete and cementitious surfaces in roofs, turn-ups/turn-downs, etc. not exceeding 300mm girth | D81: m | E81: 5 | G81: =+E81*F81 -> 0
A82: 152 | B82: 59 | C82: On fibre cement surfaces in walls, piers, columns, linings, claddings, etc. | D82: m2 | E82: 5 | G82: =+E82*F82 -> 0
A83: 152 | B83: 60 | C83: On fibre cement surfaces in walls, piers, columns, linings, claddings, etc. not exceeding 300mm girth | D83: m | E83: 5 | G83: =+E83*F83 -> 0
A84: 152 | B84: 61 | C84: On fibre cement surfaces in roofs | D84: m2 | E84: 5 | G84: =+E84*F84 -> 0
A85: 153 | B85: 62 | C85: On fibre cement surfaces in roofs not exceeding 300mm girth | D85: m | E85: 5 | G85: =+E85*F85 -> 0 | H85: =SUM(G85:G101) -> 0
A86: 153 | B86: 63 | C86: On wooden surfaces in roofs, decks, etc. | D86: m2 | E86: 5 | G86: =+E86*F86 -> 0
A87: 153 | B87: 64 | C87: On wooden surfaces in roofs, decks, etc. not exceeding 300mm girth | D87: m | E87: 5 | G87: =+E87*F87 -> 0
A88: 153 | B88: 65 | C88: On metal surfaces in walls, piers, columns, linings, claddings, etc. | D88: m2 | E88: 5 | G88: =+E88*F88 -> 0
A89: 153 | B89: 66 | C89: On metal surfaces in walls, piers, columns, linings, claddings, etc. not exceeding 300mm girth | D89: m | E89: 5 | G89: =+E89*F89 -> 0
A90: 153 | B90: 67 | C90: On metal surfaces in roofs, flashings, etc. | D90: m2 | E90: 5 | G90: =+E90*F90 -> 0
A91: 153 | B91: 68 | C91: On metal surfaces in roofs not exceeding 300mm girth | D91: m | E91: 5 | G91: =+E91*F91 -> 0
C92: "Sika Reemat Premium" or "Waterproofing Centre Fibremesh" or similar approved glass fibre reinforced membrane/mat embedded in and including three coats "Sikalastic-560" or "Waterproofing Centre Geoflex" or similar approved polyurethane modified acrylic waterborne liquid waterproofing (Priming coat(s), if applicable, elsewhere measured)
A93: 153 | B93: 69 | C93: On clay brick, cement brick, concrete, stone and cementitious surfaces in walls, piers, columns, linings, claddings, etc. | D93: m2 | E93: 5 | G93: =+E93*F93 -> 0
A94: 153 | B94: 70 | C94: On clay brick, cement brick, concrete, stone and cementitious surfaces in walls, piers, columns, linings, claddings, etc. not exceeding 300mm girth | D94: m | E94: 5 | G94: =+E94*F94 -> 0
A95: 153 | B95: 71 | C95: On concrete and cementitious surfaces in roofs and turn-ups/turn-downs exceeding 300mm girth | D95: m2 | E95: 5 | G95: =+E95*F95 -> 0
A96: 153 | B96: 72 | C96: On concrete and cementitious surfaces in roofs, turn-ups/turn-downs, etc. not exceeding 300mm girth | D96: m | E96: 5 | G96: =+E96*F96 -> 0
A97: 153 | B97: 73 | C97: On fibre cement surfaces in walls, piers, columns, linings, claddings, etc. | D97: m2 | E97: 5 | G97: =+E97*F97 -> 0
A98: 153 | B98: 74 | C98: On fibre cement surfaces in walls, piers, columns, linings, claddings, etc. not exceeding 300mm girth | D98: m | E98: 5 | G98: =+E98*F98 -> 0
A99: 153 | B99: 75 | C99: On fibre cement surfaces in roofs | D99: m2 | E99: 5 | G99: =+E99*F99 -> 0
A100: 153 | B100: 76 | C100: On fibre cement surfaces in roofs not exceeding 300mm girth | D100: m | E100: 5 | G100: =+E100*F100 -> 0
...

Sheet Roof coverings, claddings, etc.
A1: PAGE NO | B1: ITEM NO | C1: DESCRIPTION | D1: UNIT | E1: QUANTITY | F1: RATE | G1: AMOUNT | H1: AMOUNT CARRIED TO COLLECTION
C2: SECTION NO. 2 | H2: =SUM(G2:G18) -> 0
C3: BILL NO. 7
C4: ROOF COVERINGS, CLADDINGS, ETC.
C5: SLATES, TILES AND SHINGLES
C6: CONCRETE ROOF TILES AND ACCESSORIES
C7: The Tenderer must allow as follow for concrete roof tiles and accessories as cost/purchase prices (excluding delivery to site and VAT): Concrete roof tiles: R20/no Tapered ridge tiles: R40/No Tapered hip starter tiles: R90/No - - - - - - - - - - - - - - - - - - - - - - - -
C8: 420 x 332mm "BMI Coverland", "Marley" or similar approved concrete roof tiles in approved colour, secured to EXISTING 38 x 38mm sawn softwood battens spaced at approximately 320mm centres
A9: 173 | B9: 1 | C9: Roof covering with pitch not exceeding 25 degrees | D9: m2 | E9: 100 | G9: =+E9*F9 -> 0
A10: 173 | B10: 2 | C10: Roof covering with 30 degree pitch | D10: m2 | E10: 100 | G10: =+E10*F10 -> 0
A11: 173 | B11: 3 | C11: Roof covering with pitch not exceeding 25 degrees, in patches | D11: m2 | E11: 10 | G11: =+E11*F11 -> 0
A12: 173 | B12: 4 | C12: Roof covering with 30 degree pitch, in patches | D12: m2 | E12: 10 | G12: =+E12*F12 -> 0
A13: 173 | B13: 5 | C13: Extra over roof covering for double course at eaves | D13: m | E13: 40 | G13: =+E13*F13 -> 0
A14: 173 | B14: 6 | C14: Extra over roof covering for double course at eaves, in patches | D14: m | E14: 10 | G14: =+E14*F14 -> 0
C15: 420 x 332mm "BMI Coverland", "Marley" or similar approved concrete roof tiles in approved colour, secured to and including NEW 38 x 38mm sawn softwood (grade 5) battens spaced at approximately 320mm centres (tile underlay/membrane elsewhere measured)
A16: 173 | B16: 7 | C16: Roof covering with pitch not exceeding 25 degrees | D16: m2 | E16: 100 | G16: =+E16*F16 -> 0
A17: 173 | B17: 8 | C17: Roof covering with 30 degree pitch | D17: m2 | E17: 100 | G17: =+E17*F17 -> 0
A18: 173 | B18: 9 | C18: Extra over roof covering for double course at eaves, including 38 x 50mm tilting sawn softwood batten at eaves | D18: m | E18: 40 | G18: =+E18*F18 -> 0
C19: "BMI Coverland", "Marley" or similar approved concrete roof tile accessories mechanically fixed (dry ridge system) with and including non-ventilated/ventilated ridge rolls, ridge trees, ridge clips and kro clips | H19: =SUM(G19:G36) -> 0
A20: 174 | B20: 10 | C20: Tapered ridge/hip | D20: m | E20: 10 | G20: =+E20*F20 -> 0
A21: 174 | B21: 11 | C21: Tapered ridge/hip in patches | D21: m | E21: 3 | G21: =+E21*F21 -> 0
A22: 174 | B22: 12 | C22: Tapered hip starter tile | D22: No | E22: 2 | G22: =+E22*F22 -> 0
C23: "BMI Coverland", "Marley" or similar approved concrete roof tile accessories bedded solid in and including colour pigmented 3:1 cement mortar, including ponting
A24: 174 | B24: 13 | C24: Tapered ridge/hip | D24: m | E24: 10 | G24: =+E24*F24 -> 0
A25: 174 | B25: 14 | C25: Tapered ridge in patches | D25: m | E25: 3 | G25: =+E25*F25 -> 0
A26: 174 | B26: 15 | C26: Tapered hip starter tile | D26: No | E26: 2 | G26: =+E26*F26 -> 0
C27: CLAY ROOF TILES
C28: 410 x 240mm "Italcotto Marseilles" or similar approved clay roof tiles in approved colour, secured to EXISTING 38 x 38mm sawn softwood battens spaced at approximately 350mm centres
A29: 174 | B29: 16 | C29: Roof covering with pitch not exceeding 25 degrees, in patches | D29: m2 | E29: 20 | G29: =+E29*F29 -> 0
A30: 174 | B30: 17 | C30: Roof covering with 30 degree pitch, in patches | D30: m2 | E30: 20 | G30: =+E30*F30 -> 0
A31: 174 | B31: 18 | C31: Extra over roof covering for double course at eaves, in patches | D31: m | E31: 4 | G31: =+E31*F31 -> 0
C32: FIBRE CEMENT ROOF SLATES
C33: 406mm Wide x 610mm long x 7mm thick "Nutec" or similar approved fibre cement roof slates secure to EXISTING timber battens spaced at approximately 250mm centres
A34: 174 | B34: 19 | C34: Roof covering with pitch not exceeding 25 degrees, in patches | D34: m2 | E34: 50 | G34: =+E34*F34 -> 0
A35: 174 | B35: 20 | C35: Roof covering with 30 degree pitch, in patches | D35: m2 | E35: 50 | G35: =+E35*F35 -> 0
A36: 174 | B36: 21 | C36: Extra over roof covering for starter course at eaves, in patches | D36: m | E36: 5 | G36: =+E36*F36 -> 0
A37: 175 | B37: 22 | C37: "Boston" ridge formed of an including two rows of slates laid parallel to each other, overlapping at the ridge/hip with every alternate course overlapping in the opposite direction, in patches | D37: m | E37: 5 | G37: =+E37*F37 -> 0 | H37: =SUM(G37:G43) -> 0
C38: STONE ROOF SLATES
C39: 400 x 280mm Conventional stone roofing slates, approximately 250mm wide x 460mm long x 10mm thick, secured to EXISTING 38 x 38mm sawn softwood battens spaced at approximately 100mm centres
A40: 175 | B40: 23 | C40: Roof covering with pitch not exceeding 25 degrees, in patches | D40: m2 | E40: 50 | G40: =+E40*F40 -> 0
A41: 175 | B41: 24 | C41: Roof covering with 30 degree pitch, in patches | D41: m2 | E41: 50 | G41: =+E41*F41 -> 0
A42: 175 | B42: 25 | C42: Extra over roof covering for double course at eaves, in patches | D42: m | E42: 5 | G42: =+E42*F42 -> 0
A43: 175 | B43: 26 | C43: "Boston" ridge formed of an including two rows of slates laid parallel to each other, overlapping at the ridge/hip with every alternate course overlapping in the opposite direction, in patches | D43: m | E43: 5 | G43: =+E43*F43 -> 0
C44: PROFILED METAL SHEETING AND ACCESSORIES | H44: =SUM(G44:G64) -> 0
C45: The following are acceptable metal roof sheet manufacturers: Global Roofing Solutions (GRS) Youngman Roofing and Insulation Safintra
C46: CORRUGATED ROOF SHEETING (PIERCED FIXED SHEETING)
C47: 0.58mm Thick corrugated GALVANISED Z275 sheets secured to existing and/or new timber/steel purlins (new timber/steel purlins elsewhere measured)
A48: 176 | B48: 27 | C48: Roof covering with pitch not exceeding 25 degrees | D48: m2 | E48: 100 | G48: =+E48*F48 -> 0
A49: 176 | B49: 28 | C49: Roof covering with 30 degree pitch | D49: m2 | E49: 100 | G49: =+E49*F49 -> 0
A50: 176 | B50: 29 | C50: Roof covering with pitch not exceeding 25 degrees in patches | D50: m2 | E50: 5 | G50: =+E50*F50 -> 0
A51: 176 | B51: 30 | C51: Roof covering with 30 degree pitch in patches | D51: m2 | E51: 5 | G51: =+E51*F51 -> 0
A52: 176 | B52: 31 | C52: Extra over roof covering not exceeding 25 degree pitch for 450mm radius bull nose (lip down) along edge | D52: m | E52: 5 | G52: =+E52*F52 -> 0
A53: 176 | B53: 32 | C53: Extra over roof covering with 30 degree pitch for 450mm radius bull nose (lip down) along edge | D53: m | E53: 5 | G53: =+E53*F53 -> 0
A54: 176 | B54: 33 | C54: Extra over roof covering not exceeding 25 degree pitch for 450mm radius bull nose (lip up) along edge | D54: m | E54: 5 | G54: =+E54*F54 -> 0
A55: 176 | B55: 34 | C55: Extra over roof covering with 30 degree pitch for 450mm radius bull nose (lip up) along edge | D55: m | E55: 5 | G55: =+E55*F55 -> 0
A56: 176 | B56: 35 | C56: Side cladding | D56: m2 | E56: 20 | G56: =+E56*F56 -> 0
A57: 176 | B57: 36 | C57: Side cladding in patches | D57: m2 | E57: 5 | G57: =+E57*F57 -> 0
A58: 176 | B58: 37 | C58: Ridge/Hip cap, 462mm girth | D58: m | E58: 10 | G58: =+E58*F58 -> 0
A59: 176 | B59: 38 | C59: Ridge/hip cap, 462mm girth, in patches | D59: m | E59: 2 | G59: =+E59*F59 -> 0
... A64: 176 | B64: 43 | C64: Internal corner flashing, 462mm girth | D64: m | E64: 5 | G64: =+E64*F64 -> 0
A65: 177 | B65: 44 | C65: Internal corner flashing, 462mm girth, in patches | D65: m | E65: 1 | G65: =+E65*F65 -> 0 | H65: =SUM(G65:G87) -> 0
A66: 177 | B66: 45 | C66: External corner flashing, 462mm girth | D66: m | E66: 5 | G66: =+E66*F66 -> 0
A67: 177 | B67: 46 | C67: External corner flashing, 462mm girth, in patches | D67: m | E67: 1 | G67: =+E67*F67 -> 0
A68: 177 | B68: 47 | C68: Headwall flashing, 308mm girth | D68: m | E68: 5 | G68: =+E68*F68 -> 0
A69: 177 | B69: 48 | C69: Headwall flashing, 308mm girth, in patches | D69: m | E69: 1 | G69: =+E69*F69 -> 0
A70: 177 | B70: 49 | C70: Side wall flashing, 308mm girth | D70: m | E70: 5 | G70: =+E70*F70 -> 0
A71: 177 | B71: 50 | C71: Side wall flashing, 308mm girth, in patches | D71: m | E71: 1 | G71: =+E71*F71 -> 0
A72: 177 | B72: 51 | C72: Apex flashing, 462mm girth | D72: m | E72: 5 | G72: =+E72*F72 -> 0
A73: 177 | B73: 52 | C73: Apex flashing, 462mm girth, in patches | D73: m | E73: 1 | G73: =+E73*F73 -> 0
A74: 177 | B74: 53 | C74: Counter flashing, 154mm girth | D74: m | E74: 5 | G74: =+E74*F74 -> 0
A75: 177 | B75: 54 | C75: Counter flashing, 154mm girth, in patches | D75: m | E75: 1 | G75: =+E75*F75 -> 0
A76: 177 | B76: 55 | C76: Valley, 462mm girth | D76: m | E76: 5 | G76: =+E76*F76 -> 0
A77: 177 | B77: 56 | C77: Roll top valley, 462mm girth | D77: m | E77: 10 | G77: =+E77*F77 -> 0
A78: 177 | B78: 57 | C78: Valley gutter, 616mm girth | D78: m | E78: 5 | G78: =+E78*F78 -> 0
C79: 0.53mm Thick corrugated Zincalume AZ150 sheets secured to existing and/or new timber/steel purlins (new timber/steel purlins elsewhere measured)
A80: 177 | B80: 58 | C80: Roof covering with pitch not exceeding 25 degrees | D80: m2 | E80: 100 | G80: =+E80*F80 -> 0
A81: 177 | B81: 59 | C81: Roof covering with 30 degree pitch | D81: m2 | E81: 100 | G81: =+E81*F81 -> 0
A82: 177 | B82: 60 | C82: Roof covering with pitch not exceeding 25 degrees in patches | D82: m2 | E82: 5 | G82: =+E82*F82 -> 0
A83: 177 | B83: 61 | C83: Roof covering with 30 degree pitch in patches | D83: m2 | E83: 5 | G83: =+E83*F83 -> 0
A84: 177 | B84: 62 | C84: Extra over roof covering not exceeding 25 degree pitch for 450mm radius bull nose (lip down) along edge | D84: m | E84: 5 | G84: =+E84*F84 -> 0
A85: 177 | B85: 63 | C85: Extra over roof covering with 30 degree pitch for 450mm radius bull nose (lip down) along edge | D85: m | E85: 5 | G85: =+E85*F85 -> 0
A86: 177 | B86: 64 | C86: Extra over roof covering not exceeding 25 degree pitch for 450mm radius bull nose (lip up) along edge | D86: m | E86: 5 | G86: =+E86*F86 -> 0
A87: 177 | B87: 65 | C87: Extra over roof covering with 30 degree pitch for 450mm radius bull nose (lip up) along edge | D87: m | E87: 5 | G87: =+E87*F87 -> 0
A88: 178 | B88: 66 | C88: Side cladding | D88: m2 | E88: 20 | G88: =+E88*F88 -> 0 | H88: =SUM(G88:G113) -> 0
A89: 178 | B89: 67 | C89: Side cladding in patches | D89: m2 | E89: 5 | G89: =+E89*F89 -> 0
A90: 178 | B90: 68 | C90: Ridge/Hip cap, 462mm girth | D90: m | E90: 10 | G90: =+E90*F90 -> 0
A91: 178 | B91: 69 | C91: Ridge/hip cap, 462mm girth, in patches | D91: m | E91: 2 | G91: =+E91*F91 -> 0
A92: 178 | B92: 70 | C92: Roll top ridge/hip, 462mm girth | D92: m | E92: 10 | G92: =+E92*F92 -> 0
A93: 178 | B93: 71 | C93: Roll top ridge/hip, 462mm girth, in patches | D93: m | E93: 2 | G93: =+E93*F93 -> 0
A94: 178 | B94: 72 | C94: Gable/barge flashing, 462mm girth | D94: m | E94: 5 | G94: =+E94*F94 -> 0
A95: 178 | B95: 73 | C95: Gable/barge flashing, 462mm girth, in patches | D95: m | E95: 1 | G95: =+E95*F95 -> 0
A96: 178 | B96: 74 | C96: Internal corner flashing, 462mm girth | D96: m | E96: 5 | G96: =+E96*F96 -> 0
A97: 178 | B97: 75 | C97: Internal corner flashing, 462mm girth, in patches | D97: m | E97: 1 | G97: =+E97*F97 -> 0
A98: 178 | B98: 76 | C98: External corner flashing, 462mm girth | D98: m | E98: 5 | G98: =+E98*F98 -> 0
A99: 178 | B99: 77 | C99: External corner flashing, 462mm girth, in patches | D99: m | E99: 1 | G99: =+E99*F99 -> 0
A100: 178 | B100: 78 | C100: Headwall flashing, 308mm girth | D100: m | E100: 5 | G100: =+E100*F100 -> 0
... A110: 178 | B110: 88 | C110: Valley gutter, 616mm girth | D110: m | E110: 5 | G110: =+E110*F110 -> 0
C111: 0.53mm Thick corrugated ZincAL AZ150 sheets secured to existing and/or new timber/steel purlins (new timber/steel purlins elsewhere measured)
A112: 178 | B112: 89 | C112: Roof covering with pitch not exceeding 25 degrees | D112: m2 | E112: 100 | G112: =+E112*F112 -> 0
A113: 178 | B113: 90 | C113: Roof covering with 30 degree pitch | D113: m2 | E113: 100 | G113: =+E113*F113 -> 0
...

Sheet Carpentry and joinery
A1: PAGE NO | B1: ITEM NO | C1: DESCRIPTION | D1: UNIT | E1: QUANTITY | F1: RATE | G1: AMOUNT | H1: AMOUNT CARRIED TO COLLECTION
C2: SECTION NO. 2 | H2: =SUM(G2:G11) -> 0
C3: BILL NO. 8
C4: CARPENTRY AND JOINERY
C5: ROOFS, FLOORS, PERGOLAS, ETC.
C6: TIMBER ROOF CONSTRUCTION
C7: Timber roof trusses will be project specific and included in the work package quotations. The items below is for information purposes only and gives the tenderer an indication of what may included in the work package quotation.
C8: The following is applicable in respect of roof trusses : Trusses designed to approximately ____ degree pitches. Trusses are spaced at approximately ________mm centres. The roof covering is corrugate/troughed/ribbed metal / corrugated fibre cement roof sheeting / cement roof tiles. Ceilings are mainly gypsum plaster skimmed 6,4mm thick gypsum boards and 4mm thick pressed fibre cement boards nailed to 38 x 50mm sawn timbers on 400mm centres in one direction only and 1200 x 600 x 12,5mm thick vinyl cladded gypsum boards on an aluminium tee suspension system. The eaves will be closed with 4mm thick pressed fibre cement boards on 38 x 50mm sawn timbers. The word "span" is the horizontal length measured between the internal faces of the external walls. "Overhang" is the horizontal length measured from the external face of the external wall to the edge of the roof covering. "Height" is the vertical measurement from the bottom of the tie beam to the top of the truss.
A9: 237 | B9: 1 | C9: Rectangular roof construction for building 20 meter long x 10 meter wide with two gable ends and no overhangs / 600mm over hang one side / both sides | D9: Item | F9: Do not price
A10: 237 | B10: 2 | C10: Rectangular roof construction for building 20 meter long x 10 meter wide with two hip ends and no overhangs / 600mm over hang one side / both sides | D10: Item | F10: Do not price
A11: 237 | B11: 3 | C11: Rectangular roof construction for building 20 meter long x 10 meter wide with one gable end and one gable end and no overhangs / 600mm over hang one side / both sides | D11: Item | F11: Do not price
A12: 238 | B12: 4 | C12: L-shaped roof construction for building 20 meter long x 20 meter long x 10 meter wide with two gable ends and no overhangs / 600mm over hang one side / both sides | D12: Item | F12: Do not price | H12: =SUM(G12:G27) -> 0
A13: 238 | B13: 5 | C13: L-shaped roof construction for building 20 meter long x 20 meter long x 10 meter wide with two hip ends and no overhangs / 600mm over hang one side / both sides | D13: Item | F13: Do not price
A14: 238 | B14: 6 | C14: L-shaped roof construction for building 20 meter long x 20 meter long x 10 meter wide with one gable end and one hip end and no overhangs / 600mm over hang one side / both sides | D14: Item | F14: Do not price
A15: 238 | B15: 7 | C15: T-shaped roof construction for building 30 meter long x 10 meter wide and 15 meter long x 10 meter wide with three gable ends and no overhangs / 600mm over hang one side / both sides | D15: Item | F15: Do not price
A16: 238 | B16: 8 | C16: T-shaped roof construction for building 30 meter long x 10 meter wide and 15 meter long x 10 meter wide with three hip ends and no overhangs / 600mm over hang one side / both sides | D16: Item | F16: Do not price
A17: 238 | B17: 9 | C17: T-shaped roof construction for building 30 meter long x 10 meter wide and 15 meter long x 10 meter wide with two gable end and one hip end and no overhangs / 600mm over hang one side / both sides | D17: Item | F17: Do not price
C18: NON-STRUCTURAL TIMBERS IN ROOFS, FLOORS, PERGOLAS, ETC.
C19: Non-structural sawn softwood grade 5
A20: 238 | B20: 10 | C20: 38 x 38mm Purlins, battens, rails, hangers, etc. nailed, screwed or bolted | D20: m | E20: 50 | G20: =+E20*F20 -> 0
A21: 238 | B21: 11 | C21: 38 x 38mm Purlins, battens, rails, hangers, etc. in patches (lengths not exceeding 1 metre), nailed, screwed or bolted | D21: m | E21: 6 | G21: =+E21*F21 -> 0
A22: 238 | B22: 12 | C22: 38 x 50mm Splayed eaves fillet, nailed, screwed or bolted | D22: m | E22: 20 | G22: =+E22*F22 -> 0
A23: 238 | B23: 13 | C23: 38 x 50mm Splayed eaves fillet in patches (lengths not exceeding 1 metre), nailed, screwed or bolted | D23: m | E23: 6 | G23: =+E23*F23 -> 0
A24: 238 | B24: 14 | C24: 38 x 114mm Wall plates | D24: m | E24: 20 | G24: =+E24*F24 -> 0
A25: 238 | B25: 15 | C25: 38 x 114mm Runners, hangers, etc., nailed, screwed or bolted | D25: m | E25: 10 | G25: =+E25*F25 -> 0
A26: 238 | B26: 16 | C26: 52 x 76mm Purlins, rails, etc. nailed, screwed or bolted | D26: m | E26: 20 | G26: =+E26*F26 -> 0
A27: 238 | B27: 17 | C27: 52 x 76mm Purlins, rails, etc., in patches (not exceeding 1 meter in length) nailed, screwed or bolted | D27: m | E27: 6 | G27: =+E27*F27 -> 0
A28: 239 | B28: 18 | C28: 76 x 76mm Splayed eaves purlins, nailed, screwed or bolted | D28: m | E28: 20 | G28: =+E28*F28 -> 0 | H28: =SUM(G28:G46) -> 0
A29: 239 | B29: 19 | C29: 76 x 76mm Splayed eaves purlins in patches (in lengths not exceeding 1 meter), nailed, screwed or bolted | D29: m | E29: 6 | G29: =+E29*F29 -> 0
C30: STRUCTURAL TIMBERS IN ROOFS, FLOORS, PERGOLAS, ETC.
C31: Structural sawn softwood grade 5
A32: 239 | B32: 20 | C32: 38 x 114mm Joists, rafters, etc. in lengths not exceeding 2.4 meter | D32: m | E32: 3 | G32: =+E32*F32 -> 0
A33: 239 | B33: 21 | C33: 38 x 114mm Joists, rafters, etc. in lengths exceeding 2.4 meter and not exceeding 3.9 meter | D33: m | E33: 3 | G33: =+E33*F33 -> 0
A34: 239 | B34: 22 | C34: 38 x 114mm Joists, rafters, etc. in lengths exceeding 3.9 meter and not exceeding 6.6 meter | D34: m | E34: 6 | G34: =+E34*F34 -> 0
A35: 239 | B35: 23 | C35: 38 x 114mm Joists, rafters, etc. in lengths exceeding 6.6 meter | D35: m | E35: 10 | G35: =+E35*F35 -> 0
A36: 239 | B36: 24 | C36: 50 x 228mm Joists, rafters, etc. in lengths not exceeding 2.4 meter | D36: m | E36: 3 | G36: =+E36*F36 -> 0
A37: 239 | B37: 25 | C37: 50 x 228mm Joists, rafters, etc. in lengths exceeding 2.4 meter and not exceeding 3.9 meter | D37: m | E37: 3 | G37: =+E37*F37 -> 0
A38: 239 | B38: 26 | C38: 50 x 228mm Joists, rafters, etc. in lengths exceeding 3.9 meter and not exceeding 6.6 meter | D38: m | E38: 6 | G38: =+E38*F38 -> 0
A39: 239 | B39: 27 | C39: 50 x 228mm Joists, rafters, etc. in lengths exceeding 6.6 meter | D39: m | E39: 10 | G39: =+E39*F39 -> 0
A40: 239 | C40: Structural sawn softwood grade 7
A41: 239 | B41: 28 | C41: 38 x 114mm Joists, rafters, etc. in lengths not exceeding 2.4 meter | D41: m | E41: 3 | G41: =+E41*F41 -> 0
A42: 239 | B42: 29 | C42: 38 x 114mm Joists, rafters, etc. in lengths exceeding 2.4 meter and not exceeding 3.9 meter | D42: m | E42: 3 | G42: =+E42*F42 -> 0
A43: 239 | B43: 30 | C43: 38 x 114mm Joists, rafters, etc. in lengths exceeding 3.9 meter and not exceeding 6.6 meter | D43: m | E43: 6 | G43: =+E43*F43 -> 0
A44: 239 | B44: 31 | C44: 38 x 114mm Joists, rafters, etc. in lengths exceeding 6.6 meter | D44: m | E44: 10 | G44: =+E44*F44 -> 0
A45: 239 | B45: 32 | C45: 50 x 228mm Joists, rafters, etc. in lengths not exceeding 2.4 meter | D45: m | E45: 3 | G45: =+E45*F45 -> 0
A46: 239 | B46: 33 | C46: 50 x 228mm Joists, rafters, etc. in lengths exceeding 2.4 meter and not exceeding 3.9 meter | D46: m | E46: 3 | G46: =+E46*F46 -> 0
A47: 240 | B47: 34 | C47: 50 x 228mm Joists, rafters, etc. in lengths exceeding 3.9 meter and not exceeding 6.6 meter | D47: m | E47: 6 | G47: =+E47*F47 -> 0 | H47: =SUM(G47:G65) -> 0
A48: 240 | B48: 35 | C48: 50 x 228mm Joists, rafters, etc. in lengths exceeding 6.6 meter | D48: m | E48: 10 | G48: =+E48*F48 -> 0
C49: Glued laminated pine timber (Lamstock) grade 5
A50: 240 | B50: 36 | C50: 40 x 231mm Beams, pergola beams, etc. not exceeding 13 meter | D50: m | E50: 6 | G50: =+E50*F50 -> 0
A51: 240 | B51: 37 | C51: 40 x 231mm Beams, pergola beams, etc. exceeding 13 meter and not exceeding 18 meter | D51: m | E51: 15 | G51: =+E51*F51 -> 0
A52: 240 | B52: 38 | C52: 40 x 297mm Beams, pergola beams, etc. not exceeding 13 meter | D52: m | E52: 6 | G52: =+E52*F52 -> 0
A53: 240 | B53: 39 | C53: 40 x 297mm Beams, pergola beams, etc. exceeding 13 meter and not exceeding 18 meter | D53: m | E53: 15 | G53: =+E53*F53 -> 0
A54: 240 | B54: 40 | C54: 40 x 330mm Beams, pergola beams, etc. not exceeding 13 meter | D54: m | E54: 6 | G54: =+E54*F54 -> 0
A55: 240 | B55: 41 | C55: 40 x 330mm Beams, pergola beams, etc. exceeding 13 meter and not exceeding 18 meter | D55: m | E55: 15 | G55: =+E55*F55 -> 0
A56: 240 | B56: 42 | C56: 65 x 231mm Beams, pergola beams, etc. not exceeding 13 meter | D56: m | E56: 6 | G56: =+E56*F56 -> 0
A57: 240 | B57: 43 | C57: 65 x 231mm Beams, pergola beams, etc. exceeding 13 meter and not exceeding 18 meter | D57: m | E57: 15 | G57: =+E57*F57 -> 0
A58: 240 | B58: 44 | C58: 65 x 297mm Beams, pergola beams, etc. not exceeding 13 meter | D58: m | E58: 6 | G58: =+E58*F58 -> 0
A59: 240 | B59: 45 | C59: 65 x 297mm Beams, pergola beams, etc. exceeding 13 meter and not exceeding 18 meter | D59: m | E59: 15 | G59: =+E59*F59 -> 0
A60: 240 | B60: 46 | C60: 65 x 330mm Beams, pergola beams, etc. not exceeding 13 meter | D60: m | E60: 6 | G60: =+E60*F60 -> 0
A61: 240 | B61: 47 | C61: 65 x 330mm Beams, pergola beams, etc. exceeding 13 meter and not exceeding 18 meter | D61: m | E61: 15 | G61: =+E61*F61 -> 0
C62: Glued laminated saligna timber (Glulam) grade 7
A63: 240 | B63: 48 | C63: 50 x 222mm Beams, pergola beams, etc. not exceeding 13 meter | D63: m | E63: 6 | G63: =+E63*F63 -> 0
A64: 240 | B64: 49 | C64: 50 x 222mm Beams, pergola beams, etc. exceeding 13 meter and not exceeding 18 meter | D64: m | E64: 15 | G64: =+E64*F64 -> 0
A65: 240 | B65: 50 | C65: 50 x 289mm Beams, pergola beams, etc. not exceeding 13 meter | D65: m | E65: 6 | G65: =+E65*F65 -> 0
A66: 241 | B66: 51 | C66: 50 x 289mm Beams, pergola beams, etc. exceeding 13 meter and not exceeding 18 meter | D66: m | E66: 15 | G66: =+E66*F66 -> 0 | H66: =SUM(G66:G84) -> 0
A67: 241 | B67: 52 | C67: 50 x 333mm Beams, pergola beams, etc. not exceeding 13 meter | D67: m | E67: 6 | G67: =+E67*F67 -> 0
A68: 241 | B68: 53 | C68: 50 x 333mm Beams, pergola beams, etc. exceeding 13 meter and not exceeding 18 meter | D68: m | E68: 15 | G68: =+E68*F68 -> 0
A69: 241 | B69: 54 | C69: 63 x 222mm Beams, pergola beams, etc. not exceeding 13 meter | D69: m | E69: 6 | G69: =+E69*F69 -> 0
A70: 241 | B70: 55 | C70: 63 x 222mm Beams, pergola beams, etc. exceeding 13 meter and not exceeding 18 meter | D70: m | E70: 15 | G70: =+E70*F70 -> 0
A71: 241 | B71: 56 | C71: 63 x 289mm Beams, pergola beams, etc. not exceeding 13 meter | D71: m | E71: 6 | G71: =+E71*F71 -> 0
A72: 241 | B72: 57 | C72: 63 x 289mm Beams, pergola beams, etc. exceeding 13 meter and not exceeding 18 meter | D72: m | E72: 15 | G72: =+E72*F72 -> 0
A73: 241 | B73: 58 | C73: 63 x 333mm Beams, pergola beams, etc. not exceeding 13 meter | D73: m | E73: 6 | G73: =+E73*F73 -> 0
A74: 241 | B74: 59 | C74: 63 x 333mm Beams, pergola beams, etc. exceeding 13 meter and not exceeding 18 meter | D74: m | E74: 15 | G74: =+E74*F74 -> 0
A75: 241 | B75: 60 | C75: 75 x 222mm Beams, pergola beams, etc. not exceeding 13 meter | D75: m | E75: 6 | G75: =+E75*F75 -> 0
A76: 241 | B76: 61 | C76: 75 x 222mm Beams, pergola beams, etc. exceeding 13 meter and not exceeding 18 meter | D76: m | E76: 15 | G76: =+E76*F76 -> 0
A77: 241 | B77: 62 | C77: 75 x 289mm Beams, pergola beams, etc. not exceeding 13 meter | D77: m | E77: 6 | G77: =+E77*F77 -> 0
A78: 241 | B78: 63 | C78: 75 x 289mm Beams, pergola beams, etc. exceeding 13 meter and not exceeding 18 meter | D78: m | E78: 15 | G78: =+E78*F78 -> 0
... A80: 241 | B80: 65 | C80: 75 x 333mm Beams, pergola beams, etc. exceeding 13 meter and not exceeding 18 meter | D80: m | E80: 15 | G80: =+E80*F80 -> 0
C81: FASTENERS
C82: Galvanised sheet iron truss hangers, connector plates, etc.
A83: 241 | B83: 66 | C83: 1.0mm Thick purlin clip | D83: No | E83: 50 | G83: =+E83*F83 -> 0
A84: 241 | B84: 67 | C84: 90-Degree x 38mm wide x 120mm high x 1.6mm thick truss hanger | D84: No | E84: 10 | G84: =+E84*F84 -> 0
A85: 242 | B85: 68 | C85: 90-Degree x 50mm wide x 115mm high x 1.6mm thick truss hanger | D85: No | E85: 10 | G85: =+E85*F85 -> 0 | H85: =SUM(G85:G108) -> 0
A86: 242 | B86: 69 | C86: 90-Degree x 76mm wide x 175mm high x 1.6mm thick truss hanger | D86: No | E86: 10 | G86: =+E86*F86 -> 0
C87: Bolts
A88: 242 | B88: 70 | C88: Bolts | D88: kg | E88: 1 | G88: =+E88*F88 -> 0
A89: 242 | B89: 71 | C89: 10mm Diameter expansion bolt | D89: No | E89: 2 | G89: =+E89*F89 -> 0
A90: 242 | B90: 72 | C90: 12mm Diameter expansion bolt | D90: No | E90: 2 | G90: =+E90*F90 -> 0
C91: SUNDRIES
A92: 242 | B92: 73 | C92: Wrought faces of exposed roof timbers | D92: m2 | E92: 20 | G92: =+E92*F92 -> 0
A93: 242 | B93: 74 | C93: Two coats creosote / carbolinium on sawn timbers | D93: m2 | E93: 20 | G93: =+E93*F93 -> 0
C94: EAVES AND VERGES SOFFIT CLOSURES
C95: Wrought softwood
A96: 242 | B96: 75 | C96: 19mm Quadrant cover strip, bead, nailed | D96: m | E96: 20 | G96: =+E96*F96 -> 0
A97: 242 | B97: 76 | C97: 19mm Quadrant cover strip, bead, nailed, in patches not exceeding 1m in length | D97: m | E97: 6 | G97: =+E97*F97 -> 0
A98: 242 | B98: 77 | C98: 19mm Half-round bead, cover strip, etc., nailed | D98: m | E98: 20 | G98: =+E98*F98 -> 0
A99: 242 | B99: 78 | C99: 19mm Half-round bead, cover strip, etc., nailed, in patches not exceeding 1m in length | D99: m | E99: 6 | G99: =+E99*F99 -> 0
A100: 242 | B100: 79 | C100: 8mm Thick x 44mm wide bead, cover strip, etc., nailed | D100: m | E100: 20 | G100: =+E100*F100 -> 0
A101: 242 | B101: 80 | C101: 8mm Thick x 44mm wide bead, cover strip, etc., nailed, in patches not exceeding 1m in length | D101: m | E101: 6 | G101: =+E101*F101 -> 0
...

Sheet Joinery fittings
A1: PAGE NO | B1: ITEM NO | C1: DESCRIPTION | D1: UNIT | E1: QUANTITY | F1: RATE | G1: AMOUNT | H1: AMOUNT CARRIED TO COLLECTION
C2: SECTION NO. 2 | H2: =SUM(G2:G10) -> 0
C3: BILL NO. 9
C4: JOINERY FITTINGS
C5: Rates for joinery fittings shall be deemed to include the following :
C6: 1. Melamine faced chipboard manufactured in accordance with SANS 50312 : 2015 (EN 312 : 2010) (P2) and EN 14322 : 2017 (Table 1) 2. Melamine faced supawood manufactured in accordance with SANS 540-1 : 2009, EN 622-5 : 2 EN 14322 : 2017 (Table 1) 3. Melamine faced chipboard, comprising of chipboard covered on both faces with 1mm thick melamine-impregnated décor paper 4. Melamine faced supawood, comprising of supawood covered on both faces with 1mm thick melamine-impregnated décor paper 5. Melamine surfaces to be durable and scratch and moisture resistant 6. Components of fittings shall be cut to the required sizes; no joining of components to make up a required size shall be allowed 7. All components of fittings shall be glued and shot-pinned together, unless otherwise described 8. Joinery fittings secured to brick walls with and including nail-in nylon countersunk CSK8 anchors 9. The wording "size overall" refers to the distance measured from external face to the external face of a unit. 10. The term "plugged" refers to the fixing of timbers to brick wall with nail-in nylon countersunk CSK8 anchors - - - - - - - - - - -
C7: GENERAL
C8: Hardboard
A9: 271 | B9: 1 | C9: 3mm Thick backs, linings, etc. | D9: m2 | E9: 3 | G9: =+E9*F9 -> 0
A10: 271 | B10: 2 | C10: 6.4mm Thick backs, linings, etc. | D10: m2 | E10: 3 | G10: =+E10*F10 -> 0
C11: White hardboard | H11: =SUM(G11:G31) -> 0
A12: 272 | B12: 3 | C12: 3mm Thick backs, linings, etc. | D12: m2 | E12: 3 | G12: =+E12*F12 -> 0
C13: Chipboard
A14: 272 | B14: 4 | C14: 20mm Thick shelves, divisions, sides, bottoms, tops, doors, etc. | D14: m2 | E14: 3 | G14: =+E14*F14 -> 0
C15: Laminated pine
A16: 272 | B16: 5 | C16: 20mm Thick shelves | D16: m2 | E16: 3 | G16: =+E16*F16 -> 0
C17: Wrought softwood
A18: 272 | B18: 6 | C18: 20mm Thick shelves, divisions, sides, bottoms, tops, doors, etc. | D18: m2 | E18: 3 | G18: =+E18*F18 -> 0
C19: Wrought hardwod
A20: 272 | B20: 7 | C20: 20mm Thick shelves, divisions, sides, bottoms, tops, doors, etc. | D20: m2 | E20: 3 | G20: =+E20*F20 -> 0
A21: 272 | B21: 8 | C21: 16 x 16mm Bead nailed, glued | D21: m | E21: 10 | G21: =+E21*F21 -> 0
C22: Melamine faced chipboard (colour: White)
A23: 272 | B23: 9 | C23: 16mm Thick shelves, divisions, sides, bottoms, tops, doors, etc. | D23: m2 | E23: 3 | G23: =+E23*F23 -> 0
A24: 272 | B24: 10 | C24: 16mm Wide melamine edging, glued and exposed edges cut back, finished flush with adjacent melamine surfaces of shelves, divisions, sides, tops, doors, etc. | D24: m | E24: 10 | G24: =+E24*F24 -> 0
C25: Melamine faced chipboard (colour: Folkstone Grey Peen)
A26: 272 | B26: 11 | C26: 16mm Thick shelves, divisions, sides, bottoms, tops, doors, etc. | D26: m2 | E26: 3 | G26: =+E26*F26 -> 0
A27: 272 | B27: 12 | C27: 16mm Wide melamine edging, glued and exposed edges cut back, finished flush with adjacent melamine surfaces of shelves, divisions, sides, tops, doors, etc. | D27: m | E27: 10 | G27: =+E27*F27 -> 0
C28: Melamine faced chipboard (colour: Oak)
A29: 272 | B29: 13 | C29: 16mm Thick shelves, divisions, sides, bottoms, tops, doors, etc. | D29: m2 | E29: 3 | G29: =+E29*F29 -> 0
A30: 272 | B30: 14 | C30: 16mm Wide melamine edging, glued and exposed edges cut back, finished flush with adjacent melamine surfaces of shelves, divisions, sides, tops, doors, etc. | D30: m | E30: 10 | G30: =+E30*F30 -> 0
C31: POST-FORMED TOPS
C32: Chipboard with 1mm thick high pressure plastic laminated finish (Formica) to one side and white liner quality on other side (colour:White) | H32: =SUM(G32:G44) -> 0
A33: 273 | B33: 15 | C33: 32mm Thick x 600mm wide post-formed top with one rounded edge | D33: m | E33: 5 | G33: =+E33*F33 -> 0
A34: 273 | B34: 16 | C34: 32mm Thick x 900mm wide post-formed top with one rounded edge | D34: m | E34: 5 | G34: =+E34*F34 -> 0
A35: 273 | B35: 17 | C35: 34mm Wide melamine edging, glued and exposed edges cut back, finished flush with adjacent melamine surfaces of top | D35: m | E35: 5 | G35: =+E35*F35 -> 0
C36: Chipboard with 1mm thick high pressure plastic laminated finish (Formica) to one side and white liner quality on other side (colour:Comet Granite)
A37: 273 | B37: 18 | C37: 32mm Thick x 600mm wide post-formed top with one rounded edge | D37: m | E37: 5 | G37: =+E37*F37 -> 0
A38: 273 | B38: 19 | C38: 32mm Thick x 900mm wide post-formed top with one rounded edge | D38: m | E38: 5 | G38: =+E38*F38 -> 0
A39: 273 | B39: 20 | C39: 34mm Wide melamine edging, glued and exposed edges cut back, finished flush with adjacent melamine surfaces of top | D39: m | E39: 5 | G39: =+E39*F39 -> 0
C40: BUILT-IN CUPBOARDS
C41: Ironmongery, metalwork, paint, etc. are elsewhere measured in the relevant trades.
C42: FLOOR CUPBOARDS
C43: Under worktop/counter built-in floor cupboards and drawer units
C44: Under worktop/counter built-in floor cupboards and drawer units formed of and including: -Bearers: 38 x 76mm sawn soft wood timbers; -Skirtings, bottoms, sides, carcasses and shelves: 16mm thick melamine faced CHIPBOARD (colour: White); -Bottoms, sides, backs and fronts of drawers: 16mm thick melamine faced CHIPBOARD (colour: White); -Doors and drawer faces: 16mm thick melamine faced CHIPBOARD (colour: Folkstone Grey Peen); -Covered back of all units: 3mm thick white hardboard -Exposed edges of all components in units, including doors, shelves and drawers: 1mm thick PVC edge strips matching the colour of the relevant melamine - - - - - - - - - - -
A45: 274 | B45: 21 | C45: Single door floor cupboard, size overall 500mm wide x 580mm deep x 868mm high from top of floor finish to underside of worktop/counter (elsewhere measured); NO shelf | D45: No | E45: 1 | G45: =+E45*F45 -> 0 | H45: =SUM(G45:G54) -> 0
A46: 274 | B46: 22 | C46: Single door floor cupboard, size overall 500mm wide x 580mm deep x 868mm high from top of floor finish to underside of worktop/counter (elsewhere measured); cupboard fitted with one shelf | D46: No | E46: 1 | G46: =+E46*F46 -> 0
A47: 274 | B47: 23 | C47: Single door floor cupboard, size overall 600mm wide x 580mm deep x 868mm high from top of floor finish to underside of worktop/counter (elsewhere measured); NO shelf | D47: No | E47: 1 | G47: =+E47*F47 -> 0
A48: 274 | B48: 24 | C48: Single door floor cupboard, size overall 600mm wide x 580mm deep x 868mm high from top of floor finish to underside of worktop/counter (elsewhere measured); cupboard fitted with one shelf | D48: No | E48: 1 | G48: =+E48*F48 -> 0
A49: 274 | B49: 25 | C49: Double door floor cupboard, size overall 900mm wide x 580mm deep x 868mm high from top of floor finish to underside of worktop/counter (elsewhere measured); NO shelf | D49: No | E49: 1 | G49: =+E49*F49 -> 0
A50: 274 | B50: 26 | C50: Double door floor cupboard, size overall 900mm wide x 580mm deep x 868mm high from top of floor finish to underside of worktop/counter (elsewhere measured); cupboard fitted with one shelf | D50: No | E50: 1 | G50: =+E50*F50 -> 0
A51: 274 | B51: 27 | C51: Double door floor cupboard, size overall 1200mm wide x 580mm deep x 868mm high from top of floor finish to underside of worktop/counter (elsewhere measured); NO shelf | D51: No | E51: 1 | G51: =+E51*F51 -> 0
A52: 274 | B52: 28 | C52: Double door floor cupboard, size overall 1200mm wide x 580mm deep x 868mm high from top of floor finish to underside of worktop/counter (elsewhere measured); cupboard fitted with one shelf | D52: No | E52: 1 | G52: =+E52*F52 -> 0
A53: 274 | B53: 29 | C53: Corner cupboard, size overall 600mm wide x 600mm wide (outer dimensions) x 580mm deep x 868mm high from top of floor finish to underside of worktop/counter (elsewhere measured); cupboard fitted with two doors; NO shelf | D53: No | E53: 1 | G53: =+E53*F53 -> 0
A54: 274 | B54: 30 | C54: Corner cupboard, size overall 600mm wide x 600mm wide (outer dimensions) x 580mm deep x 868mm high from top of floor finish to underside of worktop/counter (elsewhere measured); cupboard fitted with one L-shaped shelf and two doors | D54: No | E54: 1 | G54: =+E54*F54 -> 0
A55: 275 | B55: 31 | C55: Four-drawer floor unit, size overall 350mm wide x 580mm deep x 868mm high from top of floor finish to underside of worktop/counter (elsewhere measured); each drawer, approximately 250mm wide x 490mm long x 150mm deep (internal dimensions) with drawer front, 350mm wide x 196mm high | D55: No | E55: 1 | G55: =+E55*F55 -> 0 | H55: =SUM(G55:G61) -> 0
A56: 275 | B56: 32 | C56: Four-drawer floor unit, size overall 450mm wide x 580mm deep x 868mm high from top of floor finish to underside of worktop/counter (elsewhere measured); each drawer, approximately 350mm wide x 490mm long x 150mm deep (internal dimensions) with drawer front, 450mm wide x 196mm high | D56: No | E56: 1 | G56: =+E56*F56 -> 0
A57: 275 | B57: 33 | C57: Single door floor cupboard with ONE top drawer; unit size overall 500mm wide x 580mm deep x 868mm high from top of floor finish to underside of worktop/counter (elsewhere measured); drawer, approximately 400mm wide x 490mm long x 150mm deep (internal dimensions) with drawer front, 500mm wide x 196mm high; NO shelf | D57: No | E57: 1 | G57: =+E57*F57 -> 0
A58: 275 | B58: 34 | C58: Single door floor cupboard with ONE top drawer; unit size overall 500mm wide x 580mm deep x 868mm high from top of floor finish to underside of worktop/counter (elsewhere measured); drawer, approximately 400mm wide x 490mm long x 150mm deep (internal dimensions) with drawer front, 500mm wide x 196mm high; cupboard fitted with one shelf | D58: No | E58: 1 | G58: =+E58*F58 -> 0
A59: 275 | B59: 35 | C59: Single door floor cupboard with ONE top drawer; unit size overall 600mm wide x 580mm deep x 868mm high from top of floor finish to underside of worktop/counter (elsewhere measured); drawer, approximately 500mm wide x 490mm long x 150mm deep (internal dimensions) with drawer front, 600mm wide x 196mm high; NO shelf | D59: No | E59: 1 | G59: =+E59*F59 -> 0
A60: 275 | B60: 36 | C60: Single door floor cupboard with ONE top drawer; unit size overall 600mm wide x 580mm deep x 868mm high from top of floor finish to underside of worktop/counter (elsewhere measured); drawer, approximately 500mm wide x 490mm long x 150mm deep (internal dimensions) with drawer front, 600mm wide x 196mm high; cupboard fitted with one shelf | D60: No | E60: 1 | G60: =+E60*F60 -> 0
A61: 275 | B61: 37 | C61: Double door floor cupboard with TWO equal sized top drawers, unit size overall 900mm wide x 580mm deep x 868mm high from top of floor finish to underside of worktop/counter (elsewhere measured); each drawer, approximately 355mm wide x 490mm long x 150mm deep (internal dimensions) with drawer front, 450mm wide x 196mm high; NO shelf | D61: No | E61: 1 | G61: =+E61*F61 -> 0
A62: 276 | B62: 38 | C62: Double door floor cupboard with TWO equal sized top drawers, unit size overall 900mm wide x 580mm deep x 868mm high from top of floor finish to underside of worktop/counter (elsewhere measured); each drawer, approximately 355mm wide x 490mm long x 150mm deep (internal dimensions) with drawer front, 450mm wide x 196mm high; cupboard fitted with one shelf | D62: No | E62: 1 | G62: =+E62*F62 -> 0 | H62: =SUM(G62:G71) -> 0
A63: 276 | B63: 39 | C63: Double door floor cupboard with TWO equal sized top drawers, unit size overall 1200mm wide x 580mm deep x 868mm high from top of floor finish to underside of worktop/counter (elsewhere measured); each drawer, approximately 505mm wide x 490mm long x 150mm deep (internal dimensions) with drawer front, 450mm wide x 196mm high; NO shelf | D63: No | E63: 1 | G63: =+E63*F63 -> 0
A64: 276 | B64: 40 | C64: Double door floor cupboard with TWO equal sized top drawers, unit size overall 1200mm wide x 580mm deep x 868mm high from top of floor finish to underside of worktop/counter (elsewhere measured); each drawer, approximately 505mm wide x 490mm long x 150mm deep (internal dimensions) with drawer front, 450mm wide x 196mm high; cupboard fitted with one shelf | D64: No | E64: 1 | G64: =+E64*F64 -> 0
C65: WALL CUPBOARDS
C66: Built-in wall cupboards
C67: Built-in wall cupboards formed of and including: -Bottoms, sides, tops and shelves: 16mm thick melamine faced CHIPBOARD (colour: White); -Doors: 16mm thick melamine faced CHIPBOARD (colour: Folkstone Grey Peen); -Covered back of all units: 3mm thick white hardboard; -Exposed edges of all components in units, including doors and shelves: 1mm thick PVC edge strips matching the colour of the relevant melamine - - - - - - - - - - -
A68: 276 | B68: 41 | C68: Wall mounted microwave cabinet, size overall 650mm wide x 500mm high x 400mm deep at bottom x 200mm deep at top, comprising of and including bottom, back, top and sides with exposed top corner of each side splay cut | D68: No | E68: 1 | G68: =+E68*F68 -> 0
A69: 276 | B69: 42 | C69: Single door wall cupboard, size overall 500mm wide x 300mm deep x 750mm high; NO shelf | D69: No | E69: 1 | G69: =+E69*F69 -> 0
A70: 276 | B70: 43 | C70: Single door wall cupboard, size overall 500mm wide x 300mm deep x 750mm high; cupboard fitted with one shelf | D70: No | E70: 1 | G70: =+E70*F70 -> 0
A71: 276 | B71: 44 | C71: Single door wall cupboard, size overall 600mm wide x 300mm deep x 750mm high; NO shelf | D71: No | E71: 1 | G71: =+E71*F71 -> 0
A72: 277 | B72: 45 | C72: Single door wall cupboard, size overall 600mm wide x 300mm deep x 750mm high; cupboard fitted with one shelf | D72: No | E72: 1 | G72: =+E72*F72 -> 0 | H72: =SUM(G72:G78) -> 0
A73: 277 | B73: 46 | C73: Double door wall cupboard, size overall 900mm wide x 300mm deep x 750mm high; NO shelf | D73: No | E73: 1 | G73: =+E73*F73 -> 0
A74: 277 | B74: 47 | C74: Double door wall cupboard, size overall 900mm wide x 300mm deep x 750mm high; cupboard fitted with one shelf | D74: No | E74: 1 | G74: =+E74*F74 -> 0
A75: 277 | B75: 48 | C75: Double door wall cupboard, size overall 1200mm wide x 300mm deep x 750mm high; NO shelf | D75: No | E75: 1 | G75: =+E75*F75 -> 0
A76: 277 | B76: 49 | C76: Double door wall cupboard, size overall 1200mm wide x 300mm deep x 750mm high; cupboard fitted with one shelf | D76: No | E76: 1 | G76: =+E76*F76 -> 0
A77: 277 | B77: 50 | C77: Corner wall cupboard, size overall 600mm x 600mm wide x 300mm deep x 750mm high; cupboard fitted with two doors; NO shelf | D77: No | E77: 1 | G77: =+E77*F77 -> 0
A78: 277 | B78: 51 | C78: Corner wall cupboard, size overall 600mm x 600mm wide x 300mm deep x 750mm high; cupboard fitted with one L-shaped shelf and two doors | D78: No | E78: 1 | G78: =+E78*F78 -> 0
C79: TOTAL CARRIED TO SUMMARY OF SECTION 2 | G79: =SUM(G2:G78) -> 0 | H79: =SUM(H2:H78) -> 0

Sheet Ceilings, partitions
A1: PAGE NO | B1: ITEM NO | C1: DESCRIPTION | D1: UNIT | E1: QUANTITY | F1: RATE | G1: AMOUNT | H1: AMOUNT CARRIED TO COLLECTION
C2: SECTION NO. 2 | H2: =SUM(G2:G21) -> 0
C3: BILL NO. 10
C4: CEILINGS, PARTITIONS AND ACCESS FLOORING
C5: TIMBER BRANDERING, JOISTS, ETC.
C6: Sawn softwood grade 5
A7: 279 | B7: 1 | C7: 38 x 38mm Brandering, nailed and/or screwed | D7: m | E7: 12 | G7: =+E7*F7 -> 0
A8: 279 | B8: 2 | C8: 38 x 50mm Brandering, nailed and/or screwed | D8: m | E8: 12 | G8: =+E8*F8 -> 0
A9: 279 | B9: 3 | C9: 38 x 114mm Joists, rafters, etc. in lengths not exceeding 2.4 meter | D9: m | E9: 2 | G9: =+E9*F9 -> 0
A10: 279 | B10: 4 | C10: 38 x 114mm Joists, rafters, etc. in lengths exceeding 2.4 meter and not exceeding 3.9 meter | D10: m | E10: 3 | G10: =+E10*F10 -> 0
A11: 279 | B11: 5 | C11: 38 x 114mm Joists, rafters, etc. in lengths exceeding 3.9 meter and not exceeding 6.6 meter | D11: m | E11: 6 | G11: =+E11*F11 -> 0
A12: 279 | B12: 6 | C12: 38 x 114mm Joists, rafters, etc. in lengths exceeding 6.6 meter | D12: m | E12: 7 | G12: =+E12*F12 -> 0
A13: 279 | B13: 7 | C13: 50 x 228mm Joists, rafters, etc. in lengths not exceeding 2.4 meter | D13: m | E13: 2 | G13: =+E13*F13 -> 0
A14: 279 | B14: 8 | C14: 50 x 228mm Joists, rafters, etc. in lengths exceeding 2.4 meter and not exceeding 3.9 meter | D14: m | E14: 3 | G14: =+E14*F14 -> 0
A15: 279 | B15: 9 | C15: 50 x 228mm Joists, rafters, etc. in lengths exceeding 3.9 meter and not exceeding 6.6 meter | D15: m | E15: 6 | G15: =+E15*F15 -> 0
A16: 279 | B16: 10 | C16: 50 x 228mm Joists, rafters, etc. in lengths exceeding 6.6 meter | D16: m | E16: 7 | G16: =+E16*F16 -> 0
C17: Sawn softwood grade 7 | G17: =+E17*F17 -> 0
A18: 279 | B18: 11 | C18: 38 x 114mm Joists, rafters, etc. in lengths not exceeding 2.4 meter | D18: m | E18: 2 | G18: =+E18*F18 -> 0
A19: 279 | B19: 12 | C19: 38 x 114mm Joists, rafters, etc. in lengths exceeding 2.4 meter and not exceeding 3.9 meter | D19: m | E19: 3 | G19: =+E19*F19 -> 0
A20: 279 | B20: 13 | C20: 38 x 114mm Joists, rafters, etc. in lengths exceeding 3.9 meter and not exceeding 6.6 meter | D20: m | E20: 6 | G20: =+E20*F20 -> 0
A21: 279 | B21: 14 | C21: 38 x 114mm Joists, rafters, etc. in lengths exceeding 6.6 meter | D21: m | E21: 7 | G21: =+E21*F21 -> 0
A22: 280 | B22: 15 | C22: 50 x 228mm Joists, rafters, etc. in lengths not exceeding 2.4 meter | D22: m | E22: 2 | G22: =+E22*F22 -> 0 | H22: =SUM(G22:G41) -> 0
A23: 280 | B23: 16 | C23: 50 x 228mm Joists, rafters, etc. in lengths exceeding 2.4 meter and not exceeding 3.9 meter | D23: m | E23: 3 | G23: =+E23*F23 -> 0
A24: 280 | B24: 17 | C24: 50 x 228mm Joists, rafters, etc. in lengths exceeding 3.9 meter and not exceeding 6.6 meter | D24: m | E24: 6 | G24: =+E24*F24 -> 0
A25: 280 | B25: 18 | C25: 50 x 228mm Joists, rafters, etc. in lengths exceeding 6.6 meter | D25: m | E25: 7 | G25: =+E25*F25 -> 0
C26: Galvanised sheet iron trust hangers, connector plates, etc.
A27: 280 | B27: 19 | C27: 1.0mm Thick purlin clip | D27: No | E27: 10 | G27: =+E27*F27 -> 0
A28: 280 | B28: 20 | C28: 90-Degree x 38mm wide x 120mm high x 1.6mm thick truss hanger | D28: No | E28: 4 | G28: =+E28*F28 -> 0
A29: 280 | B29: 21 | C29: 90-Degree x 50mm wide x 115mm high x 1.6mm thick truss hanger | D29: No | E29: 4 | G29: =+E29*F29 -> 0
A30: 280 | B30: 22 | C30: 90-Degree x 76mm wide x 175mm high x 1.6mm thick truss hanger | D30: No | E30: 4 | G30: =+E30*F30 -> 0
C31: Bolts
A32: 280 | B32: 23 | C32: Bolts | D32: kg | E32: 1 | G32: =+E32*F32 -> 0
A33: 280 | B33: 24 | C33: 10mm Diameter expansion bolt | D33: No | E33: 2 | G33: =+E33*F33 -> 0
A34: 280 | B34: 25 | C34: 12mm Diameter expansion bolt | D34: No | E34: 2 | G34: =+E34*F34 -> 0
C35: NAILED-UP CEILINGS TO EXISTING TIMBER BRANDERING
C36: NAILED-UP CEILINGS TO EXISTING TIMBER BRANDERING: NON-SKIMMED
C37: 6,4mm Thick gypsum plaster board with and including H-type pressed steel jointing strips
A38: 280 | B38: 26 | C38: Horizontal ceilings | D38: m2 | E38: 16 | G38: =+E38*F38 -> 0
A39: 280 | B39: 27 | C39: Horizontal ceilings in patches not exceeding 1 square metre | D39: m2 | E39: 1 | G39: =+E39*F39 -> 0
A40: 280 | B40: 28 | C40: Bulkhead, 500mm wide x 100mm deep, in horizontal ceilings | D40: m | E40: 6 | G40: =+E40*F40 -> 0
A41: 280 | B41: 29 | C41: Bulkhead, 500mm wide x 250mm deep, in horizontal ceilings | D41: m | E41: 6 | G41: =+E41*F41 -> 0
A42: 281 | B42: 30 | C42: Bulkhead, 500mm wide x 500mm deep, in horizontal ceilings | D42: m | E42: 6 | G42: =+E42*F42 -> 0 | H42: =SUM(G42:G60) -> 0
A43: 281 | B43: 31 | C43: Sloping ceilings | D43: m2 | E43: 10 | G43: =+E43*F43 -> 0
A44: 281 | B44: 32 | C44: Sloping ceilings in patches not exceeding 1 square metre | D44: m2 | E44: 1 | G44: =+E44*F44 -> 0
A45: 281 | B45: 33 | C45: Bulkhead, 500mm wide x 100mm deep, in sloping ceilings | D45: m | E45: 3 | G45: =+E45*F45 -> 0
A46: 281 | B46: 34 | C46: Bulkhead, 500mm wide x 250mm deep, in sloping ceilings | D46: m | E46: 3 | G46: =+E46*F46 -> 0
A47: 281 | B47: 35 | C47: Bulkhead, 500mm wide x 500mm deep, in sloping ceilings | D47: m | E47: 3 | G47: =+E47*F47 -> 0
A48: 281 | B48: 36 | C48: Vertical ceilings | D48: m2 | E48: 5 | G48: =+E48*F48 -> 0
A49: 281 | B49: 37 | C49: Vertical ceilings in patches not exceeding 1 square metre | D49: m2 | E49: 1 | G49: =+E49*F49 -> 0
A50: 281 | B50: 38 | C50: Bulkhead, 500mm wide x 100mm deep, in vertical ceilings | D50: m | E50: 1 | G50: =+E50*F50 -> 0
A51: 281 | B51: 39 | C51: Bulkhead, 500mm wide x 250mm deep, in vertical ceilings | D51: m | E51: 1 | G51: =+E51*F51 -> 0
A52: 281 | B52: 40 | C52: Bulkhead, 500mm wide x 500mm deep, in vertical ceilings | D52: m | E52: 1 | G52: =+E52*F52 -> 0
A53: 281 | B53: 41 | C53: Extra over horizontal, sloping or vertical ceilings or bulkheads for opening for sprinkler head | D53: No | E53: 1 | G53: =+E53*F53 -> 0
A54: 281 | B54: 42 | C54: Extra over horizontal, sloping or vertical ceilings or bulkheads for opening for 100mm diameter down lighter | D54: No | E54: 1 | G54: =+E54*F54 -> 0
... A57: 281 | B57: 45 | C57: Extra over horizontal, sloping or vertical ceilings or bulkheads for opening for 600 x 1200mm light fitting | D57: No | E57: 1 | G57: =+E57*F57 -> 0
C58: 4mm Pressed fibre-cement boards with H-type pressed steel jointing strips
A59: 281 | B59: 46 | C59: Horizontal ceilings | D59: m2 | E59: 16 | G59: =+E59*F59 -> 0
A60: 281 | B60: 47 | C60: Horizontal ceilings in patches not exceeding 1 square metre | D60: m2 | E60: 1 | G60: =+E60*F60 -> 0
A61: 282 | B61: 48 | C61: Bulkhead, 500mm wide x 100mm deep, in horizontal ceilings | D61: m | E61: 6 | G61: =+E61*F61 -> 0 | H61: =SUM(G61:G78) -> 0
A62: 282 | B62: 49 | C62: Bulkhead, 500mm wide x 250mm deep, in horizontal ceilings | D62: m | E62: 6 | G62: =+E62*F62 -> 0
A63: 282 | B63: 50 | C63: Bulkhead, 500mm wide x 500mm deep, in horizontal ceilings | D63: m | E63: 6 | G63: =+E63*F63 -> 0
A64: 282 | B64: 51 | C64: Sloping ceilings | D64: m2 | E64: 10 | G64: =+E64*F64 -> 0
A65: 282 | B65: 52 | C65: Sloping ceilings in patches not exceeding 1 square metre | D65: m2 | E65: 1 | G65: =+E65*F65 -> 0
A66: 282 | B66: 53 | C66: Bulkhead, 500mm wide x 100mm deep, in sloping ceilings | D66: m | E66: 3 | G66: =+E66*F66 -> 0
A67: 282 | B67: 54 | C67: Bulkhead, 500mm wide x 250mm deep, in sloping ceilings | D67: m | E67: 3 | G67: =+E67*F67 -> 0
A68: 282 | B68: 55 | C68: Bulkhead, 500mm wide x 500mm deep, in sloping ceilings | D68: m | E68: 3 | G68: =+E68*F68 -> 0
A69: 282 | B69: 56 | C69: Vertical ceilings | D69: m2 | E69: 5 | G69: =+E69*F69 -> 0
A70: 282 | B70: 57 | C70: Vertical ceilings in patches not exceeding 1 square metre | D70: m2 | E70: 1 | G70: =+E70*F70 -> 0
A71: 282 | B71: 58 | C71: Bulkhead, 500mm wide x 100mm deep, in vertical ceilings | D71: m | E71: 1 | G71: =+E71*F71 -> 0
A72: 282 | B72: 59 | C72: Bulkhead, 500mm wide x 250mm deep, in vertical ceilings | D72: m | E72: 1 | G72: =+E72*F72 -> 0
A73: 282 | B73: 60 | C73: Bulkhead, 500mm wide x 500mm deep, in vertical ceilings | D73: m | E73: 1 | G73: =+E73*F73 -> 0
... A78: 282 | B78: 65 | C78: Extra over horizontal, sloping or vertical ceilings or bulkheads for opening for 600 x 1200mm light fitting | D78: No | E78: 1 | G78: =+E78*F78 -> 0
C79: 6mm Pressed fibre-cement boards with H-type pressed steel jointing strips | H79: =SUM(G79:G97) -> 0
A80: 283 | B80: 66 | C80: Horizontal ceilings | D80: m2 | E80: 16 | G80: =+E80*F80 -> 0
A81: 283 | B81: 67 | C81: Horizontal ceilings in patches not exceeding 1 square metre | D81: m2 | E81: 1 | G81: =+E81*F81 -> 0
A82: 283 | B82: 68 | C82: Bulkhead, 500mm wide x 100mm deep, in horizontal ceilings | D82: m | E82: 6 | G82: =+E82*F82 -> 0
A83: 283 | B83: 69 | C83: Bulkhead, 500mm wide x 250mm deep, in horizontal ceilings | D83: m | E83: 6 | G83: =+E83*F83 -> 0
A84: 283 | B84: 70 | C84: Bulkhead, 500mm wide x 500mm deep, in horizontal ceilings | D84: m | E84: 6 | G84: =+E84*F84 -> 0
A85: 283 | B85: 71 | C85: Sloping ceilings | D85: m2 | E85: 10 | G85: =+E85*F85 -> 0
A86: 283 | B86: 72 | C86: Sloping ceilings in patches not exceeding 1 square metre | D86: m2 | E86: 1 | G86: =+E86*F86 -> 0
A87: 283 | B87: 73 | C87: Bulkhead, 500mm wide x 100mm deep, in sloping ceilings | D87: m | E87: 3 | G87: =+E87*F87 -> 0
A88: 283 | B88: 74 | C88: Bulkhead, 500mm wide x 250mm deep, in sloping ceilings | D88: m | E88: 3 | G88: =+E88*F88 -> 0
A89: 283 | B89: 75 | C89: Bulkhead, 500mm wide x 500mm deep, in sloping ceilings | D89: m | E89: 3 | G89: =+E89*F89 -> 0
A90: 283 | B90: 76 | C90: Vertical ceilings | D90: m2 | E90: 5 | G90: =+E90*F90 -> 0
A91: 283 | B91: 77 | C91: Vertical ceilings in patches not exceeding 1 square metre | D91: m2 | E91: 1 | G91: =+E91*F91 -> 0
... A97: 283 | B97: 83 | C97: Extra over horizontal, sloping or vertical ceilings or bulkheads for 600 x 600mm opening for ventilation or air-conditioning diffuser | D97: No | E97: 1 | G97: =+E97*F97 -> 0
A98: 284 | B98: 84 | C98: Extra over horizontal, sloping or vertical ceilings or bulkheads for opening for 600 x 1200mm light fitting | D98: No | E98: 1 | G98: =+E98*F98 -> 0 | H98: =SUM(G98:G115) -> 0
A99: 284 | B99: 85 | C99: Extra over horizontal, sloping or vertical ceilings or bulkheads for opening for 600 x 1200mm light fitting | D99: No | E99: 1 | G99: =+E99*F99 -> 0
C100: NAILED-UP CEILINGS TO EXISTING TIMBER BRANDERING: SKIMMED
C101: 6,4mm Thick gypsum plaster board with and including 48mm wide self-adhesive fibreglass mesh tape over joints; ceiling covered with and including 3mm thick "RhinoLite Cretestone" or similar approved gypsum plaster finished smooth with a steel trowel (skimmed ceilings)
A102: 284 | B102: 86 | C102: Horizontal ceilings | D102: m2 | E102: 16 | G102: =+E102*F102 -> 0
A103: 284 | B103: 87 | C103: Horizontal ceilings in patches not exceeding 1 square metre | D103: m2 | E103: 1 | G103: =+E103*F103 -> 0
A104: 284 | B104: 88 | C104: Bulkhead, 500mm wide x 100mm deep, in horizontal ceilings | D104: m | E104: 6 | G104: =+E104*F104 -> 0
A105: 284 | B105: 89 | C105: Bulkhead, 500mm wide x 250mm deep, in horizontal ceilings | D105: m | E105: 6 | G105: =+E105*F105 -> 0
A106: 284 | B106: 90 | C106: Bulkhead, 500mm wide x 500mm deep, in horizontal ceilings | D106: m | E106: 6 | G106: =+E106*F106 -> 0
A107: 284 | B107: 91 | C107: Sloping ceilings | D107: m2 | E107: 10 | G107: =+E107*F107 -> 0
A108: 284 | B108: 92 | C108: Sloping ceilings in patches not exceeding 1 square metre | D108: m2 | E108: 1 | G108: =+E108*F108 -> 0
A109: 284 | B109: 93 | C109: Bulkhead, 500mm wide x 100mm deep, in sloping ceilings | D109: m | E109: 3 | G109: =+E109*F109 -> 0
A110: 284 | B110: 94 | C110: Bulkhead, 500mm wide x 250mm deep, in sloping ceilings | D110: m | E110: 3 | G110: =+E110*F110 -> 0
A111: 284 | B111: 95 | C111: Bulkhead, 500mm wide x 500mm deep, in sloping ceilings | D111: m | E111: 3 | G111: =+E111*F111 -> 0
...

Sheet Floor coverings, wall linings
A1: PAGE NO | B1: ITEM NO | C1: DESCRIPTION | D1: UNIT | E1: QUANTITY | F1: RATE | G1: AMOUNT | H1: AMOUNT CARRIED TO COLLECTION
C2: SECTION NO. 2 | H2: =SUM(G2:G19) -> 0
C3: BILL NO. 11
C4: FLOOR COVERINGS, WALL LININGS, ETC.
C5: FLOOR COVERINGS
C6: CARPET TILES
C7: "Belgotex berberpoint 920" or similar approved 500 x 500mm x 8.5mm Thick heavy commercial, PP, structured needle punched colour fast carpet tiles with stainproof polypropylene fibre, bitumen backing, fire index of 3, electrostatic propensity of less than 2.0kV and fibre mass of 920g/ square metre
A8: 316 | B8: 1 | C8: On floors and landings | D8: m2 | E8: 16 | G8: =+E8*F8 -> 0
A9: 316 | B9: 2 | C9: On floors and landings in patches not exceeding 1 square metre | D9: m2 | E9: 1 | G9: =+E9*F9 -> 0
A10: 316 | B10: 3 | C10: On treads and risers of stairs | D10: m2 | E10: 5 | G10: =+E10*F10 -> 0
C11: VINYL TILES
C12: "FloorworX Superflex" 300 x 300 x 2.5mm thick or similar approved or similar approved homogeneous vinyl tiles, including adhesive to cementitious/timber/metal surfaces
A13: 316 | B13: 4 | C13: On floors and landings | D13: m2 | E13: 16 | G13: =+E13*F13 -> 0
A14: 316 | B14: 5 | C14: On floors and landings in patches not exceeding 1 square metre | D14: m2 | E14: 1 | G14: =+E14*F14 -> 0
A15: 316 | B15: 6 | C15: On treads and risers of stairs | D15: m2 | E15: 5 | G15: =+E15*F15 -> 0
C16: "Polyflor Polyflex Plus PU" 300 x 300 x 2mm thick or similar approved homogeneous vinyl tiles, including adhesive to cementitious/timber/metal surfaces
A17: 316 | B17: 7 | C17: On floors and landings | D17: m2 | E17: 16 | G17: =+E17*F17 -> 0
A18: 316 | B18: 8 | C18: On floors and landings in patches not exceeding 1 square metre | D18: m2 | E18: 1 | G18: =+E18*F18 -> 0
A19: 316 | B19: 9 | C19: On treads and risers of stairs | D19: m2 | E19: 5 | G19: =+E19*F19 -> 0
C20: "Gerflor Mactile" 300 x 300 x 2.5mm thick or similar approved homogeneous vinyl tiles, including adhesive to cementitious/timber/metal surfaces | H20: =SUM(G20:G40) -> 0
A21: 317 | B21: 10 | C21: On floors and landings | D21: m2 | E21: 16 | G21: =+E21*F21 -> 0
A22: 317 | B22: 11 | C22: On floors and landings in patches not exceeding 1 square metre | D22: m2 | E22: 1 | G22: =+E22*F22 -> 0
A23: 317 | B23: 12 | C23: On treads and risers of stairs | D23: m2 | E23: 5 | G23: =+E23*F23 -> 0
C24: VINYL SHEETING: STANDARD
C25: 2mm Thick "FloorworX Superflex" or similar approved homogeneous vinyl sheeting, including adhesive to cementitious/timber/metal surfaces
A26: 317 | B26: 13 | C26: On floors and landings | D26: m2 | E26: 40 | G26: =+E26*F26 -> 0
A27: 317 | B27: 14 | C27: On floors and landings in patches not exceeding 1 square metre | D27: m2 | E27: 10 | G27: =+E27*F27 -> 0
A28: 317 | B28: 15 | C28: On treads and risers of stairs | D28: m2 | E28: 5 | G28: =+E28*F28 -> 0
A29: 317 | B29: 16 | C29: On walls | D29: m2 | E29: 4 | G29: =+E29*F29 -> 0
A30: 317 | B30: 17 | C30: In margins, borders, turn-ups, etc. not exceeding 500mm wide | D30: m | E30: 5 | G30: =+E30*F30 -> 0
C31: 2mm Thick "FloorworX Sphera Element" or similar approved homogeneous vinyl sheeting, including adhesive to cementitious/timber/metal surfaces
A32: 317 | B32: 18 | C32: On floors and landings | D32: m2 | E32: 40 | G32: =+E32*F32 -> 0
A33: 317 | B33: 19 | C33: On floors and landings in patches not exceeding 1 square metre | D33: m2 | E33: 10 | G33: =+E33*F33 -> 0
A34: 317 | B34: 20 | C34: On treads and risers of stairs | D34: m2 | E34: 5 | G34: =+E34*F34 -> 0
A35: 317 | B35: 21 | C35: On walls | D35: m2 | E35: 4 | G35: =+E35*F35 -> 0
A36: 317 | B36: 22 | C36: In margins, borders, turn-ups, etc. not exceeding 500mm wide | D36: m | E36: 5 | G36: =+E36*F36 -> 0
C37: 2mm Thick "Polyflor XL PU" or similar approved homogeneous vinyl sheeting, including adhesive to cementitious/timber/metal surfaces (Strip and sealing of sheeting elsewhere measured)
A38: 317 | B38: 23 | C38: On floors and landings | D38: m2 | E38: 40 | G38: =+E38*F38 -> 0
A39: 317 | B39: 24 | C39: On floors and landings in patches not exceeding 1 square metre | D39: m2 | E39: 10 | G39: =+E39*F39 -> 0
A40: 317 | B40: 25 | C40: On treads and risers of stairs | D40: m2 | E40: 5 | G40: =+E40*F40 -> 0
A41: 318 | B41: 26 | C41: On walls | D41: m2 | E41: 4 | G41: =+E41*F41 -> 0 | H41: =SUM(G41:G60) -> 0
A42: 318 | B42: 27 | C42: In margins, borders, turn-ups, etc. not exceeding 500mm wide | D42: m | E42: 5 | G42: =+E42*F42 -> 0
C43: 2mm Thick "Polyflor Standard XL" or similar approved homogeneous vinyl sheeting, including adhesive to cementitious/timber/metal surfaces
A44: 318 | B44: 28 | C44: On floors and landings | D44: m2 | E44: 40 | G44: =+E44*F44 -> 0
A45: 318 | B45: 29 | C45: On floors and landings in patches not exceeding 1 square metre | D45: m2 | E45: 10 | G45: =+E45*F45 -> 0
A46: 318 | B46: 30 | C46: On treads and risers of stairs | D46: m2 | E46: 5 | G46: =+E46*F46 -> 0
A47: 318 | B47: 31 | C47: On walls | D47: m2 | E47: 4 | G47: =+E47*F47 -> 0
A48: 318 | B48: 32 | C48: In margins, borders, turn-ups, etc. not exceeding 500mm wide | D48: m | E48: 5 | G48: =+E48*F48 -> 0
C49: 2mm Thick "Polyflor 2000 PUR" or similar approved homogeneous vinyl sheeting, including adhesive to cementitious/timber/metal surfaces
A50: 318 | B50: 33 | C50: On floors and landings | D50: m2 | E50: 40 | G50: =+E50*F50 -> 0
A51: 318 | B51: 34 | C51: On floors and landings in patches not exceeding 1 square metre | D51: m2 | E51: 10 | G51: =+E51*F51 -> 0
A52: 318 | B52: 35 | C52: On treads and risers of stairs | D52: m2 | E52: 5 | G52: =+E52*F52 -> 0
A53: 318 | B53: 36 | C53: On walls | D53: m2 | E53: 4 | G53: =+E53*F53 -> 0
A54: 318 | B54: 37 | C54: In margins, borders, turn-ups, etc. not exceeding 500mm wide | D54: m | E54: 5 | G54: =+E54*F54 -> 0
C55: 2mm Thick "Polyflor Classic Mystique PUR" or similar approved homogeneous vinyl sheeting, including adhesive to cementitious/timber/metal surfaces
A56: 318 | B56: 38 | C56: On floors and landings | D56: m2 | E56: 40 | G56: =+E56*F56 -> 0
A57: 318 | B57: 39 | C57: On floors and landings in patches not exceeding 1 square metre | D57: m2 | E57: 10 | G57: =+E57*F57 -> 0
A58: 318 | B58: 40 | C58: On treads and risers of stairs | D58: m2 | E58: 5 | G58: =+E58*F58 -> 0
A59: 318 | B59: 41 | C59: On walls | D59: m2 | E59: 4 | G59: =+E59*F59 -> 0
A60: 318 | B60: 42 | C60: In margins, borders, turn-ups, etc. not exceeding 500mm wide | D60: m | E60: 5 | G60: =+E60*F60 -> 0
C61: 2mm Thick "Polyflor Palettone PUR" or similar approved homogeneous vinyl sheeting, including adhesive to cementitious/timber/metal surfaces | H61: =SUM(G61:G80) -> 0
A62: 319 | B62: 43 | C62: On floors and landings | D62: m2 | E62: 40 | G62: =+E62*F62 -> 0
A63: 319 | B63: 44 | C63: On floors and landings in patches not exceeding 1 square metre | D63: m2 | E63: 10 | G63: =+E63*F63 -> 0
A64: 319 | B64: 45 | C64: On treads and risers of stairs | D64: m2 | E64: 5 | G64: =+E64*F64 -> 0
A65: 319 | B65: 46 | C65: On walls | D65: m2 | E65: 4 | G65: =+E65*F65 -> 0
A66: 319 | B66: 47 | C66: In margins, borders, turn-ups, etc. not exceeding 500mm wide | D66: m | E66: 5 | G66: =+E66*F66 -> 0
C67: 2mm Thick "Gerflor Mipolam Troplan Plus" or similar approved homogeneous vinyl sheeting, including adhesive to cementitious/timber/metal surfaces
A68: 319 | B68: 48 | C68: On floors and landings | D68: m2 | E68: 40 | G68: =+E68*F68 -> 0
A69: 319 | B69: 49 | C69: On floors and landings in patches not exceeding 1 square metre | D69: m2 | E69: 10 | G69: =+E69*F69 -> 0
A70: 319 | B70: 50 | C70: On treads and risers of stairs | D70: m2 | E70: 5 | G70: =+E70*F70 -> 0
A71: 319 | B71: 51 | C71: On walls | D71: m2 | E71: 4 | G71: =+E71*F71 -> 0
A72: 319 | B72: 52 | C72: In margins, borders, turn-ups, etc. not exceeding 500mm wide | D72: m | E72: 5 | G72: =+E72*F72 -> 0
C73: 2mm Thick "Gerflor Mipolam Atlas" or similar approved homogeneous vinyl sheeting, including adhesive to cementitious/timber/metal surfaces
A74: 319 | B74: 53 | C74: On floors and landings | D74: m2 | E74: 40 | G74: =+E74*F74 -> 0
A75: 319 | B75: 54 | C75: On floors and landings in patches not exceeding 1 square metre | D75: m2 | E75: 10 | G75: =+E75*F75 -> 0
A76: 319 | B76: 55 | C76: On treads and risers of stairs | D76: m2 | E76: 5 | G76: =+E76*F76 -> 0
A77: 319 | B77: 56 | C77: On walls | D77: m2 | E77: 4 | G77: =+E77*F77 -> 0
A78: 319 | B78: 57 | C78: In margins, borders, turn-ups, etc. not exceeding 500mm wide | D78: m | E78: 5 | G78: =+E78*F78 -> 0
C79: 2mm Thick "Gerflor Mipolam Ambiance Ultra" or similar approved homogeneous vinyl sheeting, including adhesive to cementitious/timber/metal surfaces
A80: 319 | B80: 58 | C80: On floors and landings | D80: m2 | E80: 40 | G80: =+E80*F80 -> 0
A81: 320 | B81: 59 | C81: On floors and landings in patches not exceeding 1 square metre | D81: m2 | E81: 10 | G81: =+E81*F81 -> 0 | H81: =SUM(G81:G100) -> 0
A82: 320 | B82: 60 | C82: On treads and risers of stairs | D82: m2 | E82: 5 | G82: =+E82*F82 -> 0
A83: 320 | B83: 61 | C83: On walls | D83: m2 | E83: 4 | G83: =+E83*F83 -> 0
A84: 320 | B84: 62 | C84: In margins, borders, turn-ups, etc. not exceeding 500mm wide | D84: m | E84: 5 | G84: =+E84*F84 -> 0
C85: VINYL SHEETING: or similar approved safety
C86: 2mm Thick "FloorworX Surestep" or similar approved or similar approved safety vinyl sheeting, including adhesive to cementitious/timber/metal surfaces
A87: 320 | B87: 63 | C87: On floors and landings | D87: m2 | E87: 40 | G87: =+E87*F87 -> 0
A88: 320 | B88: 64 | C88: On floors and landings in patches not exceeding 1 square metre | D88: m2 | E88: 10 | G88: =+E88*F88 -> 0
A89: 320 | B89: 65 | C89: On treads and risers of stairs | D89: m2 | E89: 5 | G89: =+E89*F89 -> 0
A90: 320 | B90: 66 | C90: In margins, borders, turn-ups, etc. not exceeding 500mm wide | D90: m | E90: 5 | G90: =+E90*F90 -> 0
C91: 2mm Thick "Polyflor Polysafe Hydro" or similar approved safety vinyl sheeting, including adhesive to cementitious/timber/metal surfaces
A92: 320 | B92: 67 | C92: On floors and landings | D92: m2 | E92: 40 | G92: =+E92*F92 -> 0
A93: 320 | B93: 68 | C93: On floors and landings in patches not exceeding 1 square metre | D93: m2 | E93: 10 | G93: =+E93*F93 -> 0
A94: 320 | B94: 69 | C94: On treads and risers of stairs | D94: m2 | E94: 5 | G94: =+E94*F94 -> 0
A95: 320 | B95: 70 | C95: In margins, borders, turn-ups, etc. not exceeding 500mm wide | D95: m | E95: 5 | G95: =+E95*F95 -> 0
C96: 2mm Thick "Polyflor Quattro PUR" or similar approved safety vinyl sheeting, including adhesive to cementitious/timber/metal surfaces
A97: 320 | B97: 71 | C97: On floors and landings | D97: m2 | E97: 40 | G97: =+E97*F97 -> 0
A98: 320 | B98: 72 | C98: On floors and landings in patches not exceeding 1 square metre | D98: m2 | E98: 10 | G98: =+E98*F98 -> 0
A99: 320 | B99: 73 | C99: On treads and risers of stairs | D99: m2 | E99: 5 | G99: =+E99*F99 -> 0
A100: 320 | B100: 74 | C100: In margins, borders, turn-ups, etc. not exceeding 500mm wide | D100: m | E100: 5 | G100: =+E100*F100 -> 0
...

Sheet Ironmongery
A1: PAGE NO | B1: ITEM NO | C1: DESCRIPTION | D1: UNIT | E1: QUANTITY | F1: RATE | G1: AMOUNT | H1: AMOUNT CARRIED TO COLLECTION
C2: SECTION NO. 2 | H2: =SUM(G2:G20) -> 0
C3: BILL NO. 12
C4: IRONMONGERY
C5: HINGES, BOLTS, ETC.
C6: Cabin hook and eyes fixed to timber/steel/aluminium
A7: 329 | B7: 1 | C7: 75mm Long chrome/brass plated cabin hook and eye | D7: No | E7: 1 | G7: =+E7*F7 -> 0
A8: 329 | B8: 2 | C8: 100mm Long chrome/brass plated cabin hook and eye | D8: No | E8: 1 | G8: =+E8*F8 -> 0
A9: 329 | B9: 3 | C9: 150mm Long chrome/brass plated cabin hook and eye | D9: No | E9: 1 | G9: =+E9*F9 -> 0
A10: 329 | B10: 4 | C10: 200mm Long chrome/brass plated cabin hook and eye | D10: No | E10: 1 | G10: =+E10*F10 -> 0
A11: 329 | B11: 5 | C11: 100 x 100 x 32mm thick oiled hard wood block with chamfered edges all round, plugged | D11: No | E11: 1 | G11: =+E11*F11 -> 0
C12: Barrel bolts to timber / steel / aluminium
A13: 329 | B13: 6 | C13: Brass/ chrome plated straight/necked barrel bolt, 50mm long, including keep | D13: No | E13: 1 | G13: =+E13*F13 -> 0
A14: 329 | B14: 7 | C14: Brass/ chrome plated straight/necked barrel bolt, 75mm long, including keep | D14: No | E14: 1 | G14: =+E14*F14 -> 0
A15: 329 | B15: 8 | C15: Brass/ chrome plated straight/necked barrel bolt, 100mm long, including keep | D15: No | E15: 1 | G15: =+E15*F15 -> 0
A16: 329 | B16: 9 | C16: Brass/ chrome plated straight/necked barrel bolt, 150mm long, including keep | D16: No | E16: 1 | G16: =+E16*F16 -> 0
C17: Cupboard hinges to timber
A18: 329 | B18: 10 | C18: Chrome plated 90-degree concealed slide-on or clip-on soft close hinge, including four-hole mounting plate | D18: No | E18: 1 | G18: =+E18*F18 -> 0
A19: 329 | B19: 11 | C19: Chrome plated 110-degree concealed slide-on or clip-on soft close hinge, including four-hole mounting plate | D19: No | E19: 1 | G19: =+E19*F19 -> 0
A20: 329 | B20: 12 | C20: Chrome plated 175-degree concealed slide-on or clip-on soft close hinge, including four-hole mounting plate | D20: No | E20: 1 | G20: =+E20*F20 -> 0
C21: "ASSA ABLOY" or similar approved hinges fixed to timber/steel/aluminium | H21: =SUM(G21:G25) -> 0
A22: 330 | B22: 13 | C22: "Union 8352-100SB" 100 x 75 x 3mm satin brass ball bearing butt hinges | D22: No | E22: 1 | G22: =+E22*F22 -> 0
A23: 330 | B23: 14 | C23: "Union JH-BB-STD-2-SS" 102 x 76 x 3mm grade 304 stainless steel ball bearing butt hinge | D23: No | E23: 1 | G23: =+E23*F23 -> 0
A24: 330 | B24: 15 | C24: "Union X-SS194RS-3-SS" 102/114 x 76 x 3mm grade 304 stainless steel rising butt hinge | D24: No | E24: 1 | G24: =+E24*F24 -> 0
A25: 330 | B25: 16 | C25: "Union 8352-100SS/2SP" 100 x 75 x 3mm grade 304 stainless ball bearing security hinge with two (2) security pins | D25: No | E25: 1 | G25: =+E25*F25 -> 0
A26: 331 | B26: 17 | C26: "Union X-SS194FS-3-SS" 102/112 x 76 x 3mm grade 304 stainless steel falling butt hinges | D26: No | E26: 1 | G26: =+E26*F26 -> 0 | H26: =SUM(G26:G29) -> 0
A27: 331 | B27: 18 | C27: "Union AL8352-100AS" 100 x 75 x 3.5mm aluminium butt hinge | D27: No | E27: 1 | G27: =+E27*F27 -> 0
A28: 331 | B28: 19 | C28: "Union 8352-100" 100 x 73 x 3mm sinkless aluminium hinge | D28: No | E28: 1 | G28: =+E28*F28 -> 0
A29: 331 | B29: 20 | C29: "Union 8352-200" 200 x 72 x 3mm sinkless aluminium hinge | D29: No | E29: 1 | G29: =+E29*F29 -> 0
A30: 332 | B30: 21 | C30: "Union 8352-100FLSS" 100 x 75 x 3mm grade 304 stainless steel ball bearing sinkless hinge | D30: No | E30: 1 | G30: =+E30*F30 -> 0 | H30: =SUM(G30:G49) -> 0
C31: Punched piano hinges to timber / steel / aluminium
C32: Note: Information on most of the piano hinges is obtainable from the website of "General Hinges and Aluminium Frames".
A33: 332 | B33: 22 | C33: Brass piano hinge, 0.7mm thick x 32mm wide | D33: m | E33: 1 | G33: =+E33*F33 -> 0
A34: 332 | B34: 23 | C34: Brass piano hinge, 1.2mm thick x 38mm wide | D34: m | E34: 1 | G34: =+E34*F34 -> 0
A35: 332 | B35: 24 | C35: Brass piano hinge, 1.2mm thick x 50mm wide | D35: m | E35: 1 | G35: =+E35*F35 -> 0
A36: 332 | B36: 25 | C36: Brass piano hinge, 1.6mm thick x 38mm wide | D36: m | E36: 1 | G36: =+E36*F36 -> 0
A37: 332 | B37: 26 | C37: Brass piano hinge, 1.6mm thick x 50mm wide | D37: m | E37: 1 | G37: =+E37*F37 -> 0
A38: 332 | B38: 27 | C38: Brass piano hinge, 1.6mm thick x 75mm wide | D38: m | E38: 1 | G38: =+E38*F38 -> 0
A39: 332 | B39: 28 | C39: Galvanised steel piano hinge, 1.6mm thick x 38mm wide | D39: m | E39: 1 | G39: =+E39*F39 -> 0
A40: 332 | B40: 29 | C40: Galvanised steel piano hinge, 1.6mm thick x 50mm wide | D40: m | E40: 1 | G40: =+E40*F40 -> 0
A41: 332 | B41: 30 | C41: Galvanised steel piano hinge, 1.6mm thick x 75mm wide | D41: m | E41: 1 | G41: =+E41*F41 -> 0
A42: 332 | B42: 31 | C42: Galvanised steel piano hinge, 2mm thick x 50mm wide | D42: m | E42: 1 | G42: =+E42*F42 -> 0
A43: 332 | B43: 32 | C43: Galvanised steel piano hinge, 3mm thick x 50mm wide | D43: m | E43: 1 | G43: =+E43*F43 -> 0
A44: 332 | B44: 33 | C44: Galvanised steel piano hinge, 3mm thick x 100mm wide | D44: m | E44: 1 | G44: =+E44*F44 -> 0
... A49: 332 | B49: 38 | C49: Stainless steel piano hinge, 1.6mm thick x 75mm wide | D49: m | E49: 1 | G49: =+E49*F49 -> 0
A50: 333 | B50: 39 | C50: Stainless steel piano hinge, 1.6mm thick x 100mm wide | D50: m | E50: 1 | G50: =+E50*F50 -> 0 | H50: =SUM(G50:G58) -> 0
A51: 333 | B51: 40 | C51: Stainless steel piano hinge, 2mm thick x 50mm wide | D51: m | E51: 1 | G51: =+E51*F51 -> 0
A52: 333 | B52: 41 | C52: Stainless steel piano hinge, 2mm thick x 70mm wide | D52: m | E52: 1 | G52: =+E52*F52 -> 0
A53: 333 | B53: 42 | C53: Stainless steel piano hinge, 3mm thick x 100mm wide | D53: m | E53: 1 | G53: =+E53*F53 -> 0
C54: "ASSA ABLOY" or similar approved indicator bolts fixed to timber/steel/aluminium
A55: 333 | B55: 43 | C55: "Unioni AL8098AS" anodised silver aluminium WC indicator bolt | D55: No | E55: 1 | G55: =+E55*F55 -> 0
A56: 333 | B56: 44 | C56: "Union SS8023SS" stainless steel WC indicator bolt | D56: No | E56: 1 | G56: =+E56*F56 -> 0
A57: 333 | B57: 45 | C57: "Union AL8294AS" anodised silver aluminium WC indicator bolt | D57: No | E57: 1 | G57: =+E57*F57 -> 0
A58: 333 | B58: 46 | C58: "Union CZ80941CHR/SCR" chrome plated / satin chromed WC indicator bolt | D58: No | E58: 1 | G58: =+E58*F58 -> 0
A59: 334 | B59: 47 | C59: "Union 37651AS" anodised silver aluminium helping hand WC / accessible facility indicator bolt | D59: No | E59: 1 | G59: =+E59*F59 -> 0 | H59: =SUM(G59:G63) -> 0
C60: "ASSA ABLOY" or similar approved flush bolts fixed to timber/steel/aluminium
A61: 334 | B61: 48 | C61: "Union AL8208-180AS/MD" anodised silver flush bolt, 225mm long (for metal doors only) | D61: No | E61: 1 | G61: =+E61*F61 -> 0
A62: 334 | B62: 49 | C62: "Union 8052-150PL/SC" polished brass/satin chrome flush bolt,150mm long PL SC | D62: No | E62: 1 | G62: =+E62*F62 -> 0
A63: 334 | B63: 50 | C63: "Union 8052-200PL/SC" polished brass/satin chrome flush bolt, 200mm long | D63: No | E63: 1 | G63: =+E63*F63 -> 0
A64: 335 | B64: 51 | C64: "Union AL8208-150AS" anodised silver flush bolt, 150mm long | D64: No | E64: 1 | G64: =+E64*F64 -> 0 | H64: =SUM(G64:G75) -> 0
A65: 335 | B65: 52 | C65: "Union AL8208-225AS" anodised silver flush bolt, 225mm long | D65: No | E65: 1 | G65: =+E65*F65 -> 0
A66: 335 | B66: 53 | C66: "Union AL8208-300AS" anodised silver flush bolt, 300mm long | D66: No | E66: 1 | G66: =+E66*F66 -> 0
C67: LOCKS AND CYLINDERS
C68: Note: All keying options are standard, unless otherwise described.
C69: "ASSA ABLOY", "CISA" or similar approved padlocks
A70: 335 | B70: 54 | C70: "Yale" 50mm brass 5-pin cylinder double locking padlock with 8mm diameter hardened steel standard shackle and security rating of 3 | D70: No | E70: 1 | G70: =+E70*F70 -> 0
A71: 335 | B71: 55 | C71: "Yale" 50mm brass 5-pin cylinder double locking padlock with 8mm diameter hardened steel long shackle and security rating of 3 | D71: No | E71: 1 | G71: =+E71*F71 -> 0
A72: 335 | B72: 56 | C72: "Yale" 80mm brass 5-pin cylinder double locking hammer padlock with 14mm diameter hardened steel standard shackle and security rating of 6 | D72: No | E72: 1 | G72: =+E72*F72 -> 0
A73: 335 | B73: 57 | C73: "Yale" 70mm brass 5-pin cylinder double locking rectangular shutter padlock with 10mm diameter hardened steel shackle and security rating of 6 | D73: No | E73: 1 | G73: =+E73*F73 -> 0
C74: "ASSA ABLOY" or similar approved cupboard locks fixed to timber/steel/aluminium
A75: 335 | B75: 58 | C75: "Union 423-76/1" 76mm 2-lever brass plated mild steel cupboard lock | D75: No | E75: 1 | G75: =+E75*F75 -> 0
A76: 336 | B76: 59 | C76: "Union 423-76/1" 76mm 4-lever brass plated mild steel cupboard lock | D76: No | E76: 1 | G76: =+E76*F76 -> 0 | H76: =SUM(G76:G91) -> 0
A77: 336 | B77: 60 | C77: "Union 452-22" 22mm brass cylinder cupboard dead lock | D77: No | E77: 1 | G77: =+E77*F77 -> 0
A78: 336 | B78: 61 | C78: "Union 452-38" 38mm brass cylinder cupboard dead lock | D78: No | E78: 1 | G78: =+E78*F78 -> 0
A79: 336 | B79: 62 | C79: "Union 457-22" 22mm brass cylinder drawer dead lock | D79: No | E79: 1 | G79: =+E79*F79 -> 0
A80: 336 | B80: 63 | C80: "Union 457-38" 38mm brass cylinder drawer dead lock | D80: No | E80: 1 | G80: =+E80*F80 -> 0
A81: 336 | B81: 64 | C81: "Union 462-22" 22mm brass cylinder cupboard latch lock | D81: No | E81: 1 | G81: =+E81*F81 -> 0
A82: 336 | B82: 65 | C82: "Union 462-38" 38mm brass cylinder cupboard latch lock | D82: No | E82: 1 | G82: =+E82*F82 -> 0
A83: 336 | B83: 66 | C83: "Union 467-22" 22mm brass cylinder drawer latch lock | D83: No | E83: 1 | G83: =+E83*F83 -> 0
A84: 336 | B84: 67 | C84: "Union 467-38" 38mm brass cylinder drawer latch lock | D84: No | E84: 1 | G84: =+E84*F84 -> 0
C85: "ASSA ABLOY" or similar approved security gate locks fixed to timber/steel/aluminium
A86: 336 | B86: 68 | C86: "Yale YDYN201" 5-lever security gate lock with galvanised lock case, brass plated for-end finish and laminated deadbolt, including escutcheons | D86: No | E86: 1 | G86: =+E86*F86 -> 0
A87: 336 | B87: 69 | C87: "Yale" cylinder bolt security gate lock | D87: No | E87: 1 | G87: =+E87*F87 -> 0
A88: 336 | B88: 70 | C88: "Yale" standard hook lock with cylinder, anti-lift locating pin, stainless steel face and strike plates and escutcheons (for use with sliding gates/doors) | D88: No | E88: 1 | G88: =+E88*F88 -> 0
A89: 336 | B89: 71 | C89: "Yale" slam hook lock with cylinder, slam lock, anti-lift locating pin, stainless steel face and strike plates and escutcheons (for use with sliding gates/doors) | D89: No | E89: 1 | G89: =+E89*F89 -> 0
C90: "ASSA ABLOY" or similar approved DEAD lock fixed to timber/steel/aluminium
A91: 336 | B91: 72 | C91: "Union 2157-78SS/PL" stainless steel/ polished brass 3-lever dead lock | D91: No | E91: 1 | G91: =+E91*F91 -> 0
A92: 337 | B92: 73 | C92: "Union L-2109-78SS/PL" stainless steel/ polished brass Euro cylinder dead lock | D92: No | E92: 1 | G92: =+E92*F92 -> 0 | H92: =SUM(G92:G96) -> 0
A93: 337 | B93: 74 | C93: "Union L-2115-78SS/PL" stainless steel/ polished brass Euro cylinder dead lock | D93: No | E93: 1 | G93: =+E93*F93 -> 0
A94: 337 | B94: 75 | C94: "Union TESA" Euro double throw dead lock | D94: No | E94: 1 | G94: =+E94*F94 -> 0
A95: 337 | B95: 76 | C95: "Union L-2141-78SS/PL" stainless steel/ polished brass oval cylinder dead lock | D95: No | E95: 1 | G95: =+E95*F95 -> 0
A96: 337 | B96: 77 | C96: "Union L-21315-40SS/PL" stainless steel/polished brass Euro cylinder narrow stile dead lock | D96: No | E96: 1 | G96: =+E96*F96 -> 0
A97: 338 | B97: 78 | C97: "Union L-2153-40SS/PL" stainless steel/polished brass oval cylinder narrow stile dead lock | D97: No | E97: 1 | G97: =+E97*F97 -> 0 | H97: =SUM(G97:G101) -> 0
C98: "ASSA ABLOY" or similar approved SLIDING DOOR lock fixed to timber/steel/aluminium
A99: 338 | B99: 79 | C99: "Union QH50X85MM-SS" stainless steel Euro cylinder hook lock | D99: No | E99: 1 | G99: =+E99*F99 -> 0
C100: "ASSA ABLOY" or similar approved NARROW STILE lock fixed to aluminium
A101: 338 | B101: 80 | C101: "Union Q5X85MM-SS" stainless steel Euro cylinder hook lock | D101: No | E101: 1 | G101: =+E101*F101 -> 0
A102: 339 | B102: 81 | C102: "Union Q5X85MM-SS" stainless steel Euro cylinder hook lock | D102: No | E102: 1 | G102: =+E102*F102 -> 0 | H102: =SUM(G102:G104) -> 0
A103: 339 | B103: 82 | C103: "Union QD25X85MM-SS" stainless steel Euro cylinder dead bolt lock | D103: No | E103: 1 | G103: =+E103*F103 -> 0
A104: 339 | B104: 83 | C104: "Union QD35X85MM-SS" stainless steel Euro cylinder dead bolt lock | D104: No | E104: 1 | G104: =+E104*F104 -> 0
...

Sheet Structural steelwork
A1: PAGE NO | B1: ITEM NO | C1: DESCRIPTION | D1: UNIT | E1: QUANTITY | F1: RATE | G1: AMOUNT | H1: AMOUNT CARRIED TO COLLECTION
C2: SECTION NO. 2 | H2: =SUM(G2:G18) -> 0
C3: BILL NO. 13
C4: STRUCTURAL STEELWORK
C5: HOT-DIPPED GALVANISED STEEL COLUMNS, BEAMS AND RAFTERS
C6: Columns/beams/rafters, including base plates, cover plates, caps, stiffeners, brackets, etc. and holes for bolts; columns/beams bolted to concrete/steel (Bolts elsewhere measured)
A7: 368 | B7: 1 | C7: 101.6mm Diameter x 2mm thick structural round tubular (hot rolled) | D7: t | E7: 0.1 | G7: =+E7*F7 -> 0
A8: 368 | B8: 2 | C8: 101.6mm Diameter x 2mm thick structural round tubular (hot rolled), in continuous lengths exceeding 13m and not exceeding 18m | D8: t | E8: 0.1 | G8: =+E8*F8 -> 0
A9: 368 | B9: 3 | C9: 101.6mm Diameter x 2mm thick structural round tubular (hot rolled), in continuous lengths exceeding 18m and not exceeding 19m | D9: t | E9: 0.1 | G9: =+E9*F9 -> 0
A10: 368 | B10: 4 | C10: 100 x 100 x 2mm Thick square tubular (hot rolled) | D10: t | E10: 0.1 | G10: =+E10*F10 -> 0
A11: 368 | B11: 5 | C11: 100 x 100 x 2mm Thick square tubular (hot rolled), in continuous lengths exceeding 13m and not exceeding 18m | D11: t | E11: 0.1 | G11: =+E11*F11 -> 0
A12: 368 | B12: 6 | C12: 100 x 100 x 2mm Thick square tubular (hot rolled), in continuous lengths exceeding 18m and not exceeding 19m | D12: t | E12: 0.1 | G12: =+E12*F12 -> 0
A13: 368 | B13: 7 | C13: 120 x 80 x 2mm Thick rectangular tubular (hot rolled) | D13: t | E13: 0.1 | G13: =+E13*F13 -> 0
A14: 368 | B14: 8 | C14: 120 x 80 x 2mm Thick rectangular tubular (hot rolled), in continuous lengths exceeding 13m and not exceeding 18m | D14: t | E14: 0.1 | G14: =+E14*F14 -> 0
A15: 368 | B15: 9 | C15: 120 x 80 x 2mm Thick rectangular tubular (hot rolled), in continuous lengths exceeding 18m and not exceeding 19m | D15: t | E15: 0.1 | G15: =+E15*F15 -> 0
A16: 368 | B16: 10 | C16: 254 x 146mm I-section universal beam | D16: t | E16: 0.1 | G16: =+E16*F16 -> 0
A17: 368 | B17: 11 | C17: 254 x 146mm I-section universal beam, in continuous lengths exceeding 13m and not exceeding 18m | D17: t | E17: 0.1 | G17: =+E17*F17 -> 0
A18: 368 | B18: 12 | C18: 254 x 146mm I-section universal beam, in continuous lengths exceeding 18m and not exceeding 19m | D18: t | E18: 0.1 | G18: =+E18*F18 -> 0
A19: 369 | B19: 13 | C19: 100 x 50mm [-section taper flange channel | D19: t | E19: 0.1 | G19: =+E19*F19 -> 0 | H19: =SUM(G19:G35) -> 0
A20: 369 | B20: 14 | C20: 100 x 50mm [-section taper flange channel, in continuous lengths exceeding 13m and not exceeding 18m | D20: t | E20: 0.1 | G20: =+E20*F20 -> 0
A21: 369 | B21: 15 | C21: 100 x 50mm [-section taper flange channel, in continuous lengths exceeding 18m and not exceeding 19m | D21: t | E21: 0.1 | G21: =+E21*F21 -> 0
A22: 369 | B22: 16 | C22: 100 x 50mm [-section parallel flange channel | D22: t | E22: 0.1 | G22: =+E22*F22 -> 0
A23: 369 | B23: 17 | C23: 100 x 50mm [-section parallel flange channel, in continuous lengths exceeding 13m and not exceeding 18m | D23: t | E23: 0.1 | G23: =+E23*F23 -> 0
A24: 369 | B24: 18 | C24: 100 x 50mm [-section parallel flange channel, in continuous lengths exceeding 18m and not exceeding 19m | D24: t | E24: 0.1 | G24: =+E24*F24 -> 0
A25: 369 | B25: 19 | C25: 203 x 203mm I-section universal column | D25: t | E25: 0.1 | G25: =+E25*F25 -> 0
A26: 369 | B26: 20 | C26: 203 x 203mm I-section universal column, in continuous lengths exceeding 13m and not exceeding 18m | D26: t | E26: 0.1 | G26: =+E26*F26 -> 0
A27: 369 | B27: 21 | C27: 203 x 203mm I-section universal column, in continuous lengths exceeding 18m and not exceeding 19m | D27: t | E27: 0.1 | G27: =+E27*F27 -> 0
A28: 369 | B28: 22 | C28: 200 x 100mm IPE-section | D28: t | E28: 0.1 | G28: =+E28*F28 -> 0
A29: 369 | B29: 23 | C29: 200 x 100mm IPE-section, in continuous lengths exceeding 13m and not exceeding 18m | D29: t | E29: 0.1 | G29: =+E29*F29 -> 0
A30: 369 | B30: 24 | C30: 200 x 100mm IPE-section, in continuous lengths exceeding 18m and not exceeding 19m | D30: t | E30: 0.1 | G30: =+E30*F30 -> 0
C31: HOT-DIPPED GALVANISED STEEL TRUSSES
C32: Welded/Bolted trusses, including all members and holes for bolts (Bolts elsewhere measured)
A33: 369 | B33: 25 | C33: Mono-pitched truss, 5.75 metre long x 1.80 metre high formed of and including hot-rolled angle sections and flat sections (In no. 1 truss) | D33: t | E33: 0.5 | G33: =+E33*F33 -> 0
A34: 369 | B34: 26 | C34: Double-pitched truss, 11.5 metre long x 1.80 metre high at centre formed of and including hot-rolled angle sections and flat sections (In no. 1 truss) | D34: t | E34: 0.5 | G34: =+E34*F34 -> 0
A35: 369 | B35: 27 | C35: Lattice truss, 10 metre long x 1 metre high formed of and including hot-rolled angle sections and flat sections (In no. 1 truss) | D35: t | E35: 0.5 | G35: =+E35*F35 -> 0
A36: 370 | B36: 28 | C36: Mono-pitched truss, 5.75 metre long x 1.80 metre high formed of and including hot-rolled structural round tubular and flat sections (In no. 1 truss) | D36: t | E36: 0.5 | G36: =+E36*F36 -> 0 | H36: =SUM(G36:G52) -> 0
A37: 370 | B37: 29 | C37: Double-pitched truss, 11.5 metre long x 1.80 metre high at centre formed of and including hot-rolled structural round tubular and flat sections (In no. 1 truss) | D37: t | E37: 0.5 | G37: =+E37*F37 -> 0
A38: 370 | B38: 30 | C38: Lattice truss, 10 metre long x 1 metre high formed of and including hot-rolled structural round tubular and flat sections (In no. 1 truss) | D38: t | E38: 0.5 | G38: =+E38*F38 -> 0
C39: HOT-DIPPED GALVANISED STEEL PURLINS, RAILS, GIRTS, BRACING, STIFFENERS, SAG RODS, ETC.
C40: Purlins, rails, bracings, stiffeners, sag rods, etc. including connection plates and holes for bolts, welded and bolted to steel (Bolts elsewhere measured)
A41: 370 | B41: 31 | C41: Round bars | D41: t | E41: 0.1 | G41: =+E41*F41 -> 0
A42: 370 | B42: 32 | C42: Square bars | D42: t | E42: 0.1 | G42: =+E42*F42 -> 0
A43: 370 | B43: 33 | C43: Flat sections | D43: t | E43: 0.1 | G43: =+E43*F43 -> 0
A44: 370 | B44: 34 | C44: Angle sections | D44: t | E44: 0.1 | G44: =+E44*F44 -> 0
A45: 370 | B45: 35 | C45: Lipped channel sections | D45: t | E45: 0.1 | G45: =+E45*F45 -> 0
A46: 370 | B46: 36 | C46: Lipped angle sections | D46: t | E46: 0.1 | G46: =+E46*F46 -> 0
C47: HOT-DIPPED GALVANISED GUTTERS AND RAINWATER PIPES
C48: Gutters, including angles, stopped ends, outlets, brackets, etc. and holes for bolts (Bolts elsewhere measured)
A49: 370 | B49: 37 | C49: 5mm Thick hot-rolled sheet in gutters, 1000mm girth, three times bent along length | D49: t | E49: 0.1 | G49: =+E49*F49 -> 0
C50: Down pipes, including angles, bends, outlets, oﬀ-sets, shoes, brackets, etc. and holes for bolts (Bolts elsewhere measured)
A51: 370 | B51: 38 | C51: 101.4mm Diameter structural round tubular (hot rolled) | D51: t | E51: 0.1 | G51: =+E51*F51 -> 0
A52: 370 | B52: 39 | C52: 101.4mm Diameter structural round tubular (hot rolled), in continuous lengths exceeding 13m and not exceeding 18m | D52: t | E52: 0.1 | G52: =+E52*F52 -> 0
A53: 371 | B53: 40 | C53: 101.4mm Diameter structural round tubular (hot rolled), in continuous lengths exceeding 18m and not exceeding 19m | D53: t | E53: 0.1 | G53: =+E53*F53 -> 0 | H53: =SUM(G53:G74) -> 0
A54: 371 | B54: 41 | C54: 100 x 100mm Square tubular (hot rolled) | D54: t | E54: 0.1 | G54: =+E54*F54 -> 0
A55: 371 | B55: 42 | C55: 100 x 100mm Square tubular (hot rolled), in continuous lengths exceeding 13m and not exceeding 18m | D55: t | E55: 0.1 | G55: =+E55*F55 -> 0
A56: 371 | B56: 43 | C56: 100 x 100mm Square tubular (hot rolled), in continuous lengths exceeding 18m and not exceeding 19m | D56: t | E56: 0.1 | G56: =+E56*F56 -> 0
A57: 371 | B57: 44 | C57: 120 x 80mm Rectangular tubular (hot rolled) | D57: t | E57: 0.1 | G57: =+E57*F57 -> 0
A58: 371 | B58: 45 | C58: 120 x 80mm Rectangular tubular (hot rolled), in continuous lengths exceeding 13m and not exceeding 18m | D58: t | E58: 0.1 | G58: =+E58*F58 -> 0
A59: 371 | B59: 46 | C59: 120 x 80mm Rectangular tubular (hot rolled), in continuous lengths exceeding 18m and not exceeding 19m | D59: t | E59: 0.1 | G59: =+E59*F59 -> 0
C60: HOT-DIPPED GALVANISED STEEL FLOORS, STAIRS, BALUSTRADING, ETC.
C61: Welded/Bolted suspended floor, stairs, balustrading, etc. including all members and holes for bolts (Bolts elsewhere measured)
A62: 371 | B62: 47 | C62: Hot-rolled structural round tubular | D62: t | E62: 0.1 | G62: =+E62*F62 -> 0
A63: 371 | B63: 48 | C63: Hot-rolled structural square tubular | D63: t | E63: 0.1 | G63: =+E63*F63 -> 0
A64: 371 | B64: 49 | C64: Hot-rolled structural rectangular tubular | D64: t | E64: 0.1 | G64: =+E64*F64 -> 0
A65: 371 | B65: 50 | C65: I-section universal beam | D65: t | E65: 0.1 | G65: =+E65*F65 -> 0
A66: 371 | B66: 51 | C66: [-section taper flange channel | D66: t | E66: 0.1 | G66: =+E66*F66 -> 0
A67: 371 | B67: 52 | C67: [-section parallel flange channel | D67: t | E67: 0.1 | G67: =+E67*F67 -> 0
A68: 371 | B68: 53 | C68: I-section universal column | D68: t | E68: 0.1 | G68: =+E68*F68 -> 0
A69: 371 | B69: 54 | C69: IPE-sections | D69: t | E69: 0.1 | G69: =+E69*F69 -> 0
A70: 371 | B70: 55 | C70: Lipped channel sections | D70: t | E70: 0.1 | G70: =+E70*F70 -> 0
A71: 371 | B71: 56 | C71: Lipped angle sections | D71: t | E71: 0.1 | G71: =+E71*F71 -> 0
A72: 371 | B72: 57 | C72: Round bars | D72: t | E72: 0.1 | G72: =+E72*F72 -> 0
A73: 371 | B73: 58 | C73: Square bars | D73: t | E73: 0.1 | G73: =+E73*F73 -> 0
A74: 371 | B74: 59 | C74: Flat sections | D74: t | E74: 0.1 | G74: =+E74*F74 -> 0
A75: 372 | B75: 60 | C75: Angle sections | D75: t | E75: 0.1 | G75: =+E75*F75 -> 0 | H75: =SUM(G75:G94) -> 0
A76: 372 | B76: 61 | C76: Lipped channel sections | D76: t | E76: 0.1 | G76: =+E76*F76 -> 0
A77: 372 | B77: 62 | C77: Lipped angle sections | D77: t | E77: 0.1 | G77: =+E77*F77 -> 0
A78: 372 | B78: 63 | C78: Commercial quality sheet plates | D78: t | E78: 0.1 | G78: =+E78*F78 -> 0
A79: 372 | B79: 64 | C79: Commercial quality "vastrap" floor plates | D79: t | E79: 0.1 | G79: =+E79*F79 -> 0
A80: 372 | B80: 65 | C80: "Mentis Rectagrid RS40 (40 x 40)" or similar approved pressure locked grating | D80: m2 | E80: 10 | G80: =+E80*F80 -> 0
A81: 372 | B81: 66 | C81: "Mentis Rectagrid RS40 (45 x 40)" or similar approved pressure locked grating | D81: m2 | E81: 10 | G81: =+E81*F81 -> 0
A82: 372 | B82: 67 | C82: "Mentis Rectagrid RS40 (40 x 50)" or similar approved pressure locked grating | D82: m2 | E82: 10 | G82: =+E82*F82 -> 0
A83: 372 | B83: 68 | C83: "Mentis Rectagrid RS80 (80 x 40)" or similar approved pressure locked grating | D83: m2 | E83: 10 | G83: =+E83*F83 -> 0
A84: 372 | B84: 69 | C84: "Mentis Gripweld A60" or similar approved fusion welded grating | D84: m2 | E84: 10 | G84: =+E84*F84 -> 0
A85: 372 | B85: 70 | C85: "Mentis Gripweld A100" or similar approved fusion welded grating | D85: m2 | E85: 10 | G85: =+E85*F85 -> 0
A86: 372 | B86: 71 | C86: "Mentis Gripweld B60" or similar approved fusion welded grating | D86: m2 | E86: 10 | G86: =+E86*F86 -> 0
A87: 372 | B87: 72 | C87: "Mentis Gripweld B100" or similar approved fusion welded grating | D87: m2 | E87: 10 | G87: =+E87*F87 -> 0
... A94: 372 | B94: 79 | C94: "Mentis Rectagrid RS80 (80 x 40)" or similar approved stair tread, 285mm wide x 1000mm long | D94: No | E94: 1 | G94: =+E94*F94 -> 0
C95: CUTTING, BENDING, ETC. | H95: =SUM(G95:G110) -> 0
C96: Circular cutting to steel
A97: 373 | B97: 80 | C97: Commercial quality steel plate, not exceeding 5mm thick | D97: m | E97: 2 | G97: =+E97*F97 -> 0
A98: 373 | B98: 81 | C98: Commercial quality steel plate, exceeding 5mm and not exceeding 10mm thick | D98: m | E98: 2 | G98: =+E98*F98 -> 0
A99: 373 | B99: 82 | C99: "Mentis Rectagrid RS40 (40 x 50)" or similar approved pressure locked grating | D99: m | E99: 2 | G99: =+E99*F99 -> 0
A100: 373 | B100: 83 | C100: "Mentis Rectagrid RS80 (80 x 40)" or similar approved pressure locked grating | D100: m | E100: 2 | G100: =+E100*F100 -> 0
A101: 373 | B101: 84 | C101: "Mentis Gripweld A100" or similar approved fusion welded grating | D101: m | E101: 2 | G101: =+E101*F101 -> 0
A102: 373 | B102: 85 | C102: "Mentis Gripweld B100" or similar approved fusion welded grating | D102: m | E102: 2 | G102: =+E102*F102 -> 0
A103: 373 | B103: 86 | C103: "Mentis Gripweld E100" or similar approved fusion welded grating | D103: m | E103: 2 | G103: =+E103*F103 -> 0
C104: BOLTS, HOLES, ETC.
C105: Galvanised grade 8.8 bolts, including class 8 lock nuts (holes included with steel members)
B106: 87 | C106: Bolts | D106: kg | E106: 1 | G106: =+E106*F106 -> 0
...

Sheet Metalwork
A1: PAGE NO | B1: ITEM NO | C1: DESCRIPTION | D1: UNIT | E1: QUANTITY | F1: RATE | G1: AMOUNT | H1: AMOUNT CARRIED TO COLLECTION
C2: SECTION NO. 2 | H2: =SUM(G2:G18) -> 0
C3: BILL NO. 14
C4: METALWORK
C5: SUNDRY WELDED AND HOT-DIPPED GALVANISED MILD STEEL WORK
C6: Frames, posts, corner protectors, etc.
C7: Note: Patented metal corner protectors, etc. measured in Ironmongery
A8: 375 | B8: 1 | C8: Base plates welded to bottom of frames, posts, etc. | D8: kg | E8: 1 | G8: =+E8*F8 -> 0
A9: 375 | B9: 2 | C9: Flat section frames, posts, corner protectors, base plates, etc. | D9: kg | E9: 1 | G9: =+E9*F9 -> 0
A10: 375 | B10: 3 | C10: Angle section frames, posts, corner protectors, etc. | D10: kg | E10: 1 | G10: =+E10*F10 -> 0
A11: 375 | B11: 4 | C11: Extra over angle section frames, posts, corner protectors, etc. for mitred L-intersection | D11: No | E11: 1 | G11: =+E11*F11 -> 0
A12: 375 | B12: 5 | C12: Extra over angle section frames, posts, corner protectors, etc. for T-intersection | D12: No | E12: 1 | G12: =+E12*F12 -> 0
A13: 375 | B13: 6 | C13: 75 x 100 x 6mm Thick angle section frames, posts, corner protectors, etc., cast in concrete; corner protector fitted with and including 50mm wide x 5mm thick x 100mm long fish tailed lugs spaced at 300mm centres; one end of each lug welded solid to internal corner of angle section and other end cast into concrete | D13: m | E13: 6 | G13: =+E13*F13 -> 0
A14: 375 | B14: 7 | C14: Extra over 75 x 100 x 6mm angle section frames, posts, corner protectors, etc. for mitred L-intersections | D14: No | E14: 1 | G14: =+E14*F14 -> 0
A15: 375 | B15: 8 | C15: Extra over 75 x 100 x 6mm angle section frames, posts, corner protectors, etc. for knee/ramp | D15: No | E15: 1 | G15: =+E15*F15 -> 0
A16: 375 | B16: 9 | C16: 25 x 50 x 2,5mm Thick hollow section frames, posts, corner protectors, etc. | D16: m | E16: 6 | G16: =+E16*F16 -> 0
A17: 375 | B17: 10 | C17: Extra over 25 x 50 x 2,5mm thick hollow section frames, posts, corner protectors, etc. for mitred L-intersection | D17: No | E17: 1 | G17: =+E17*F17 -> 0
A18: 375 | B18: 11 | C18: Extra over 25 x 50 x 2,5mm thick hollow section frames, posts, corner protectors, etc. for T-intersection | D18: No | E18: 1 | G18: =+E18*F18 -> 0
A19: 376 | B19: 12 | C19: 100 x 100 x 3mm Thick hollow section frames, posts, corner protectors, etc. | D19: m | E19: 6 | G19: =+E19*F19 -> 0 | H19: =SUM(G19:G35) -> 0
A20: 376 | B20: 13 | C20: Extra over 100 x 100 x 3mm thick hollow section frames, posts, corner protectors, etc. for mitred L-intersection | D20: No | E20: 1 | G20: =+E20*F20 -> 0
A21: 376 | B21: 14 | C21: Extra over 100 x 100 x 3mm thick hollow section frames, posts, corner protectors, etc. for T-intersection | D21: No | E21: 1 | G21: =+E21*F21 -> 0
A22: 376 | B22: 15 | C22: 30 x 30 x 5mm Thick flat section fixing lug, once holed | D22: No | E22: 1 | G22: =+E22*F22 -> 0
A23: 376 | B23: 16 | C23: Hole through steel exceeding 5mm and not exceeding 10mm thick | D23: No | E23: 1 | G23: =+E23*F23 -> 0
C24: SUNDRY STAINLESS STEELWORK
C25: Grade 304 stainless steel
A26: 376 | B26: 17 | C26: 2mm Thick cover plate, 300mm girth, once bent, countersunk holed along one edge and slot-holed along opposite edge; all holes at 200mm centres for and including 6mm thick "Hilti HUS4-CR" or similar approved stainless steel countersunk screws | D26: m | E26: 1 | G26: =+E26*F26 -> 0
A27: 376 | B27: 18 | C27: 3mm Thick corner protector, 300mm girth, once bent and countersunk holed along both edges at 200mm centres for and including 6mm thick "Hilti HUS4-CR" or similar approved stainless steel countersunk screws | D27: m | E27: 1 | G27: =+E27*F27 -> 0
C28: WELDED AND HOT-DIPPED GALVANISED MILD STEEL RAILS, HANDRAILS, BUMPING RAILS, ETC.
C29: Rails, handrails, bumping rails, etc. (not forming integral part of balustrades)
A30: 376 | B30: 19 | C30: 50 x 10mm Flat section rails, handrails, bumping rails, etc. | D30: kg | E30: 1 | G30: =+E30*F30 -> 0
A31: 376 | B31: 20 | C31: Extra over 50 x 10mm flat section rails, handrails, bumping rails, etc. for mitred L-intersection | D31: No | E31: 1 | G31: =+E31*F31 -> 0
A32: 376 | B32: 21 | C32: Extra over 50 x 10mm flat section rails, handrails, bumping rails, etc. for T-intersection | D32: No | E32: 1 | G32: =+E32*F32 -> 0
A33: 376 | B33: 22 | C33: Extra over 50 x 10mm flat section rails, handrails, bumping rails, etc. for ramp or knee | D33: No | E33: 1 | G33: =+E33*F33 -> 0
A34: 376 | B34: 23 | C34: 38 x 50 x 2mm Hollow section rails, handrails, bumping rails, etc. | D34: m | E34: 6 | G34: =+E34*F34 -> 0
A35: 376 | B35: 24 | C35: Extra over 38 x 50 x 2mm hollow section rails, handrails, bumping rails, etc. for mitred L-intersection | D35: No | E35: 1 | G35: =+E35*F35 -> 0
A36: 377 | B36: 25 | C36: Extra over 38 x 50 x 2mm hollow section rails, handrails, bumping rails, etc. for T-intersection | D36: No | E36: 1 | G36: =+E36*F36 -> 0 | H36: =SUM(G36:G53) -> 0
A37: 377 | B37: 26 | C37: Extra over 38 x 50 x 2mm hollow section rails, handrails, bumping rails, etc. for ramp or knee | D37: No | E37: 1 | G37: =+E37*F37 -> 0
A38: 377 | B38: 27 | C38: Extra over 38 x 50 x 2mm hollow section rails, handrails, bumping rails, etc. for 2mm thick flat closed end | D38: No | E38: 1 | G38: =+E38*F38 -> 0
A39: 377 | B39: 28 | C39: 50 x 50 x 2mm Hollow section rails, handrails, bumping rails, etc. | D39: m | E39: 6 | G39: =+E39*F39 -> 0
A40: 377 | B40: 29 | C40: Extra over 50 x 50 x 2mm hollow section rails, handrails, bumping rails, etc. for mitred L-intersection | D40: No | E40: 1 | G40: =+E40*F40 -> 0
A41: 377 | B41: 30 | C41: Extra over 50 x 50 x 2mm hollow section rails, handrails, bumping rails, etc. for T-intersection | D41: No | E41: 1 | G41: =+E41*F41 -> 0
A42: 377 | B42: 31 | C42: Extra over 50 x 50 x 2mm hollow section rails, handrails, bumping rails, etc. for ramp or knee | D42: No | E42: 1 | G42: =+E42*F42 -> 0
A43: 377 | B43: 32 | C43: Extra over 50 x 50 x 2mm hollow section rails, handrails, bumping rails, etc. for 2mm thick flat closed end | D43: No | E43: 1 | G43: =+E43*F43 -> 0
A44: 377 | B44: 33 | C44: 38mm Diameter x 2mm thick rails, handrails, bumping rails, etc. | D44: m | E44: 6 | G44: =+E44*F44 -> 0
A45: 377 | B45: 34 | C45: Extra over 38mm diameter x 2mm thick tubular rails, handrails, bumping rails, etc. for mitred L-intersection | D45: No | E45: 1 | G45: =+E45*F45 -> 0
A46: 377 | B46: 35 | C46: Extra over 38mm diameter x 2mm thick tubular rails, handrails, bumping rails, etc. for T-intersection | D46: No | E46: 1 | G46: =+E46*F46 -> 0
A47: 377 | B47: 36 | C47: Extra over 38mm diameter x 2mm thick tubular rails, handrails, bumping rails, etc. for ramp or knee | D47: No | E47: 1 | G47: =+E47*F47 -> 0
A48: 377 | B48: 37 | C48: Extra over 38mm diameter x 2mm thick tubular rails, handrails, bumping rails, etc. for 2mm thick flat closed end | D48: No | E48: 1 | G48: =+E48*F48 -> 0
... A53: 377 | B53: 42 | C53: Extra over 50mm diameter x 2mm thick tubular rails, handrails, bumping rails, etc. for 2mm thick flat closed end | D53: No | E53: 1 | G53: =+E53*F53 -> 0
A54: 378 | B54: 43 | C54: 75mm Diameter x 2mm thick tubular rails, handrails, bumping rails, etc. | D54: m | E54: 6 | G54: =+E54*F54 -> 0 | H54: =SUM(G54:G69) -> 0
A55: 378 | B55: 44 | C55: Extra over 75mm diameter x 2mm thick tubular rails, handrails, bumping rails, etc. for mitred L-intersection | D55: No | E55: 1 | G55: =+E55*F55 -> 0
A56: 378 | B56: 45 | C56: Extra over 75mm diameter x 2mm thick tubular rails, handrails, bumping rails, etc. for T-intersection | D56: No | E56: 1 | G56: =+E56*F56 -> 0
A57: 378 | B57: 46 | C57: Extra over 75mm diameter x 2mm thick tubular rails, handrails, bumping rails, etc. for ramp or knee | D57: No | E57: 1 | G57: =+E57*F57 -> 0
A58: 378 | B58: 47 | C58: Extra over 75mm diameter x 2mm thick tubular rails, handrails, bumping rails, etc. for 2mm thick flat closed end | D58: No | E58: 1 | G58: =+E58*F58 -> 0
A59: 378 | B59: 48 | C59: 100mm Diameter x 2mm thick rails, handrails, bumping rails, etc. | D59: m | E59: 6 | G59: =+E59*F59 -> 0
A60: 378 | B60: 49 | C60: Extra over 100mm diameter x 2mm thick tubular rails, handrails, bumping rails, etc. for mitred L-intersection | D60: No | E60: 1 | G60: =+E60*F60 -> 0
A61: 378 | B61: 50 | C61: Extra over 100mm diameter x 2mm thick tubular rails, handrails, bumping rails, etc. for T-intersection | D61: No | E61: 1 | G61: =+E61*F61 -> 0
A62: 378 | B62: 51 | C62: Extra over 100mm diameter x 2mm thick tubular rails, handrails, bumping rails, etc. for ramp or knee | D62: No | E62: 1 | G62: =+E62*F62 -> 0
A63: 378 | B63: 52 | C63: Extra over 100mm diameter x 2mm thick tubular rails, handrails, bumping rails, etc. for 2mm thick flat closed end | D63: No | E63: 1 | G63: =+E63*F63 -> 0
C64: Fixing plates, lugs, brackets, etc.
A65: 378 | B65: 53 | C65: 40 x 100 x 5mm Thick plate with rounded edges and corners, twice holed for bolts (bolts elsewhere measured) | D65: No | E65: 1 | G65: =+E65*F65 -> 0
A66: 378 | B66: 54 | C66: 150 x 150 x 5mm Thick plate with rounded edges and corners, twice holed for bolts (bolts elsewhere measured) | D66: No | E66: 1 | G66: =+E66*F66 -> 0
A67: 378 | B67: 55 | C67: 60 x 120 x 6mm Thick plate twice holed for bolts (bolts elsewhere measured) | D67: No | E67: 1 | G67: =+E67*F67 -> 0
A68: 378 | B68: 56 | C68: 80 x 80 x 8mm Thick plate with rounded edges and corners, twice holed bolts (bolts elsewhere measured) | D68: No | E68: 1 | G68: =+E68*F68 -> 0
A69: 378 | B69: 57 | C69: Fixing plates, lugs, brackets, etc., formed of and including 15mm diameter solid bar, 100mm girth, with one end welded to rails, handrails, bumping rails, etc. and other end welded to and including 75mm diameter x 6mm thick back plate, three times holed for bolts (bolts elsewhere measured) | D69: No | E69: 1 | G69: =+E69*F69 -> 0
A70: 379 | B70: 58 | C70: Fixing plates, lugs, brackets, etc., formed of and including 15mm diameter L-shaped solid bar, 150mm girth, with one end welded to rails, handrails, bumping rails, etc. and other end welded to and including 75mm diameter x 6mm thick back plate, three times holed for bolts (bolts elsewhere measured) | D70: No | E70: 1 | G70: =+E70*F70 -> 0 | H70: =SUM(G70:G73) -> 0
A71: 379 | B71: 59 | C71: Fixing bracket, formed of and including 25 x 50 x 2mm thick rectangular hollow section, 50mm long, with one end welded to and including 150mm diameter x 5mm thick flat section base plate, three times holed for bolts and other end welded to handrail (bolts elsewhere measured) | D71: No | E71: 1 | G71: =+E71*F71 -> 0
A72: 379 | B72: 60 | C72: Fixing plates, lugs, brackets, etc., formed of and including 15mm diameter L-shaped solid bar, 150mm girth, with one end welded to and including 5mm thick x 50mm girth x 50mm long flat section once bent in length to accommodate 38mm diameter tubular rails, handrails, bumping rails, etc. and other end welded to and including 75mm diameter x 6mm thick back plate, three times holed for bolts (bolts elsewhere measured); rails, handrails, bumping rails, etc. welded solid all round to fixing lug | D72: No | E72: 1 | G72: =+E72*F72 -> 0
A73: 379 | B73: 61 | C73: Fixing plates, lugs, brackets, etc., formed of and including 15mm diameter L-shaped solid bar, 150mm girth, with one end welded to and including 5mm thick x 60mm girth x 50mm long flat section once bent in length to accommodate 50mm diameter tubular rails, handrails, bumping rails, etc. and other end welded to and including 75mm diameter x 6mm thick back plate, three times holed for bolts (bolts elsewhere measured); rails, handrails, bumping rails, etc. welded solid all round to fixing lug | D73: No | E73: 1 | G73: =+E73*F73 -> 0
A74: 380 | B74: 62 | C74: Fixing plates, lugs, brackets, etc., formed of and including 15mm diameter L-shaped solid bar, 150mm girth, with one end welded to and including 5mm thick x 90mm girth x 50mm long flat section once bent in length to accommodate 75mm diameter tubular rails, handrails, bumping rails, etc. and other end welded to and including 75mm diameter x 6mm thick back plate, three times holed for bolts (bolts elsewhere measured); rails, handrails, bumping rails, etc. welded solid all round to fixing lug | D74: No | E74: 1 | G74: =+E74*F74 -> 0 | H74: =SUM(G74:G82) -> 0
A75: 380 | B75: 63 | C75: Fixing plates, lugs, brackets, etc., formed of and including 15mm diameter L-shaped solid bar, 150mm girth, with one end welded to and including 5mm thick x 125mm girth x 50mm long flat section once bent in length to accommodate 100mm diameter tubular rails, handrails, bumping rails, etc. and other end welded to and including 75mm diameter x 6mm thick back plate, three times holed for bolts (bolts elsewhere measured); rails, handrails, bumping rails, etc. welded solid all round to fixing lug | D75: No | E75: 1 | G75: =+E75*F75 -> 0
C76: WELDED GRADE 304 STAINLESS STEEL RAILS, HANDRAILS, BUMPING RAILS, ETC.
C77: Rails, handrails, bumping rails, etc. (not forming integral part of balustrades)
A78: 380 | B78: 64 | C78: 50.8mm Diameter x 2mm thick tubular rails, handrails, bump rails, etc. | D78: m | E78: 6 | G78: =+E78*F78 -> 0
A79: 380 | B79: 65 | C79: Extra over 50.8mm diameter x 2mm thick tubular rails, handrails, bump rails, etc. for 2mm thick end cap | D79: No | E79: 1 | G79: =+E79*F79 -> 0
A80: 380 | B80: 66 | C80: Extra over 50.8mm diameter x 2mm thick tubular rails, handrails, bump rails, etc. for bend | D80: No | E80: 1 | G80: =+E80*F80 -> 0
A81: 380 | B81: 67 | C81: Extra over 50.8mm diameter x 2mm thick tubular rails, handrails, bump rails, etc. for ramp or knee | D81: No | E81: 1 | G81: =+E81*F81 -> 0
A82: 380 | B82: 68 | C82: 76.2mm Diameter x 2mm thick tubular rails, handrails, bump rails, etc. | D82: m | E82: 6 | G82: =+E82*F82 -> 0
A83: 381 | B83: 69 | C83: Extra over 76.2mm diameter x 2mm thick tubular rails, handrails, bump rails, etc. for 2mm thick end cap | D83: No | E83: 1 | G83: =+E83*F83 -> 0 | H83: =SUM(G83:G92) -> 0
A84: 381 | B84: 70 | C84: Extra over 76.2mm diameter x 2mm thick tubular rails, handrails, bump rails, etc. for bend | D84: No | E84: 1 | G84: =+E84*F84 -> 0
A85: 381 | B85: 71 | C85: Extra over 76.2mm diameter x 2mm thick tubular rails, handrails, bump rails, etc. for ramp or knee | D85: No | E85: 1 | G85: =+E85*F85 -> 0
A86: 381 | B86: 72 | C86: 101.6mm Diameter x 2mm thick tubular rails, handrails, bump rails, etc. | D86: m | E86: 6 | G86: =+E86*F86 -> 0
A87: 381 | B87: 73 | C87: Extra over 101.6mm diameter x 2mm thick tubular rails, handrails, bump rails, etc. for 2mm thick end cap | D87: No | E87: 1 | G87: =+E87*F87 -> 0
A88: 381 | B88: 74 | C88: Extra over 101.6mm diameter x 2mm thick tubular rails, handrails, bump rails, etc. for bend | D88: No | E88: 1 | G88: =+E88*F88 -> 0
A89: 381 | B89: 75 | C89: Extra over 101.6mm diameter x 2mm thick tubular rails, handrails, bump rails, etc. for ramp or knee | D89: No | E89: 1 | G89: =+E89*F89 -> 0
C90: Fixing plates, lugs, brackets, etc.
A91: 381 | B91: 76 | C91: Fixing plates, lugs, brackets, etc., formed of and including 15mm diameter solid bar, 100mm girth, with one end welded to rails, handrails, bumping rails, etc. and other end welded to and including 75mm diameter x 6mm thick back plate, three times holed for bolts (bolts elsewhere measured) | D91: No | E91: 1 | G91: =+E91*F91 -> 0
A92: 381 | B92: 77 | C92: Fixing plates, lugs, brackets, etc., formed of and including 15mm diameter L-shaped solid bar, 150mm girth, with one end welded to rails, handrails, bumping rails, etc. and other end welded to and including 75mm diameter x 6mm thick back plate, three times holed for bolts (bolts elsewhere measured) | D92: No | E92: 1 | G92: =+E92*F92 -> 0
A93: 382 | B93: 78 | C93: Fixing plates, lugs, brackets, etc., formed of and including 15mm diameter L-shaped solid bar, 150mm girth, with one end welded to and including 5mm thick x 60mm girth x 50mm long flat section once bent in length to accommodate 50mm diameter tubular rails, handrails, bumping rails, etc. and other end welded to and including 75mm diameter x 6mm thick back plate, three times holed for bolts (bolts elsewhere measured); rails, handrails, bumping rails, etc. welded solid all round to fixing lug | D93: No | E93: 1 | G93: =+E93*F93 -> 0 | H93: =SUM(G93:G96) -> 0
A94: 382 | B94: 79 | C94: Fixing plates, lugs, brackets, etc., formed of and including 15mm diameter L-shaped solid bar, 150mm girth, with one end welded to and including 5mm thick x 90mm girth x 50mm long flat section once bent in length to accommodate 75mm diameter tubular rails, handrails, bumping rails, etc. and other end welded to and including 75mm diameter x 6mm thick back plate, three times holed for bolts (bolts elsewhere measured); rails, handrails, bumping rails, etc. welded solid all round to fixing lug | D94: No | E94: 1 | G94: =+E94*F94 -> 0
A95: 382 | B95: 80 | C95: Fixing plates, lugs, brackets, etc., formed of and including 15mm diameter L-shaped solid bar, 150mm girth, with one end welded to and including 5mm thick x 125mm girth x 50mm long flat section once bent in length to accommodate 100mm diameter tubular rails, handrails, bumping rails, etc. and other end welded to and including 75mm diameter x 6mm thick back plate, three times holed for bolts (bolts elsewhere measured); rails, handrails, bumping rails, etc. welded solid all round to fixing lug | D95: No | E95: 1 | G95: =+E95*F95 -> 0
C96: PATENTED STAINLESS STEEL RAILS, HANDRAILS, BUMPING RAILS, ETC.
C97: "EZ Rails Balustrading Solutions" or similar approved SABS certified grade 316 stainless steel balustrade system comprising of pre-manufactured components assembled on site | H97: =SUM(G97:G114) -> 0
A98: 383 | B98: 81 | C98: 50.8mm Diameter tubular rails, handrails, bump rails, etc. | D98: m | E98: 6 | G98: =+E98*F98 -> 0
A99: 383 | B99: 82 | C99: Extra over 50.8mm diameter tubular rails, handrails, bump rails, etc. for 50.8mm diameter end cap | D99: No | E99: 1 | G99: =+E99*F99 -> 0
A100: 383 | B100: 83 | C100: Extra over 50.8mm diameter tubular rails, handrails, bump rails, etc. for ramp or knee | D100: No | E100: 1 | G100: =+E100*F100 -> 0
A101: 383 | B101: 84 | C101: Side wall-mounted bracket with radius saddle suitable for 50.8mm diameter handrail | D101: No | E101: 1 | G101: =+E101*F101 -> 0
C102: WELDED AND HOT-DIPPED GALVANISED MILD STEEL BALUSTRADES
C103: Straight/raking balustrades
A104: 383 | B104: 85 | C104: 10mm Diameter solid bar horizontal/vertical rails/balusters | D104: m | E104: 6 | G104: =+E104*F104 -> 0
...

Sheet Plastering
A1: PAGE NO | B1: ITEM NO | C1: DESCRIPTION | D1: UNIT | E1: QUANTITY | F1: RATE | G1: AMOUNT | H1: AMOUNT CARRIED TO COLLECTION
C2: SECTION NO. 2 | H2: =SUM(G2:G24) -> 0
C3: BILL NO. 15
C4: PLASTERING
C5: CEMENT SCREEDS
C6: 3:1 Cement plaster screeds wood / steel trowelled on concrete / pre-cast concrete / brickwork
A7: 422 | B7: 1 | C7: 30mm Thick on floors and landings | D7: m2 | E7: 16 | G7: =+E7*F7 -> 0
A8: 422 | B8: 2 | C8: 30mm Thick on ramps | D8: m2 | E8: 1 | G8: =+E8*F8 -> 0
A9: 422 | B9: 3 | C9: Average 40mm thick on slabs to falls on roofs, balconies, etc. | D9: m2 | E9: 5 | G9: =+E9*F9 -> 0
A10: 422 | B10: 4 | C10: Average 40mm thick on roofs to falls and cross falls on roofs, balconies, etc. | D10: m2 | E10: 5 | G10: =+E10*F10 -> 0
A11: 422 | B11: 5 | C11: 30mm Thick on tops and sides of shower kerbs | D11: m2 | E11: 1 | G11: =+E11*F11 -> 0
A12: 422 | B12: 6 | C12: 30mm Thick on treads and risers of stairs | D12: m2 | E12: 1 | G12: =+E12*F12 -> 0
A13: 422 | B13: 7 | C13: 50mm High coved fillet | D13: m | E13: 1 | G13: =+E13*F13 -> 0
C14: 3:1 Cement plaster screed wood / steel floated on waterproofing membrane
A15: 422 | B15: 8 | C15: 30mm Thick on slabs, etc. to roofs, balconies, etc. | D15: m2 | E15: 5 | G15: =+E15*F15 -> 0
C16: Sundries
A17: 422 | B17: 9 | C17: Cut groove 8mm wide x 10mm deep in top of screed | D17: m | E17: 1 | G17: =+E17*F17 -> 0
C18: GRANOLITHIC SCREEDS
C19: Untinted granolithic on concrete / pre-cast concrete / brickwork
A20: 422 | B20: 10 | C20: 15mm Thick on vanity slabs, worktop slabs, bench slabs, etc. | D20: m2 | E20: 1 | G20: =+E20*F20 -> 0
A21: 422 | B21: 11 | C21: 30mm Thick on floors and landings | D21: m2 | E21: 16 | G21: =+E21*F21 -> 0
A22: 422 | B22: 12 | C22: 30mm Thick on ramps | D22: m2 | E22: 1 | G22: =+E22*F22 -> 0
A23: 422 | B23: 13 | C23: 30mm Thick on ramps. including reedings | D23: m2 | E23: 1 | G23: =+E23*F23 -> 0
A24: 422 | B24: 14 | C24: 15mm Thick on narrow widths | D24: m2 | E24: 1 | G24: =+E24*F24 -> 0
A25: 423 | B25: 15 | C25: 30mm Thick on narrow widths | D25: m2 | E25: 1 | G25: =+E25*F25 -> 0 | H25: =SUM(G25:G40) -> 0
A26: 423 | B26: 16 | C26: 30mm Thick on treads and risers of stairs | D26: m2 | E26: 1 | G26: =+E26*F26 -> 0
A27: 423 | B27: 17 | C27: 75mm High monolithic upward sloping concave skirting | D27: m | E27: 1 | G27: =+E27*F27 -> 0
A28: 423 | B28: 18 | C28: 250mm High monolithic upward sloping concave skirting | D28: m | E28: 1 | G28: =+E28*F28 -> 0
C29: SELF-LEVELLING SCREEDS
C30: "TAL Screedmaster", iTe LEVELiTe F30", "Mapei Ultraplan ECO" or similar approved 25-30mPa cementitious rapid-setting and self-levelling underlayment compound
A31: 423 | B31: 19 | C31: Minimum 5mm thick on floors, landings, ramps, etc. | D31: m2 | E31: 16 | G31: =+E31*F31 -> 0
A32: 423 | B32: 20 | C32: Minimum 5mm thick to treads and risers of stairs | D32: m2 | E32: 1 | G32: =+E32*F32 -> 0
C33: MOISTURE BARRIERS AND SELF-LEVELLING SCREED SYSTEMS
C34: Note: Cleaning of existing cementitious surfaces after removal of existing floor finishes are measured under "Alterations". Sealants for joints are measured under "Waterproofing"
C35: Self-levelling screed system comprising of and including "TAL X-Calibur X-Shield VaporStop HB" or similar approved moisture barrier, "TAL Floor Primer" or similar approved primer, "TAL Primercoat Keying Slurry" or similar approved keying agent and "TAL Screedmaster" or similar approved self-levelling floor screed
A36: 423 | B36: 21 | C36: Minimum 5mm thick on floors, landings, ramps, etc. | D36: m2 | E36: 16 | G36: =+E36*F36 -> 0
A37: 423 | B37: 22 | C37: Minimum 5mm thick on treads and risers of stairs | D37: m2 | E37: 1 | G37: =+E37*F37 -> 0
C38: Self-levelling screed system comprising of and including "iTe VAPORiTe +Plus" or similar approved moisture barrier, "iTe BONDiTe" or similar approved primer, "iTe SLURRY" or similar approved keying agent and "iTe LEVELiTe F30" or similar approved 25mPa free-flowing self-levelling floor screed
A39: 423 | B39: 23 | C39: Minimum 5mm thick on floors, landings, ramps, etc. | D39: m2 | E39: 16 | G39: =+E39*F39 -> 0
A40: 423 | B40: 24 | C40: Minimum 5mm thick on treads and risers of stairs | D40: m2 | E40: 1 | G40: =+E40*F40 -> 0
C41: Self-levelling screed system comprising of and including "Mapei Prim PU 1K" or similar approved moisture barrier, "Mapei Primer G" or similar approved primer, "Mapei Primer Grip White" or similar approved keying agent and "Mapei Ultraplan ECO" or similar approved self-levelling floor screed | H41: =SUM(G41:G50) -> 0
A42: 424 | B42: 25 | C42: Minimum 5mm thick on floors, landings, ramps, etc. | D42: m2 | E42: 16 | G42: =+E42*F42 -> 0
A43: 424 | B43: 26 | C43: Minimum 5mm thick on treads and risers of stairs | D43: m2 | E43: 1 | G43: =+E43*F43 -> 0
C44: RAPID-SET CEMENTITIOUS SCREEDS
C45: Note: Cleaning of existing cementitious surfaces after removal of existing floor finishes are measured under "Alterations". Sealants for joints are measured under "Waterproofing". Treatment of exposed reinforcement steel is measured under "spalling" in "Alterations".
C46: Preparation of cleaned cementitious surfaces
A47: 424 | B47: 27 | C47: For application thickness up to 5mm: Expose aggregate by captive sand blasting to achieve a concrete surface profile (CSP) value of 2-3 (light) | D47: m2 | E47: 16 | G47: =+E47*F47 -> 0
A48: 424 | B48: 28 | C48: For application thickness up to 5mm: Expose aggregate by captive sand blasting to achieve a concrete surface profile (CSP) value of 2-3 (light) in patching of holes in existing cementitious screeds, etc. | D48: m2 | E48: 16 | G48: =+E48*F48 -> 0
A49: 424 | B49: 29 | C49: For application thickness exceeding 5mm: Thoroughly scrabble or scarify the cleaned cementitious surface in cross-directions to achieve a concrete surface profile (CSP) value of 5-6 (Medium scarification) or ensure that the aggregate in the concrete is fully exposed and open | D49: m2 | E49: 16 | G49: =+E49*F49 -> 0
A50: 424 | B50: 30 | C50: For application thickness exceeding 5mm: Thoroughly scrabble or scarify the cleaned cementitious surface in cross-directions to achieve a concrete surface profile (CSP) value of 5-6 (Medium scarification) or ensure that the aggregate in the concrete is fully exposed and open in patching of holes in existing cementitious screeds, etc. | D50: m2 | E50: 16 | G50: =+E50*F50 -> 0
C51: Rapid-set cementitious screed system comprising of and including "TAL X-Calibur X-Shield VaporStop HB" or similar approved moisture barrier, 1-part "TAL FLOORKEY" mixed with and including 2-parts "TAL RAPIDFIX" or similar approved primer system and "TAL RAPIDFIX" or similar approved rapid-set cementitious compound with a compressive strength exceeding 25mPa | H51: =SUM(G51:G65) -> 0
A52: 425 | B52: 31 | C52: Maximum 5mm thick on floors, landings, ramps, etc. | D52: m2 | E52: 16 | G52: =+E52*F52 -> 0
A53: 425 | B53: 32 | C53: Maximum 5mm thick on floors, landings, ramps, etc. to falls | D53: m2 | E53: 5 | G53: =+E53*F53 -> 0
A54: 425 | B54: 33 | C54: Maximum 5mm thick on floors, landings, ramps, etc. to falls and cross falls | D54: m2 | E54: 5 | G54: =+E54*F54 -> 0
A55: 425 | B55: 34 | C55: Maximum 5mm thick on treads and risers of stairs | D55: m2 | E55: 1 | G55: =+E55*F55 -> 0
A56: 425 | B56: 35 | C56: Maximum 5mm thick on floors, landings, ramps, etc. in patching of holes in existing cementitious screeds, etc. | D56: m2 | E56: 1 | G56: =+E56*F56 -> 0
A57: 425 | B57: 36 | C57: Average 25mm thick on floors, landings, ramps, etc. | D57: m2 | E57: 16 | G57: =+E57*F57 -> 0
A58: 425 | B58: 37 | C58: Average 25mm thick on floors, landings, ramps, etc. to falls | D58: m2 | E58: 5 | G58: =+E58*F58 -> 0
A59: 425 | B59: 38 | C59: Average 25mm thick on floors, landings, ramps, etc. to falls and cross falls | D59: m2 | E59: 1 | G59: =+E59*F59 -> 0
A60: 425 | B60: 39 | C60: Average 25mm thick on treads and risers of stairs | D60: m2 | E60: 1 | G60: =+E60*F60 -> 0
A61: 425 | B61: 40 | C61: Average 25mm thick on floors, landings, ramps, etc. in patching of holes in existing cementitious screeds, etc. | D61: m2 | E61: 1 | G61: =+E61*F61 -> 0
A62: 425 | B62: 41 | C62: Average 50mm thick on floors, landings, ramps, etc. | D62: m2 | E62: 16 | G62: =+E62*F62 -> 0
A63: 425 | B63: 42 | C63: Average 50mm thick on floors, landings, ramps, etc. to falls | D63: m2 | E63: 5 | G63: =+E63*F63 -> 0
... A65: 425 | B65: 44 | C65: Average 50mm thick on floors, landings, ramps, etc. in patching of holes in existing cementitious screeds, etc. | D65: m2 | E65: 1 | G65: =+E65*F65 -> 0
C66: Rapid-set cementitious screed system comprising of and including "iTe VAPORiTe +Plus" or similar approved moisture barrier, "iTe BONDiTe" or similar approved primer, "iTe SLURRY" or similar approved keying agent and "iTe PATCHiTe" or similar approved rapid-set cementitious compound with a compressive strength exceeding 25mPa | H66: =SUM(G66:G83) -> 0
A67: 426 | B67: 45 | C67: Maximum 5mm thick on floors, landings, ramps, etc. | D67: m2 | E67: 16 | G67: =+E67*F67 -> 0
A68: 426 | B68: 46 | C68: Maximum 5mm thick on floors, landings, ramps, etc. to falls | D68: m2 | E68: 5 | G68: =+E68*F68 -> 0
A69: 426 | B69: 47 | C69: Maximum 5mm thick on floors, landings, ramps, etc. to falls and cross falls | D69: m2 | E69: 1 | G69: =+E69*F69 -> 0
A70: 426 | B70: 48 | C70: Maximum 5mm thick on treads and risers of stairs | D70: m2 | E70: 1 | G70: =+E70*F70 -> 0
A71: 426 | B71: 49 | C71: Maximum 5mm thick on floors, landings, ramps, etc. in patching of holes in existing cementitious screeds, etc. | D71: m2 | E71: 1 | G71: =+E71*F71 -> 0
A72: 426 | B72: 50 | C72: Average 25mm thick on floors, landings, ramps, etc. | D72: m2 | E72: 16 | G72: =+E72*F72 -> 0
A73: 426 | B73: 51 | C73: Average 25mm thick on floors, landings, ramps, etc. to falls | D73: m2 | E73: 5 | G73: =+E73*F73 -> 0
A74: 426 | B74: 52 | C74: Average 25mm thick on floors, landings, ramps, etc. to falls and cross falls | D74: m2 | E74: 1 | G74: =+E74*F74 -> 0
A75: 426 | B75: 53 | C75: Average 25mm thick on treads and risers of stairs | D75: m2 | E75: 1 | G75: =+E75*F75 -> 0
A76: 426 | B76: 54 | C76: Average 25mm thick on floors, landings, ramps, etc. in patching of holes in existing cementitious screeds, etc. | D76: m2 | E76: 1 | G76: =+E76*F76 -> 0
A77: 426 | B77: 55 | C77: Average 50mm thick on floors, landings, ramps, etc. | D77: m2 | E77: 16 | G77: =+E77*F77 -> 0
A78: 426 | B78: 56 | C78: Average 50mm thick on floors, landings, ramps, etc. to falls | D78: m2 | E78: 5 | G78: =+E78*F78 -> 0
... A80: 426 | B80: 58 | C80: Average 50mm thick on floors, landings, ramps, etc. in patching of holes in existing cementitious screeds, etc. | D80: m2 | E80: 1 | G80: =+E80*F80 -> 0
C81: INTERNAL PLASTER
C82: One coat smooth gypsum plaster on cementitious / wood / gypsum / fibre cement surfaces
A83: 426 | B83: 59 | C83: On walls | D83: m2 | E83: 12 | G83: =+E83*F83 -> 0
A84: 427 | B84: 60 | C84: On walls, in patches not exceeding 1 square metre | D84: m2 | E84: 1 | G84: =+E84*F84 -> 0 | H84: =SUM(G84:G109) -> 0
A85: 427 | B85: 61 | C85: On columns | D85: m2 | E85: 1 | G85: =+E85*F85 -> 0
A86: 427 | B86: 62 | C86: On beams | D86: m2 | E86: 1 | G86: =+E86*F86 -> 0
A87: 427 | B87: 63 | C87: On ceilings/soffits and beams | D87: m2 | E87: 16 | G87: =+E87*F87 -> 0
A88: 427 | B88: 64 | C88: On raking soffits | D88: m2 | E88: 5 | G88: =+E88*F88 -> 0
A89: 427 | B89: 65 | C89: On narrow widths | D89: m2 | E89: 1 | G89: =+E89*F89 -> 0
A90: 427 | B90: 66 | C90: On raking and stepped outer edges of staircase | D90: m2 | E90: 1 | G90: =+E90*F90 -> 0
A91: 427 | B91: 67 | C91: Surrounds, bands, etc., 170mm wide | D91: m | E91: 1 | G91: =+E91*F91 -> 0
C92: One layer 4:1 wood / steel floated cement plaster on concrete / pre-cast concrete / brickwork
A93: 427 | B93: 68 | C93: On walls | D93: m2 | E93: 12 | G93: =+E93*F93 -> 0
A94: 427 | B94: 69 | C94: On walls, in patches not exceeding 1 square metre | D94: m2 | E94: 1 | G94: =+E94*F94 -> 0
A95: 427 | B95: 70 | C95: On columns | D95: m2 | E95: 1 | G95: =+E95*F95 -> 0
A96: 427 | B96: 71 | C96: On beams | D96: m2 | E96: 1 | G96: =+E96*F96 -> 0
A97: 427 | B97: 72 | C97: On ceilings/soffits and beams | D97: m2 | E97: 16 | G97: =+E97*F97 -> 0
A98: 427 | B98: 73 | C98: On raking soffits | D98: m2 | E98: 5 | G98: =+E98*F98 -> 0
A99: 427 | B99: 74 | C99: On narrow widths | D99: m2 | E99: 1 | G99: =+E99*F99 -> 0
A100: 427 | B100: 75 | C100: On raking and stepped outer edges of staircase | D100: m2 | E100: 1 | G100: =+E100*F100 -> 0
A101: 427 | B101: 76 | C101: Surrounds, bands, etc., 170mm wide | D101: m | E101: 1 | G101: =+E101*F101 -> 0
C102: EXTERNAL PLASTER
...

Sheet Tiling
A1: PAGE NO | B1: ITEM NO | C1: DESCRIPTION | D1: UNIT | E1: QUANTITY | F1: RATE | G1: AMOUNT | H1: AMOUNT CARRIED TO COLLECTION
C2: SECTION NO. 2
C3: BILL NO. 16
C4: TILING | H4: =SUM(G4:G16) -> 0
C5: WALL TILING
C6: CERAMIC TILES
C7: 150 x 150 x 6mm Grade 1 / Grade A white glazed ceramic tiles bedded solid in and including "TAL Epoxy Adhesive & Grout" or similar approved anti-bacterial, water repellent, chemical resistant, algae resistant and mildew resistant tile adhesive to cement plaster (cement plaster elsewhere measured) and joints between tiles flush pointed with and including specified tile adhesive in colour matching the colour of the tile
C8: The Tenderer must allow an amount of R200 per square meter (excluding delivery to site and VAT) for tiles as cost/purchase price. - - - - - - - - - - - - - - - - - - - - - - - -
A9: 434 | B9: 1 | C9: On walls | D9: m2 | E9: 6 | G9: =+E9*F9 -> 0
A10: 434 | B10: 2 | C10: On top of vanity slabs | D10: m2 | E10: 1 | G10: =+E10*F10 -> 0
A11: 434 | B11: 3 | C11: On isolated panels, splash backs, etc. | D11: m2 | E11: 1 | G11: =+E11*F11 -> 0
A12: 434 | B12: 4 | C12: On isolated panels, splash backs, etc. not exceeding 1 square metre | D12: m2 | E12: 1 | G12: =+E12*F12 -> 0
A13: 434 | B13: 5 | C13: On narrow widths | D13: m2 | E13: 1 | G13: =+E13*F13 -> 0
A14: 434 | B14: 6 | C14: Circular cutting to tiles | D14: m | E14: 1 | G14: =+E14*F14 -> 0
A15: 434 | B15: 7 | C15: Fair cutting around pipes, fittings, etc. not exceeding 50mm diameter | D15: No | E15: 1 | G15: =+E15*F15 -> 0
A16: 434 | B16: 8 | C16: Fair cutting around pipes, fittings, etc. exceeding 50mm and not exceeding 110mm diameter | D16: No | E16: 1 | G16: =+E16*F16 -> 0
C17: 200 x 200 x 6mm Grade 1 / Grade A white glazed ceramic tiles bedded solid in and including "TAL Epoxy Adhesive & Grout" or similar approved anti-bacterial, water repellent, chemical resistant, algae resistant and mildew resistant tile adhesive to cement plaster (cement plaster elsewhere measured) and joints between tiles flush pointed with and including specified tile adhesive in colour matching the colour of the tile | H17: =SUM(G17:G31) -> 0
C18: The Tenderer must allow an amount of R230 per square meter (excluding delivery to site and VAT) for tiles as cost/purchase price. - - - - - - - - - - - - - - - - - - - - - - - -
A19: 435 | B19: 9 | C19: On walls | D19: m2 | E19: 6 | G19: =+E19*F19 -> 0
A20: 435 | B20: 10 | C20: On top of vanity slabs | D20: m2 | E20: 1 | G20: =+E20*F20 -> 0
A21: 435 | B21: 11 | C21: On isolated panels, splash backs, etc. | D21: m2 | E21: 1 | G21: =+E21*F21 -> 0
A22: 435 | B22: 12 | C22: On isolated panels, splash backs, etc. not exceeding 1 square metre | D22: m2 | E22: 1 | G22: =+E22*F22 -> 0
A23: 435 | B23: 13 | C23: On narrow widths | D23: m2 | E23: 1 | G23: =+E23*F23 -> 0
A24: 435 | B24: 14 | C24: Circular cutting to tiles | D24: m | E24: 1 | G24: =+E24*F24 -> 0
A25: 435 | B25: 15 | C25: Fair cutting around pipes, fittings, etc. not exceeding 50mm diameter | D25: No | E25: 1 | G25: =+E25*F25 -> 0
A26: 435 | B26: 16 | C26: Fair cutting around pipes, fittings, etc. exceeding 50mm and not exceeding 110mm diameter | D26: No | E26: 1 | G26: =+E26*F26 -> 0
C27: 300 x 600 x 9mm Grade 1 / Grade A white glazed ceramic tiles bedded solid in and including "TAL Epoxy Adhesive & Grout" or similar approved anti-bacterial, water repellent, chemical resistant, algae resistant and mildew resistant tile adhesive to cement plaster (cement plaster elsewhere measured) and joints between tiles flush pointed with and including specified tile adhesive in colour matching the colour of the tile
C28: The Tenderer must allow an amount of R250 per square meter (excluding delivery to site and VAT) for tiles as cost/purchase price. - - - - - - - - - - - - - - - - - - - - - - - -
A29: 435 | B29: 17 | C29: On walls | D29: m2 | E29: 6 | G29: =+E29*F29 -> 0
A30: 435 | B30: 18 | C30: On top of vanity slabs | D30: m2 | E30: 1 | G30: =+E30*F30 -> 0
A31: 435 | B31: 19 | C31: On isolated panels, splash backs, etc. | D31: m2 | E31: 1 | G31: =+E31*F31 -> 0
A32: 436 | B32: 20 | C32: On isolated panels, splash backs, etc. not exceeding 1 square metre | D32: m2 | E32: 1 | G32: =+E32*F32 -> 0 | H32: =SUM(G32:G49) -> 0
A33: 436 | B33: 21 | C33: On narrow widths | D33: m2 | E33: 1 | G33: =+E33*F33 -> 0
A34: 436 | B34: 22 | C34: Circular cutting to tiles | D34: m | E34: 1 | G34: =+E34*F34 -> 0
A35: 436 | B35: 23 | C35: Fair cutting around pipes, fittings, etc. not exceeding 50mm diameter | D35: No | E35: 1 | G35: =+E35*F35 -> 0
A36: 436 | B36: 24 | C36: Fair cutting around pipes, fittings, etc. exceeding 50mm and not exceeding 110mm diameter | D36: No | E36: 1 | G36: =+E36*F36 -> 0
C37: FLOOR TILING
C38: CERAMIC TILES
C39: 350 x 350 x 7,5mm Grade 1 / Grade A ceramic tiles bedded solid in and including "TAL Epoxy Adhesive & Grout" or similar approved anti-bacterial, water repellent, chemical resistant, algae resistant and mildew resistant tile adhesive to cement plaster (cement plaster elsewhere measured) and joints between tiles flush pointed with and including specified tile adhesive in colour matching the colour of the tile
C40: The Tenderer must allow an amount of R200 per square meter (excluding delivery to site and VAT) for tiles as cost/purchase price. - - - - - - - - - - - - - - - - - - - - - - - -
A41: 436 | B41: 25 | C41: On floors, landings, ramps, etc. | D41: m2 | E41: 12 | G41: =+E41*F41 -> 0
A42: 436 | B42: 26 | C42: On floors, landings, ramps, etc. in patches not exceeding 1 square meter | D42: m2 | E42: 1 | G42: =+E42*F42 -> 0
A43: 436 | B43: 27 | C43: On risers 170mm high | D43: m | E43: 1 | G43: =+E43*F43 -> 0
A44: 436 | B44: 28 | C44: On treads 290mm wide | D44: m | E44: 1 | G44: =+E44*F44 -> 0
A45: 436 | B45: 29 | C45: 75mm High skirting | D45: m | E45: 5 | G45: =+E45*F45 -> 0
A46: 436 | B46: 30 | C46: 75mm High skirting in patches not exceeding 1 meter | D46: m | E46: 1 | G46: =+E46*F46 -> 0
A47: 436 | B47: 31 | C47: Skirting, 75mm high, stepped over treads and risers of stairs | D47: m | E47: 5 | G47: =+E47*F47 -> 0
A48: 436 | B48: 32 | C48: Skirting, 75mm high, stepped over treads and risers of stairs, in patches not exceeding 1 meter | D48: m | E48: 1 | G48: =+E48*F48 -> 0
A49: 436 | B49: 33 | C49: Fair cutting around pipes, fittings, balusters, etc. not exceeding 50mm diameter | D49: No | E49: 1 | G49: =+E49*F49 -> 0
A50: 437 | B50: 34 | C50: Fair cutting around pipes, fittings, balusters, etc. exceeding 50mm and not exceeding 110mm diameter | D50: No | E50: 1 | G50: =+E50*F50 -> 0 | H50: =SUM(G50:G63) -> 0
C51: 600 x 600 x 8mm Grade 1 / Grade A ceramic tiles bedded solid in and including "TAL Epoxy Adhesive & Grout" or similar approved anti-bacterial, water repellent, chemical resistant, algae resistant and mildew resistant tile adhesive to cement plaster (cement plaster elsewhere measured) and joints between tiles flush pointed with and including specified tile adhesive in colour matching the colour of the tile (PC amount for supply only of floor tiles is R100-00 per square metre excluding VAT)
C52: The Tenderer must allow an amount of R200 per square meter (excluding delivery to site and VAT) for tiles as cost/purchase price. - - - - - - - - - - - - - - - - - - - - - - - -
A53: 437 | B53: 35 | C53: On floors, landings, ramps, etc. | D53: m2 | E53: 12 | G53: =+E53*F53 -> 0
A54: 437 | B54: 36 | C54: On floors, landings, ramps, etc. in patches not exceeding 1 square meter | D54: m2 | E54: 1 | G54: =+E54*F54 -> 0
A55: 437 | B55: 37 | C55: On risers 170mm high | D55: m | E55: 1 | G55: =+E55*F55 -> 0
A56: 437 | B56: 38 | C56: On treads 290mm wide | D56: m | E56: 1 | G56: =+E56*F56 -> 0
A57: 437 | B57: 39 | C57: 75mm High skirting | D57: m | E57: 5 | G57: =+E57*F57 -> 0
A58: 437 | B58: 40 | C58: 75mm High skirting in patches not exceeding 1 meter | D58: m | E58: 1 | G58: =+E58*F58 -> 0
A59: 437 | B59: 41 | C59: Skirting, 75mm high, stepped over treads and risers of stairs | D59: m | E59: 5 | G59: =+E59*F59 -> 0
A60: 437 | B60: 42 | C60: Skirting, 75mm high, stepped over treads and risers of stairs, in patches not exceeding 1 meter | D60: m | E60: 1 | G60: =+E60*F60 -> 0
A61: 437 | B61: 43 | C61: Fair cutting around pipes, fittings, balusters, etc. not exceeding 50mm diameter | D61: No | E61: 1 | G61: =+E61*F61 -> 0
A62: 437 | B62: 44 | C62: Fair cutting around pipes, fittings, balusters, etc. exceeding 50mm and not exceeding 110mm diameter | D62: No | E62: 1 | G62: =+E62*F62 -> 0
C63: FULL BODY STANDARD PORCELAIN TILES
C64: 300 x 300mm Grade 1 / Grade A stansard full body porcelain tiles bedded solid in and including "TAL Epoxy Adhesive & Grout" or similar approved anti-bacterial, water repellent, chemical resistant, algae resistant and mildew resistant tile adhesive to cement plaster (cement plaster elsewhere measured) and joints between tiles flush pointed with and including specified tile adhesive in colour matching the colour of the tile | H64: =SUM(G64:G78) -> 0
C65: The Tenderer must allow an amount of R300 per square meter (excluding delivery to site and VAT) for tiles as cost/purchase price. - - - - - - - - - - - - - - - - - - - - - - - -
A66: 438 | B66: 45 | C66: On floors, landings, ramps, etc. | D66: m2 | E66: 12 | G66: =+E66*F66 -> 0
A67: 438 | B67: 46 | C67: On floors, landings, ramps, etc. in patches not exceeding 1 square meter | D67: m2 | E67: 1 | G67: =+E67*F67 -> 0
A68: 438 | B68: 47 | C68: On risers 170mm high | D68: m | E68: 1 | G68: =+E68*F68 -> 0
A69: 438 | B69: 48 | C69: On treads 290mm wide | D69: m | E69: 1 | G69: =+E69*F69 -> 0
A70: 438 | B70: 49 | C70: 75mm High skirting | D70: m | E70: 5 | G70: =+E70*F70 -> 0
A71: 438 | B71: 50 | C71: 75mm High skirting in patches not exceeding 1 meter | D71: m | E71: 1 | G71: =+E71*F71 -> 0
A72: 438 | B72: 51 | C72: Skirting, 75mm high, stepped over treads and risers of stairs | D72: m | E72: 5 | G72: =+E72*F72 -> 0
A73: 438 | B73: 52 | C73: Skirting, 75mm high, stepped over treads and risers of stairs, in patches not exceeding 1 meter | D73: m | E73: 1 | G73: =+E73*F73 -> 0
A74: 438 | B74: 53 | C74: Fair cutting around pipes, fittings, balusters, etc. not exceeding 50mm diameter | D74: No | E74: 1 | G74: =+E74*F74 -> 0
A75: 438 | B75: 54 | C75: Fair cutting around pipes, fittings, balusters, etc. exceeding 50mm and not exceeding 110mm diameter | D75: No | E75: 1 | G75: =+E75*F75 -> 0
C76: 600 x 600mm Grade 1 / Grade A standard full body porcelain tiles bedded solid in and including "TAL Epoxy Adhesive & Grout" or similar approved anti-bacterial, water repellent, chemical resistant, algae resistant and mildew resistant tile adhesive to cement plaster (cement plaster elsewhere measured) and joints between tiles flush pointed with and including specified tile adhesive in colour matching the colour of the tile
C77: The Tenderer must allow an amount of R400 per square meter (excluding delivery to site and VAT) for tiles as cost/purchase price. - - - - - - - - - - - - - - - - - - - - - - - -
A78: 438 | B78: 55 | C78: On floors, landings, ramps, etc. | D78: m2 | E78: 12 | G78: =+E78*F78 -> 0
A79: 439 | B79: 56 | C79: On floors, landings, ramps, etc. in patches not exceeding 1 square meter | D79: m2 | E79: 1 | G79: =+E79*F79 -> 0 | H79: =SUM(G79:G97) -> 0
A80: 439 | B80: 57 | C80: On risers 170mm high | D80: m | E80: 1 | G80: =+E80*F80 -> 0
A81: 439 | B81: 58 | C81: On treads 290mm wide | D81: m | E81: 1 | G81: =+E81*F81 -> 0
A82: 439 | B82: 59 | C82: 75mm High skirting | D82: m | E82: 5 | G82: =+E82*F82 -> 0
A83: 439 | B83: 60 | C83: 75mm High skirting in patches not exceeding 1 meter | D83: m | E83: 1 | G83: =+E83*F83 -> 0
A84: 439 | B84: 61 | C84: Skirting, 75mm high, stepped over treads and risers of stairs | D84: m | E84: 5 | G84: =+E84*F84 -> 0
A85: 439 | B85: 62 | C85: Skirting, 75mm high, stepped over treads and risers of stairs, in patches not exceeding 1 meter | D85: m | E85: 1 | G85: =+E85*F85 -> 0
A86: 439 | B86: 63 | C86: Fair cutting around pipes, fittings, balusters, etc. not exceeding 50mm diameter | D86: No | E86: 1 | G86: =+E86*F86 -> 0
A87: 439 | B87: 64 | C87: Fair cutting around pipes, fittings, balusters, etc. exceeding 50mm and not exceeding 110mm diameter | D87: No | E87: 1 | G87: =+E87*F87 -> 0
C88: FULL BODY SLIP-RESISTANT PORCELAIN TILES
C89: 300 x 300mm Grade 1 / Grade A slip resistant full body porcelain tiles bedded solid in and including "TAL Epoxy Adhesive & Grout" or similar approved anti-bacterial, water repellent, chemical resistant, algae resistant and mildew resistant tile adhesive to cement plaster (cement plaster elsewhere measured) and joints between tiles flush pointed with and including specified tile adhesive in colour matching the colour of the tile
C90: The Tenderer must allow an amount of R300 per square meter (excluding delivery to site and VAT) for tiles as cost/purchase price. - - - - - - - - - - - - - - - - - - - - - - - -
A91: 439 | B91: 65 | C91: On floors, landings, ramps, etc. | D91: m2 | E91: 12 | G91: =+E91*F91 -> 0
A92: 439 | B92: 66 | C92: On floors, landings, ramps, etc. in patches not exceeding 1 square meter | D92: m2 | E92: 1 | G92: =+E92*F92 -> 0
A93: 439 | B93: 67 | C93: On risers 170mm high | D93: m | E93: 1 | G93: =+E93*F93 -> 0
A94: 439 | B94: 68 | C94: On treads 290mm wide | D94: m | E94: 1 | G94: =+E94*F94 -> 0
